Workbook
Name 「성장사다리펀드2」___딥테크_창업기업: 작성요령!$A$413:$B$413
Name 「성장사다리펀드2」___세컨더리_매칭: 작성요령!$A$416:$B$416
Name 경력구분: 작성요령!$F$401:$F$403
Name 공동투자약정_유형: 작성요령!$F$404:$F$408
Name 납입방식: 작성요령!$C$408:$C$409
Name 동반투자자유형: 작성요령!$C$396:$C$401
Name 법인유형: 작성요령!$F$387:$F$390
Name 손상차손_인식여부: 작성요령!$C$401:$C$403
Name 여부: 작성요령!$F$350:$F$351
Name 운용사유형: 작성요령!$C$382:$C$390
Name 운용인력직무구분: 작성요령!$F$352:$F$353
Name 일반인력_경력: '3.4.2.일반운용인력 경력'!$E$11:$O$500
Name 일반인력_투자현황: '3.2.2.일반운용인력 투자현황'!$E$11:$AP$503
Name 재직회사법인유형: 작성요령!$F$397:$F$400
Name 제안사_투자현황: '2.4.제안사 투자현황'!$D$11:$AI$1000
Name 제안사_펀드현황: '2.3.제안사 펀드현황'!$D$11:$BT$200
Name 제안서작성기준일: 작성요령!$C$65
Name 주식및주식연계채권: 작성요령!$F$354:$F$358
Name 참여인력_개요: '3.1.참여인력 개요'!$D$11:$AC$200
Name 참여인력구분: 작성요령!$F$347:$F$349
Name 참여인력투자법인유형: 작성요령!$F$392:$F$395
Name 출자예상내역: '1.2.출자예상내역'!$D$11:$I$37
Name 출자자유형: 작성요령!$C$362:$C$376
Name 출자자확정구분: 작성요령!$C$378:$C$381
Name 탄녹위_5대분야: 작성요령!#REF!
Name 투자계정구분: 작성요령!$F$385:$F$386
Name 투자유형: 작성요령!$F$354:$F$361
Name 펀드_거래: '4.1.펀드 거래'!$A$2:$D$2000
Name 펀드_인력변경이력: '4.2.펀드 인력변경 이력'!$A$2:$E$165
Name 펀드거래유형: 작성요령!$F$380:$F$384
Name 펀드법적유형: 작성요령!$C$346:$C$359
Name 펀드상태: 작성요령!$C$391:$C$395
Name 펀드유형: 작성요령!$C$360:$C$361
Name 펀드투자유형: 작성요령!$F$363:$F$364
Name 핵심인력_경력: '3.4.1.핵심운용인력 경력'!$E$11:$O$500
Name 핵심인력_투자현황: '3.2.1.핵심운용인력 투자현황'!$E$11:$AP$502
Name 회수구분: 작성요령!$F$366:$F$368
Name 회수유형: 작성요령!$F$369:$F$379

Sheet 작성요령
A1: Ⅰ. 작성요령
A3: [공통사항]
A4: 1. 별첨(1.1~4.2) 자료 작성전 하기 사항을 반드시 숙지하여 작성 (별첨번호는 Sheet명에서 확인 가능)
A5: 2. 일자는 yyyy-mm-dd, 사업자등록번호는 000-00-00000, 법인등록번호는 000000-0000000 형식으로 입력
A6: 3. Drop down 목록이 있는 셀은 목록에서 선택
A7: 4. 'Alt+Enter'나 연이은 공백은 입력하지 말 것
A8: 5. 연록색으로 음영처리된 셀은 자동 반영되거나 고정된 값이므로 별도의 입력은 하지 말 것
A9: - 당사와 사전 협의 없이 수식을 편집한 경우는 허위사실 기재로 간주될 수 있음
A10: - 셀 서식을 수정하지 말것
A11: 6. 펀드명, 회사명 등은 정식명칭을 기입하기 바람
A12: 7. 11행부터 자료를 입력하고 1행~10행은 절대 삭제 및 수정 금지("4.1. 펀드거래", "4.2. 펀드 인력변경이력" 제외), Sheet 삭제 및 명칭변경 금지
A13: 8. 단위 : 백만원("4.1. 펀드거래"는 단위를 "원"으로 함), 천USD, %, 건
... A63: Ⅱ. 용어의 정의 등
A65: 제안서작성기준일 | C65: 46022
A66: 설립일 | C66: 제안사 법인등기부등본 상의 설립일
A67: 펀드운용업무시작일 | C67: 제안사가 펀드법적유형중 하나에 해당하는 자격을 가지고 있는 경우 해당 자격 취득일
C68: 자격이 필요 없는 경우는 조직개편일 등
C69: ※ M&A 또는 회사분할 등이 있었던 경우 변경전의 펀드운용업무시작일을 기재
A70: 운용펀드최초결성일 | C70: 펀드 투자규약(정관, 신탁계약서 등) 상에 제안사가 운용사로 기재된 펀드로서
C71: 결성일이 가장 빠른 펀드의 펀드결성일
C72: ※ M&A이전 운용 펀드와 회사분할 후 운용한 펀드는 고려하되
C73: 회사분할 이전에 청산한 펀드는 고려하지 말 것
A74: 펀드결성(예정)일 | C74: 관련 법령에 따라 감독기관에 등록한 날 또는 그 예정일.
C75: 등록이 필요없는 경우 결성총회일, 창립총회일 또는 계약체결일
A76: 펀드 | C76: ⅰ) 부동산 또는 부실채권 이외 자산의 주식 또는 주식연계채권 등(프로젝트 투자 제외)에 주로 투자하는
C77: - 「벤처투자촉진에관한법」제2조 제11호에 따른 벤처투자조합
C78: - 「여신전문금융업법」제2조 제14의5호에 따른 신기술사업투자조합
C79: - 「중소기업창업 지원법」제2조 제5호에 따른 중소기업창업투자조합
C80: - 「벤처기업육성에 관한 특별조치법」제4조의3에 따른 한국벤처투자조합
C81: - 「부품·소재전문기업 등의 육성에 관한 특별조치법」제2조 제6호에 따른 소재·부품·장비전문투자조합
C82: - 「산업발전법」(법률 제9584호 산업발전법 전부개정법률로 개정되기 전의 것을 말함) 제15조에 따라 등록된 기업구조조정조합 및 「산업발전법」제20조에 따른 기업구조개선 사모투자전문회사
C83: - 「자본시장과 금융투자업에 관한 법률」제9조 제19항에 따른 사모집합투자기구 등 사모펀드(또는 이와 유사한 외국집합투자기구)
C84: ii) 평가대상 펀드는 펀드결성목적 또는 주요투자대상이 중소·벤처·중견기업인 펀드로 한정
C85: iii) 단, 펀드 결성부터 해산까지 기간이 1년 이내인 펀드는 제외 / 프로젝트 투자(벤처투자촉진에관한법률 제2조 1호 다목 및 동법 시행규칙 제2조)방법으로 주로 운용하는 펀드 / 단기 수익 획득 목적으로 주로 운용하는 펀드(상장주식 매매 등)은 작성대상에서 제외
A86: 펀드운용 | C86: 투자대상 발굴, 투자검토, 투자실행, 사후관리, 회수 등
A87: 약정총액 | C87: 펀드 투자규약(정관, 신탁계약서 등)에 따라 각 출자자가 출자이행을 확약한 총액
C88: 헤지펀드 등 펀드 투자규약(정관, 신탁계약서 등) 상에 약정총액이 정해지지 않은 경우에는 제안사가 펀드운용 목적 달성을 위해 판단하고 있는 펀드설정원본
A89: 납입총액 | C89: 약정총액(또는 펀드설정원본) 한도 내에서 출자자가 펀드에 실제 납입한 금액
A90: 투자기간종료(예정)일 | C90: 펀드 투자규약(정관, 신탁계약서 등) 상에 기재된 투자기간 종료(예정)일
C91: 프로젝트 펀드 등 펀드 투자규약(정관, 신탁계약서 등) 상에 투자기간이 정해지지 않은 경우에는 제안사가 펀드운용 목적 달성을 위해 판단하고 있는 투자기간의 종료(예정)일
A92: 펀드해산(예정)일 | C92: 출자자총회에서 의결된 해산일. 또는 투자규약(정관, 신탁계약서 등) 상의 해산 예정일
A93: 펀드 유형 | B93: 블라인드펀드 | C93: 투자대상이 확정되지 않은 펀드
B94: 프로젝트펀드 | C94: 투자대상이 확정되어 있는 펀드
A95: 펀드 상태 | B95: 결성예정 | C95: 제3자로부터 Contest 방식에 의해 펀드운용사로 선정되어 출자자를 모집하고 있는 경우 (예시 : 한국성장금융, 한국벤처투자, 국민연금, 한국산업은행, 군인공제회, 사학연금, 우정사업본부 등 출자회사(기관)의 공모방식 사업 등에 선정되었을 경우)
B96: 운용예정 | C96: 출자자 구성을 완료하고 투자규약(정관, 신탁계약서 등)은 체결되었으나 출자금 납입이 없는 경우
B97: 운용중 | C97: 펀드결성일의 기준에 따라 펀드를 결성한 경우로서 납입출자금이 있는 경우
B98: 청산중 | C98: 해산 후 청산절차를 진행중인 경우
B99: 청산료 | C99: 청산 절차를 완료한 경우
A100: 법인 유형 (투자자산 유형) | B100: 국내설립법인 | C100: 본점 소재지가 국내인 법인 및 국내에 법인 등기한 외국법인의 국내 지사
B101: 해외현지법인 | C101: 국내설립법인의 사업과 관련하여 동 국내설립법인이 출자한 외국법인
C102: ※ 펀드 및 고유계정 또는 운용인력이 국내설립법인과 공동 투자하여 해외출자법인이 된 경우 포함
B103: 프로젝트투자시 특수목적법인 | C103: 프로젝트 투자시의 피투자기업(SPC, 사업시행법인 등)으로써, 프로젝트 사업 수행을 주목적으로 설립되거나, 운영되는 법인
B104: 외국법인 | C104: 본점 소재지가 국외인 법인으로서 해외현지법인을 제외한 법인
B105: 기타 | C105: 법인이 아닌 경우(프로젝트 투자, 투자신탁, 블라인드 펀드, 프로젝트 펀드 등 포함)
A106: 펀드 순자산 | C106: 운용중 또는 청산중 펀드에 대해 다음 식으로 계산된 금액
C107: 「(미회수투자자산 가치총액) + (예금 등 투자자산 이외 자산총액) - (미지급 등 부채총액)」
A108: 펀드추가투자 예상금액 | C108: ⅰ) 제안서작성기준일이 펀드의 투자기간종료(예정)일 이전인 경우로서
C109: ⅱ) 펀드 투자규약(정관, 신탁계약서 등)상의 투자의무비율준수 또는 펀드운용목적 달성을 위해
C110: ⅲ) 해당 펀드를 통해 추가로 투자할 계획인 금액
A111: 참여 인력 | B111: 핵심운용인력 | C111: ⅰ) 제안서작성기준일 현재 제안사에 재직중이면서
C112: ⅱ) 금번 제안펀드를 책임지고 운용할 인력으로서
C113: ⅲ) 제안펀드의 투자규약(정관, 신탁계약서 등)에 기재될 예정인 인력
C114: iv) 핵심운용인력 총 2인 이상 참여 의무
C115: - 자격요건 : 투자경력 3년 이상 경력자 2인 이상이 핵심운용인력으로 참여하며, 전체 핵심운용인력의 투자경력 평균이 4년 이상일 것
C116: (투자경력 산정은 별첨 3.1 중 R열 참고)
C117: - 본 건 펀드를 포함하여 핵심운용인력이 투자기간 중 참여 가능한 펀드 수는 4개를 초과할 수 없음
C118: (단, 투자기간 만료 또는 약정총액의 60% 이상 투자하고 투자 의무비율을 달성한 펀드는 미포함)
C119: - 핵심운용인력 중 1인은 투자기간 만료 또는 약정총액의 60% 이상 투자되기 전에는 신규 타펀드의 핵심운용인력 겸임 제한
C120: ※ 공동 운용 제안 시 운용사별 핵심운용인력 1인 이상 참여 의무
C121: ※ 단, 기준일 이후 접수일까지 채용이 확정된 인력은 반영 가능
B122: 일반운용인력 | C122: ⅰ) 제안서작성기준일 현재 제안사에 재직중이면서
C123: ⅱ) 핵심운용인력과 관리인력이 아닌자로서
C124: ⅲ) 당사앞 제안하는 펀드에서 투자대상기업 발굴, 투자검토, 투자실행, 사후관리, 회수 등 펀드운용 실무를 담당할 인력
B125: 관리인력 | C125: ⅰ) 제안서작성기준일 현재 제안사에 재직중이면서
C126: ⅱ) 제안펀드의 운용에는 참여하지 않으나 제안펀드를 관리(회계관리, 리스크관리 등)하는 인력
C127: ※ 참여인력별 경력요건 및 인력수는 당사가 공고등을 통해 별도로 지정한 경우 그에 따름
A128: 펀드 거래 유형 | B128: 납입 | C128: 출자자가 납입한 출자금
B129: 현금분배 | C129: 펀드 운용중 또는 청산시 출자자에게 현금으로 분배한 경우 그 금액 (원천징수 후 금액을 분배한 경우 원천징수 후 금액)
B130: 현물분배 | C130: 펀드 청산시 출자자에게 현물로 분배한 경우 그 가치
B131: 성과보수 | C131: 펀드 운용중 또는 청산시 운용사에게 지급한 성과보수
B132: 가상분배 | C132: 운용중 또는 청산중인 펀드의 수익률 산출을 위한 가상의 거래로 펀드 순자산을 출자자 앞 분배하는 것으로 가정한 금액이며, 가상분배일자는 제안서작성기준일을 입력
A134: [작성 대상]
A135: 펀드 (별첨 2.3) | C135: ⅰ) 펀드규약(정관, 신탁계약서 등) 상에 제안사가 운용사로 기재된 중소·벤처·중견기업(프로젝트 투자 제외)목적의 펀드로서
C136: ⅱ) ① 2021년 1월 1일 이후 청산완료 된 모든 펀드
C137: ② 제안서 작성기준일 현재 결성예정, 운용예정, 운용중, 청산중인 모든 펀드
C138: ※ M&A가 있었던 경우 M&A 이전에 청산한 펀드는 포함
C139: ※ 회사분할이 있었던 경우 분할 이전에 청산한 펀드는 제외
A140: 펀드계정투자 (별첨 2.4 ) | C140: ⅰ) 부동산 또는 부실채권 이외 자산의 주식 또는 주식연계채권에 대한 중소·벤처·중견기업(프로젝트 투자 제외)목적의 투자로서
C141: ⅱ) 펀드계정 투자
C142: iii) 단, 단기 수익 획득 목적 투자와 주관사 업무·인수업무로 인한 투자 제외
C143: iv) 별첨2.3에 기재된 펀드의 투자건 모두 기재
C144: ※ 성공, 실패 사례 모두 포함
A145: 고유계정 투자 (별첨 2.4) | C145: ⅰ) 부동산 또는 부실채권 이외 자산의 주식 또는 주식연계채권에 대한 중소·벤처·중견기업(프로젝트 투자 제외) 목적의 투자로서
C146: ⅱ) 고유계정 투자
C147: iii) 단, 단기 수익 획득 목적 투자와 주관사 업무·인수업무로 인한 투자 제외
C148: iv) 투자실행일이 2021년 1월 1일 이후인 투자만 작성
C149: ※ M&A 또는 회사분할이 있었던 경우 M&A 또는 분할 이전에 회수완료한 실적은 제외
C150: ※ 성공, 실패 사례 모두 포함
A151: 핵심운용인력 투자 및 일반운용인력 투자 (별첨 3.2.1 및 3.2.2) | C151: ⅰ) 자산에 대한 투자 또는 자산운용을 목적으로 설립된 법인 또는 부서 재직 중에
C152: ⅱ) 해당 법인의 주식 또는 주식연계채권 등의 중소·벤처·중견기업(프로젝트 투자 제외) 목적의 투자업무와 관련하여
...

Sheet 1.1.제안펀드
A1: RFPID | B1: PropFundID | C1: PropGPID1 | D1: PropGPID2 | E1: PropGPID3 | F1: PropGPReportYMD | G1: FundName | H1: QualificationSelect | I1: InvestAreaSelect | J1: FundPlanContractAmt | K1: MLPReqContractAmt | L1: PropFundUsefulYears | M1: PropFundInvestYears | N1: PayInMethodSelect | O1: TargetIRR | P1: HurdleRate | Q1: PlanContingentFeeDesc | R1: PlanManagingFeeDesc | S1: PropGPName1 | T1: PropGPNo1 | U1: PropGPPlanContractAmt1 | V1: PropGPLossCoverRate1 | W1: PropGPCoreFundMgrHC1 | X1: PropGPOrdiFundMgrHC1 | Y1: PropGPName2 | Z1: PropGPNo2 | AA1: PropGPPlanContractAmt2 | AB1: PropGPLossCoverRate2 | AC1: PropGPCoreFundMgrHC2 | AD1: PropGPOrdiFundMgrHC2 | AE1: PropGPName3 | AF1: PropGPNo3 | AG1: PropGPPlanContractAmt3 | AH1: PropGPLossCoverRate3 | AI1: PropGPCoreFundMgrHC3 | AJ1: PropGPOrdiFundMgrHC3 | AK1: PropFundMgrName | AL1: PropFundMgrCompany | AM1: PropFundMgrTelNo
F3: 제안서 작성 기준일 | G3: 제안펀드 | P3: 보수 | S3: 제안사1 | Y3: 제안사2 | AE3: 제안사3 | AK3: 제안펀드 담당자
A4: 모집단위ID | B4: 제안펀드ID | C4: 제안사1_ID | D4: 제안사2_ID | E4: 제안사3_ID | G4: 펀드명 | H4: 투자기구 | I4: 지원분야 | J4: 최소 결성금액 | K4: 총 출자요청액 | L4: 존속기간 | M4: 투자기간 | N4: 납입방식 | O4: 목표 수익률 (IRR) | P4: 기준 수익률 | Q4: 성과보수제안 | R4: 관리보수제안 | S4: 회사명 | T4: 법인등록번호 | U4: 출자약정액 | V4: 후순위 출자 비율 | W4: 참여 핵심 운용 인력수 | X4: 참여 일반 운용 인력수 | Y4: 회사명 | Z4: 법인등록번호 | AA4: 출자약정액 | AB4: 후순위 출자 비율 | AC4: 참여 핵심 운용 인력수 | AD4: 참여 일반 운용 인력수 | AE4: 회사명 | AF4: 법인등록번호 | AG4: 출자약정액 | AH4: 후순위 출자 비율 | AI4: 참여 핵심 운용 인력수 | AJ4: 참여 일반 운용 인력수 | AK4: 성명 | AL4: 소속 | AM4: 연락처
F11: =제안서작성기준일 -> 46022 | G11: 000 펀드 | H11: 벤처투자조합 | I11: 「2기 방산기술혁신펀드(1차)」 소형 | J11: =K11*2 -> 240 | K11: =IF(I11="「2기 방산기술혁신펀드(1차)」 소형",120,200) -> 120 | L11: 10 | M11: 4 | N11: 수시납 | O11: oo% | P11: =IF(I11="「2기 방산기술혁신펀드(1차)」 소형",6%,8%) -> 0.06 | S11: 가인베스트먼트 | T11: 000000-0000000 | U11: 10000 | V11: 0 | W11: 3 | X11: 2 | Y11: 나인베스트먼트 | Z11: 000000-0000000 | AA11: 10000 | AB11: 0 | AC11: 3 | AD11: 2 | AE11: 다인베스트먼트 | AF11: 000000-0000000 | AG11: 10000 | AH11: 0 | AI11: 3 | AJ11: 2 | AK11: 홍길동 | AL11: 가인베스트먼트 | AM11: 070-2222-2222
Z13: .
I14: `

Sheet 1.2.출자예상내역
A1: RFPID | B1: PropFundID | C1: LineNum | D1: FundMemberType | E1: FundMemberName | F1: CommitStatus | G1: FundingAmt | H1: LossCoverRate | I1: Remark
A4: 모집단위ID | B4: 제안펀드ID | C4: 순번 | D4: 출자자유형 | E4: 출자자명 | F4: 출자확정구분 | G4: 출자약정예상액 (단위 : 백만원) | H4: 기타 제안조건 | I4: 비고
D11: 정책출자자 | E11: 방산기술혁신펀드 | F11: 미정 | G11: =IF('1.1.제안펀드'!I11="「2기 방산기술혁신펀드(1차)」 소형",12000,20000) -> 12000
D12: 제안사(회사) | E12: 가인베스트먼트 | F12: 운용사 | G12: 1000
D13: 제안사계열사/특수관계인 | E13: 나캐피탈 | F13: LOC | G13: 2000
D14: 보험사 | E14: 다화재보험 | F14: LOC | G14: 3000
D15: 연기금 | E15: 라연금 | F15: 미정 | G15: 8000
D16: 공제회 | E16: 마공제회 | F16: 미정 | G16: 4000
D38: 계 | G38: =SUM(G11:G37) -> 30000 | I38: =IF(G38='1.1.제안펀드'!J11,"","차이 확인필요") -> 차이 확인필요

Sheet 2.1.제안사 개요
A1: RFPID | B1: GPID | C1: GPNAME | D1: CompanyNo | E1: CompanySSN | F1: CEO | G1: GPType | H1: FoundationYMD | I1: FundMngBegYMD | J1: FundBegRegisterYMD | K1: ZipCode | L1: Addr | M1: Addr2 | N1: HeadCount | O1: FundFundMgrHC | P1: ComFundMgrHC | Q1: ContactPersonName | R1: ContactPersonBuName | S1: ContactPersonJobTitle | T1: ContactPersonTelNo | U1: ContactPersonFaxNo | V1: ContactPersonMBTLTelNo | W1: ContactPersonEmail
C3: 기본정보 | H3: 업력 | K3: 주소 | N3: 인원 | Q3: 담당자
A4: 모집단위ID | B4: 운용사ID | C4: 제안사명 | D4: 법인등록번호 | E4: 사업자등록번호 | F4: 대표자명 | G4: 제안사유형 | H4: 설립일 | I4: 펀드운용업무 시작일 | J4: 운용펀드 최초결성일 | K4: 우편번호 | L4: 주소 | M4: 주소상세 | N4: 전체 인원수 | O4: 펀드운용 담당 인력수 | P4: 고유계정투자담당인력수 | Q4: 성명 | R4: 부서 | S4: 직위 | T4: 전화 | U4: 팩스 | V4: 휴대전화번호 | W4: Email
C11: 가인베스트먼트㈜ | D11: 000000-0000000 | E11: 000-00-00000 | F11: 홍길동 | G11: 중소기업창업투자회사 | H11: 36892 | I11: 40178 | J11: 40207 | K11: 000-000 | L11: 서울 영등포구 여의도동 | M11: 여의나루로 76 XXXX투자운용 | N11: 50 | O11: 25 | P11: 20 | Q11: 홍길동 | R11: 관리부 | S11: 부장 | T11: 000-0000-0000 | U11: 000-0000-0000 | V11: 000-0000-0000 | W11: 000@0000.oo.oo
C14: 청산완료 펀드 (전체펀드건) | L14: 운용(결성)예정/운용중/청산중 펀드 (전체펀드건) | U14: 고유계정 투자 (전체투자건) | AC14: 펀드계정 투자 (전체투자건)
C15: 펀드수 | D15: 약정총액 | E15: 납입총액 | F15: 투자총액 | G15: 회수총액 | H15: 출자자앞 분배총액 | I15: 성과보수 지급총액 | J15: 납입총액 가중평균 펀드 수익률 (IRR) | K15: 펀드 수익률 (Multiple) | L15: 펀드수 | M15: 약정총액 | N15: 납입총액 | O15: 투자총액 | P15: 회수총액 | Q15: 출자자앞분배총액 | R15: 성과보수 지급총액 | S15: 펀드 순자산 | T15: 추가투자 예상금액 | U15: 투자건수 | V15: 투자건수 (회수료) | W15: 투자총액 | X15: 회수총액 | Y15: 미회수 투자자산투자원금 총액 | Z15: 미회수 투자자산 가치총액 | AA15: 투자금액 가중평균 수익률 | AB15: 투자금액 가중평균수익률 (회수료) | AC15: 투자건수 | AD15: 투자건수 (회수료) | AE15: 투자총액 | AF15: 회수총액 | AG15: 미회수 투자자산투자원금 총액 | AH15: 미회수 투자자산가치총액 | AI15: 투자금액 가중수익률 | AJ15: 투자금액 가중평균수익률 (회수료)
C16: =SUMPRODUCT( (OFFSET(제안사_펀드현황,0,2,ROWS(제안사_펀드현황),1)="청산료")*1 ) -> 2 | D16: =SUMPRODUCT( (OFFSET(제안사_펀드현황,0,2,ROWS(제안사_펀드현황),1)="청산료")*1, OFFSET(제안사_펀드현황,0,9,ROWS(제안사_펀드현황),1) ) -> 13000 | E16: =SUMPRODUCT( (OFFSET(제안사_펀드현황,0,2,ROWS(제안사_펀드현황),1)="청산료")*1, OFFSET(제안사_펀드현황,0,10,ROWS(제안사_펀드현황),1) ) -> 13000 | F16: =SUMPRODUCT( (OFFSET(제안사_펀드현황,0,2,ROWS(제안사_펀드현황),1)="청산료")*1, OFFSET(제안사_펀드현황,0,22,ROWS(제안사_펀드현황),1) ) -> 14999.991 | G16: =SUMPRODUCT( (OFFSET(제안사_펀드현황,0,2,ROWS(제안사_펀드현황),1)="청산료")*1, OFFSET(제안사_펀드현황,0,23,ROWS(제안사_펀드현황),1) ) -> 6450 | H16: =SUMPRODUCT( (OFFSET(제안사_펀드현황,0,2,ROWS(제안사_펀드현황),1)="청산료")*1, OFFSET(제안사_펀드현황,0,26,ROWS(제안사_펀드현황),1) ) -> 20290 | I16: =SUMPRODUCT( (OFFSET(제안사_펀드현황,0,2,ROWS(제안사_펀드현황),1)="청산료")*1, OFFSET(제안사_펀드현황,0,27,ROWS(제안사_펀드현황),1) ) -> 0 | J16: =SUMPRODUCT( (OFFSET(제안사_펀드현황,0,2,ROWS(제안사_펀드현황),1)="청산료")*1, OFFSET(제안사_펀드현황,0,10,ROWS(제안사_펀드현황),1), OFFSET(제안사_펀드현황,0,19,ROWS(제안사_펀드현황),1) )/E16 -> 0.10959221 | K16: =(H16+I16)/E16 -> 1.5607692 | L16: =SUMPRODUCT( (OFFSET(제안사_펀드현황,0,2,ROWS(제안사_펀드현황),1)<>"청산료")*1, (OFFSET(제안사_펀드현황,0,2,ROWS(제안사_펀드현황),1)<>"")*1 ) -> 2 | M16: =SUMPRODUCT( (OFFSET(제안사_펀드현황,0,2,ROWS(제안사_펀드현황),1)<>"청산료")*1, (OFFSET(제안사_펀드현황,0,2,ROWS(제안사_펀드현황),1)<>"")*1, OFFSET(제안사_펀드현황,0,9,ROWS(제안사_펀드현황),1) ) -> 10000 | N16: =SUMPRODUCT( (OFFSET(제안사_펀드현황,0,2,ROWS(제안사_펀드현황),1)<>"청산료")*1, (OFFSET(제안사_펀드현황,0,2,ROWS(제안사_펀드현황),1)<>"")*1, OFFSET(제안사_펀드현황,0,10,ROWS(제안사_펀드현황),1) ) -> 10000 | O16: =SUMPRODUCT( (OFFSET(제안사_펀드현황,0,2,ROWS(제안사_펀드현황),1)<>"청산료")*1, (OFFSET(제안사_펀드현황,0,2,ROWS(제안사_펀드현황),1)<>"")*1, OFFSET(제안사_펀드현황,0,22,ROWS(제안사_펀드현황),1) ) -> 4000 | P16: =SUMPRODUCT( (OFFSET(제안사_펀드현황,0,2,ROWS(제안사_펀드현황),1)<>"청산료")*1, (OFFSET(제안사_펀드현황,0,2,ROWS(제안사_펀드현황),1)<>"")*1, OFFSET(제안사_펀드현황,0,23,ROWS(제안사_펀드현황),1) ) -> 0 | Q16: =SUMPRODUCT( (OFFSET(제안사_펀드현황,0,2,ROWS(제안사_펀드현황),1)<>"청산료")*1, (OFFSET(제안사_펀드현황,0,2,ROWS(제안사_펀드현황),1)<>"")*1, OFFSET(제안사_펀드현황,0,26,ROWS(제안사_펀드현황),1) ) -> 11419.569 | R16: =SUMPRODUCT( (OFFSET(제안사_펀드현황,0,2,ROWS(제안사_펀드현황),1)<>"청산료")*1, (OFFSET(제안사_펀드현황,0,2,ROWS(제안사_펀드현황),1)<>"")*1, OFFSET(제안사_펀드현황,0,27,ROWS(제안사_펀드현황),1) ) -> 0 | S16: =SUMPRODUCT( (OFFSET(제안사_펀드현황,0,2,ROWS(제안사_펀드현황),1)<>"청산료")*1, (OFFSET(제안사_펀드현황,0,2,ROWS(제안사_펀드현황),1)<>"")*1, OFFSET(제안사_펀드현황,0,32,ROWS(제안사_펀드현황),1) ) -> 2020 | T16: =SUMPRODUCT( (OFFSET(제안사_펀드현황,0,2,ROWS(제안사_펀드현황),1)<>"청산료")*1, (OFFSET(제안사_펀드현황,0,2,ROWS(제안사_펀드현황),1)<>"")*1, OFFSET(제안사_펀드현황,0,33,ROWS(제안사_펀드현황),1) ) -> 0 | U16: =SUMPRODUCT( (OFFSET(제안사_투자현황,0,0,ROWS(제안사_투자현황),1)="고유계정")*1 ) -> 0 | V16: =SUMPRODUCT( (OFFSET(제안사_투자현황,0,0,ROWS(제안사_투자현황),1)="고유계정")*1, (OFFSET(제안사_투자현황,0,10,ROWS(제안사_투자현황),1)="회수료")*1 ) -> 0 | W16: =SUMPRODUCT( (OFFSET(제안사_투자현황,0,0,ROWS(제안사_투자현황),1)="고유계정")*1, OFFSET(제안사_투자현황,0,9,ROWS(제안사_투자현황),1) ) -> 0 | X16: =SUMPRODUCT( (OFFSET(제안사_투자현황,0,0,ROWS(제안사_투자현황),1)="고유계정")*1, OFFSET(제안사_투자현황,0,14,ROWS(제안사_투자현황),1) ) -> 0 | Y16: =SUMPRODUCT( (OFFSET(제안사_투자현황,0,0,ROWS(제안사_투자현황),1)="고유계정")*1, OFFSET(제안사_투자현황,0,19,ROWS(제안사_투자현황),1) ) -> 0 | Z16: =SUMPRODUCT( (OFFSET(제안사_투자현황,0,0,ROWS(제안사_투자현황),1)="고유계정")*1, OFFSET(제안사_투자현황,0,20,ROWS(제안사_투자현황),1) ) -> 0 | AA16: =IF(W16=0,"N/A", SUMPRODUCT( (OFFSET(제안사_투자현황,0,0,ROWS(제안사_투자현황),1)="고유계정")*1, OFFSET(제안사_투자현황,0,9,ROWS(제안사_투자현황),1), OFFSET(제안사_투자현황,0,11,ROWS(제안사_투자현황),1) ) / W16) -> N/A | AB16: =IF( SUMPRODUCT( (OFFSET(제안사_투자현황,0,0,ROWS(제안사_투자현황),1)="고유계정")*1, OFFSET(제안사_투자현황,0,9,ROWS(제안사_투자현황),1), (OFFSET(제안사_투자현황,0,10,ROWS(제안사_투자현황),1)="회수료")*1) = 0, "N/A", SUMPRODUCT( (OFFSET(제안사_투자현황,0,0,ROWS(제안사_투자현황),1)="고유계정")*1, OFFSET(제안사_투자현황,0,9,ROWS(제안사_투자현황),1), (OFFSET(제안사_투자현황,0,10,ROWS(제안사_투자현황),1)="회수료")*1, OFFSET(제안사_투자현황,0,11,ROWS(제안사_투자현황),1) ) / SUMPRODUCT( (OFFSET(제안사_투자현황,0,0,ROWS(제안사_투자현황),1)="고유계정")*1, OFFSET(제안사_투자현황,0,9,ROWS(제안사_투자현황),1), (OFFSET(제안사_투자현황,0,10,ROWS(제안사_투자현황),1)="회수료")*1) ) -> N/A | AC16: =SUMPRODUCT( (OFFSET(제안사_투자현황,0,0,ROWS(제안사_투자현황),1)="펀드계정")*1 ) -> 8 | AD16: =SUMPRODUCT( (OFFSET(제안사_투자현황,0,0,ROWS(제안사_투자현황),1)="펀드계정")*1, (OFFSET(제안사_투자현황,0,10,ROWS(제안사_투자현황),1)="회수료")*1 ) -> 2 | AE16: =SUMPRODUCT( (OFFSET(제안사_투자현황,0,0,ROWS(제안사_투자현황),1)="펀드계정")*1, OFFSET(제안사_투자현황,0,9,ROWS(제안사_투자현황),1) ) -> 18999.991 | AF16: =SUMPRODUCT( (OFFSET(제안사_투자현황,0,0,ROWS(제안사_투자현황),1)="펀드계정")*1, OFFSET(제안사_투자현황,0,14,ROWS(제안사_투자현황),1) ) -> 6450 | AG16: =SUMPRODUCT( (OFFSET(제안사_투자현황,0,0,ROWS(제안사_투자현황),1)="펀드계정")*1, OFFSET(제안사_투자현황,0,19,ROWS(제안사_투자현황),1) ) -> 13879.992 | AH16: =SUMPRODUCT( (OFFSET(제안사_투자현황,0,0,ROWS(제안사_투자현황),1)="펀드계정")*1, OFFSET(제안사_투자현황,0,20,ROWS(제안사_투자현황),1) ) -> 13439.569 | AI16: =IF(AE16=0,"N/A", SUMPRODUCT( (OFFSET(제안사_투자현황,0,0,ROWS(제안사_투자현황),1)="펀드계정")*1, OFFSET(제안사_투자현황,0,9,ROWS(제안사_투자현황),1), OFFSET(제안사_투자현황,0,11,ROWS(제안사_투자현황),1) ) / AE16) -> 0.0063157893 | AJ16: =IF( SUMPRODUCT( (OFFSET(제안사_투자현황,0,0,ROWS(제안사_투자현황),1)="펀드계정")*1, OFFSET(제안사_투자현황,0,9,ROWS(제안사_투자현황),1), (OFFSET(제안사_투자현황,0,10,ROWS(제안사_투자현황),1)="회수료")*1) = 0, "N/A", SUMPRODUCT( (OFFSET(제안사_투자현황,0,0,ROWS(제안사_투자현황),1)="펀드계정")*1, OFFSET(제안사_투자현황,0,9,ROWS(제안사_투자현황),1), (OFFSET(제안사_투자현황,0,10,ROWS(제안사_투자현황),1)="회수료")*1, OFFSET(제안사_투자현황,0,11,ROWS(제안사_투자현황),1) ) / SUMPRODUCT( (OFFSET(제안사_투자현황,0,0,ROWS(제안사_투자현황),1)="펀드계정")*1, OFFSET(제안사_투자현황,0,9,ROWS(제안사_투자현황),1), (OFFSET(제안사_투자현황,0,10,ROWS(제안사_투자현황),1)="회수료")*1) ) -> 0.029999992
C19: 최초결성운용펀드명칭 | E19: 최초결성운용펀드개요 | K19: 최초결성운용펀드규모 | M19: 최초결성운용펀드 존속기간
C20: 최초결성 운용펀드명 | D20: 펀드 사업자 등록번호 | E20: 펀드 상태 | F20: 펀드법적유형 | G20: 펀드유형 (투자대상확정여부) | H20: 펀드결성목적 또는 주요투자대상 | I20: 투자기업의 주된 법인유형 | J20: 펀드의 주된 투자유형 | K20: 약정 총액 | L20: 납입 총액 | M20: 결성(예정)일 | N20: 투자기간 종료(예정)일 | O20: 해산(예정)일 | P20: 기간(연)
C21: 펀드1호 | D21: 000-00-00000 | E21: 청산료 | F21: 중소기업창업투자조합 | G21: 블라인드펀드 | H21: 일반 중소기업 | I21: 국내설립법인 또는 해외현지법인 | J21: 주식 또는 주식연계채권 | K21: 2000 | L21: 2000 | M21: =J11 -> 40207 | N21: 40572 | O21: 40937 | P21: =IF(ISBLANK(M21),"",DATEDIF(M21,O21,"d")/365) -> 2
C24: 주요주주 현황
C25: 주주명 | D25: 지분율(%) | E25: 최대주주와의 관계 | H25: 비고
C36: 합계 | D36: 1
C37: ※ 지분율 높은 순으로 기재(3%미만은 기타로 분류하여 기재)

Sheet 2.2.제안사 재무현황
A1: RFPID | B1: GPID | C1: FYearEndYMD | E1: Assets | F1: CurrentAssets | G1: Liabilities | H1: CurrentLiabilities | I1: Equity | J1: CapitalStock | K1: Sales | L1: COS | M1: NetIncome | N1: CurrentRatio | O1: DebtRatio | P1: CapitalDeficitRatio | Q1: OperatingProfitRatio | R1: ReturnOnEquity
A4: 모집단위ID | B4: 운용사ID | C4: 결산일자 | D4: 결산여부 | E4: 총자산 | F4: 유동자산 | G4: 총부채 | H4: 유동부채 | I4: 자기자본(자본총계) | J4: 자본금+자본잉여금 | K4: 영업수익 | L4: 영업비용 | M4: 당기순이익 | N4: 유동비율 | O4: 부채비율 | P4: 자본충실률 | Q4: 영업수지율 | R4: 자기자본순이익률
C11: 46022 | D11: 감사보고서 | E11: 10000 | F11: 9000 | G11: 3000 | H11: 1000 | I11: 7000 | J11: 4000 | K11: 2000 | L11: 1500 | M11: 200 | N11: =F11/H11 -> 9 | O11: =G11/I11 -> 0.42857143 | P11: =I11/J11 -> 1.75 | Q11: =K11/L11 -> 1.3333333 | R11: =M11/I11 -> 0.028571429
C12: 45657 | D12: 감사보고서 | E12: 10000 | F12: 9000 | G12: 3000 | H12: 1000 | I12: 7000 | J12: 4000 | K12: 2000 | L12: 1500 | M12: 200 | N12: =F12/H12 -> 9 | O12: =G12/I12 -> 0.42857143 | P12: =I12/J12 -> 1.75 | Q12: =K12/L12 -> 1.3333333 | R12: =M12/I12 -> 0.028571429
C13: 45291 | D13: 감사보고서 | E13: 8000 | F13: 7000 | G13: 3000 | H13: 1000 | I13: 1000 | J13: 500 | K13: 600 | L13: 500 | M13: -100 | N13: =F13/H13 -> 7 | O13: =G13/I13 -> 3 | P13: =I13/J13 -> 2 | Q13: =K13/L13 -> 1.2 | R13: =M13/I13 -> -0.1

Sheet 2.3.제안사 펀드현황
A1: RFPID | B1: GPID | C1: Seq | D1: FundName | E1: FundCompanySSN | F1: FundStatusDesc | G1: FundTypeDesc | H1: IsInvtComFixedDesc | K1: MainInvestTargetDesc | M1: FundContractAmt | N1: FundPayInAmt | O1: RegisterYMD | P1: InvestEndYMD | Q1: PropFundSettleYMD | S1: PropFundUsefulYears | T1: HurdleRate | U1: RFPContingentFeeDesc | V1: RFPManagingFeeDesc | W1: FundIRR | X1: FundMultiple | Y1: InvtComCount | Z1: InvestAmt | AA1: CollectAmt | AB1: InvestBalBV | AC1: InvestBalEvalAmt | AD1: PayOutAmt | AE1: ContingentFeeAmt | AF1: PropManagingFeeAmt | AG1: OtherExpenseAmt | AH1: OtherAssetAmt | AI1: OtherDebtAmt | AJ1: FundNetAmt | AK1: AddInvestPlanAmt | AL1: CoreFundMgrName1 | AM1: CoreFundMgrBegYMD1 | AN1: CoreFundMgrEndYMD1 | AO1: IsCoreFundMgrWorking1 | AP1: CoreFundMgrName2 | AQ1: CoreFundMgrBegYMD2 | AR1: CoreFundMgrEndYMD2 | AS1: IsCoreFundMgrWorking2 | AT1: CoreFundMgrName3 | AU1: CoreFundMgrBegYMD3 | AV1: CoreFundMgrEndYMD3 | AW1: IsCoreFundMgrWorking3 | AX1: CoreFundMgrChangeNo | BA1: GPName | BB1: GPContractAmt | BC1: PropGPLossCoverAmt | BD1: JointGPName1 | BE1: JointGPPayInAmt1 | BF1: JointGPLossCoverAmt1 | BG1: JointGPName2 | BH1: JointGPPayInAmt2 | BI1: JointGPLossCoverAmt2 | BJ1: LPName1 | BK1: LPPayInAmt1 | BL1: LPName2 | BM1: LPPayInAmt2 | BN1: LPName3 | BO1: LPPayInAmt3 | BP1: LPName3 | BQ1: LPPayInAmt3 | BR1: LPName3 | BS1: LPPayInAmt3 | BT1: OtherLPPayInAmt
D2: Offset | E2: 1 | F2: 2 | G2: 3 | H2: 4 | I2: 5 | J2: 6 | K2: 7 | M2: 9 | N2: 10 | O2: 11 | P2: 12 | Q2: 13 | R2: 14 | S2: 15 | T2: 16 | U2: 17 | V2: 18 | W2: 19 | X2: 20 | Y2: 21 | Z2: 22 | AA2: 23 | AB2: 24 | AC2: 25 | AD2: 26 | AE2: 27 | AF2: 28 | AG2: 29 | AH2: 30 | AI2: 31 | AJ2: 32 | AK2: 33 | AL2: 34 | AM2: 35 | AN2: 36 | AO2: 37 | AP2: 38 | AQ2: 39 | AR2: 40 | AS2: 41 | AT2: 42 | AU2: 43 | AV2: 44 | AW2: 45 | AX2: 46 | AY2: 47 | AZ2: 48 | BA2: 49 | BB2: 50 | BC2: 51 | BD2: 52 | BE2: 53 | BF2: 54 | BG2: 55 | BH2: 56 | BI2: 57 | BJ2: 58 | BK2: 59 | BL2: 60 | BM2: 61 | BN2: 62 | BO2: 63 | BP2: 64 | BQ2: 65 | BR2: 66 | BS2: 67 | BT2: 68
D3: 펀드명칭 | I3: 펀드개요 | M3: 펀드규모 | O3: 펀드 존속기간 | T3: 보수 | W3: 펀드수익률 | Y3: 투자 및 회수 | AB3: 미회수투자자산 | AD3: 분배 및 비용 | AH3: 예금 등 투자자산 이외 자산총액 | AI3: 미지급등 부채총액 | AJ3: 펀드 순자산 | AK3: 추가투자 예상금액 | AL3: 핵심운용인력1 | AP3: 핵심운용인력2 | AT3: 핵심운용인력3 | AX3: 핵심운용인력 유지율 | BA3: 제안사출자 | BD3: 공동운용사1출자 | BG3: 공동운용사2출자 | BJ3: 투자자1 출자 | BL3: 투자자2 출자 | BN3: 투자자3 출자 | BP3: 관계사1 출자 | BR3: 관계사2 출자 | BT3: 기타투자자 출자 약정액
A4: 모집단위ID | B4: 운용사ID | C4: 일련번호 | D4: 펀드명 | E4: 펀드 사업자 등록번호 | F4: 펀드 상태 | G4: 펀드법적유형 | H4: 펀드유형(투자대상확정여부) | I4: 펀드결성목적 또는 주요투자대상 | J4: 투자자산의 주된 유형 | K4: 펀드의 주된 투자유형 | L4: 성장금융 위탁펀드 여부 | M4: 약정 총액 | N4: 납입 총액 | O4: 결성(예정)일 | P4: 투자기간 종료(예정)일 | Q4: 해산(예정)일 | R4: 청산(예정)일 | S4: 기간(연) | T4: 기준 수익률 | U4: 성과보수 | V4: 관리보수 | W4: IRR | X4: Multiple | Y4: 투자건수 | Z4: 투자 총액 | AA4: 회수 총액 | AB4: 투자 원금 총액 | AC4: 가치 총액 | AD4: 출자자앞 분배총액 | AE4: 성과보수지급총액 | AF4: 관리보수 지급총액 | AG4: 기타비용 지급총액 | AL4: 성명 | AM4: 시작일 | AN4: 종료일 | AO4: 재직여부 | AP4: 성명 | AQ4: 시작일 | AR4: 종료일 | AS4: 재직여부 | AT4: 성명 | AU4: 시작일 | AV4: 종료일 | AW4: 재직여부 | AX4: 펀드설립시 핵심운용인력수 | AY4: 핵심운용인력 유출횟수 | AZ4: 유지율 | BA4: 제안사명 | BB4: 약정액 | BC4: 우선손실 충당액 | BD4: 운용사명 | BE4: 약정액 | BF4: 우선손실 충당액 | BG4: 운용사명 | BH4: 약정액 | BI4: 우선손실 충당액 | BJ4: 출자자명 | BK4: 약정액 | BL4: 출자자명 | BM4: 약정액 | BN4: 출자자명 | BO4: 약정액 | BP4: 출자자명 | BQ4: 약정액 | BR4: 출자자명 | BS4: 약정액
D11: 펀드1호 | E11: 000-00-00000 | F11: 청산료 | G11: 중소기업창업투자조합 | H11: 블라인드펀드 | I11: 일반 중소기업 | J11: 국내설립법인 또는 해외현지법인 | K11: 주식 또는 주식연계채권 | L11: YES | M11: 3000 | N11: 3000 | O11: 39448 | P11: 40544 | Q11: 40556 | S11: =IF(ISBLANK(O11),"",DATEDIF(O11,Q11,"d")/365) -> 3.0356164 | T11: 0.1 | U11: 초과수익의 20% | V11: 초기3년 약정액의 3.0%, 잔여기간 투자잔액의 3.0% | W11: =IF(ISBLANK($D11), "", IF( ISERROR( XIRR( OFFSET(펀드_거래,MATCH($D11,OFFSET(펀드_거래,0,0,ROWS(펀드_거래),1),0)-1,2,COUNTIF(펀드_거래,$D11),1), OFFSET(펀드_거래,MATCH($D11,OFFSET(펀드_거래,0,0,ROWS(펀드_거래),1),0)-1,3,COUNTIF(펀드_거래,$D11),1) ) ), "N/A", XIRR( OFFSET(펀드_거래,MATCH($D11,OFFSET(펀드_거래,0,0,ROWS(펀드_거래),1),0)-1,2,COUNTIF(펀드_거래,$D11),1), OFFSET(펀드_거래,MATCH($D11,OFFSET(펀드_거래,0,0,ROWS(펀드_거래),1),0)-1,3,COUNTIF(펀드_거래,$D11),1), IF(SUM(OFFSET(펀드_거래,MATCH($D11,OFFSET(펀드_거래,0,0,ROWS(펀드_거래),1),0)-1,2,COUNTIF(펀드_거래,$D11),1))>0, 1%, -1%) ) ) ) -> 0.19785229 | X11: =IF( ISBLANK($D11), "", IF(ISNUMBER(N11), (AC11+AD11+AE11+AH11-AI11)/N11, "N/A") ) -> 6.5916811 | Y11: =IF( ISBLANK($D11), "", SUMPRODUCT( (OFFSET(제안사_투자현황,0,1,ROWS(제안사_투자현황),1)=$D11)*1, ISTEXT(OFFSET(제안사_투자현황,0,3,ROWS(제안사_투자현황),1))*1 ) ) -> 3 | Z11: =IF( ISBLANK($D11), "0", SUMPRODUCT( (OFFSET(제안사_투자현황,0,1,ROWS(제안사_투자현황),1)=$D11)*1, OFFSET(제안사_투자현황,0,9,ROWS(제안사_투자현황),1)) ) -> 5999.9919 | AA11: =IF( ISBLANK($D11), "", SUMPRODUCT( (OFFSET(제안사_투자현황,0,1,ROWS(제안사_투자현황),1)=$D11)*1, OFFSET(제안사_투자현황,0,14,ROWS(제안사_투자현황),1)) ) -> 4000 | AB11: =IF( ISBLANK($D11), "", SUMPRODUCT( (OFFSET(제안사_투자현황,0,1,ROWS(제안사_투자현황),1)=$D11)*1, OFFSET(제안사_투자현황,0,19,ROWS(제안사_투자현황),1)) ) -> 2999.9919 | AC11: =IF( ISBLANK($D11), "", SUMPRODUCT( (OFFSET(제안사_투자현황,0,1,ROWS(제안사_투자현황),1)=$D11)*1, OFFSET(제안사_투자현황,0,20,ROWS(제안사_투자현황),1)) ) -> 3075.0434 | AD11: =IF( ISBLANK($D11), "", SUMPRODUCT( (OFFSET(펀드_거래,0,0,ROWS(펀드_거래),1)=$D11)*1, (OFFSET(펀드_거래,0,1,ROWS(펀드_거래),1)="현금분배")*1, OFFSET(펀드_거래,0,2,ROWS(펀드_거래),1)/1000000 ) + SUMPRODUCT( (OFFSET(펀드_거래,0,0,ROWS(펀드_거래),1)=$D11)*1, (OFFSET(펀드_거래,0,1,ROWS(펀드_거래),1)="현물분배")*1, OFFSET(펀드_거래,0,2,ROWS(펀드_거래),1)/1000000 ) ) -> 16700 | AE11: =IF( ISBLANK($D11), "", SUMPRODUCT( (OFFSET(펀드_거래,0,0,ROWS(펀드_거래),1)=$D11)*1, (OFFSET(펀드_거래,0,1,ROWS(펀드_거래),1)="성과보수")*1, OFFSET(펀드_거래,0,2,ROWS(펀드_거래),1)/1000000) ) -> 0 | AJ11: =IF( ISERROR(AC11+AH11-AI11), "", AC11+AH11-AI11 ) -> 3075.0434 | AX11: =SUMIF('4.2.펀드 인력변경 이력'!A:A,D11,'4.2.펀드 인력변경 이력'!F:F) -> 3 | AY11: =SUMIF('4.2.펀드 인력변경 이력'!A:A,D11,'4.2.펀드 인력변경 이력'!G:G) -> 3 | AZ11: =IF(D11="","",IF(AY11=0,3,IF(AX11/AY11>3,3,AX11/AY11))) -> 1
D12: 펀드2호 | E12: 000-00-00001 | F12: 청산료 | G12: 기업구조조정조합 | H12: 블라인드펀드 | I12: 중소기업의 해외진출 지원 | J12: 외국법인 | K12: 주식 또는 주식연계채권 | L12: NO | M12: 10000 | N12: 10000 | O12: 39448 | P12: 41307 | Q12: 41359 | S12: =IF(ISBLANK(O12),"",DATEDIF(O12,Q12,"d")/365) -> 5.2356164 | T12: 0.1 | U12: 초과수익의 20% | V12: 투자잔액의 3.0% | W12: =IF(ISBLANK($D12), "", IF( ISERROR( XIRR( OFFSET(펀드_거래,MATCH($D12,OFFSET(펀드_거래,0,0,ROWS(펀드_거래),1),0)-1,2,COUNTIF(펀드_거래,$D12),1), OFFSET(펀드_거래,MATCH($D12,OFFSET(펀드_거래,0,0,ROWS(펀드_거래),1),0)-1,3,COUNTIF(펀드_거래,$D12),1) ) ), "N/A", XIRR( OFFSET(펀드_거래,MATCH($D12,OFFSET(펀드_거래,0,0,ROWS(펀드_거래),1),0)-1,2,COUNTIF(펀드_거래,$D12),1), OFFSET(펀드_거래,MATCH($D12,OFFSET(펀드_거래,0,0,ROWS(펀드_거래),1),0)-1,3,COUNTIF(펀드_거래,$D12),1), IF(SUM(OFFSET(펀드_거래,MATCH($D12,OFFSET(펀드_거래,0,0,ROWS(펀드_거래),1),0)-1,2,COUNTIF(펀드_거래,$D12),1))>0, 1%, -1%) ) ) ) -> 0.083114181 | X12: =IF( ISBLANK($D12), "", IF(ISNUMBER(N12), (AC12+AD12+AE12+AH12-AI12)/N12, "N/A") ) -> 1.1934526 | Y12: =IF( ISBLANK($D12), "", SUMPRODUCT( (OFFSET(제안사_투자현황,0,1,ROWS(제안사_투자현황),1)=$D12)*1, ISTEXT(OFFSET(제안사_투자현황,0,3,ROWS(제안사_투자현황),1))*1 ) ) -> 3 | Z12: =IF( ISBLANK($D12), "0", SUMPRODUCT( (OFFSET(제안사_투자현황,0,1,ROWS(제안사_투자현황),1)=$D12)*1, OFFSET(제안사_투자현황,0,9,ROWS(제안사_투자현황),1)) ) -> 8999.999 | AA12: =IF( ISBLANK($D12), "", SUMPRODUCT( (OFFSET(제안사_투자현황,0,1,ROWS(제안사_투자현황),1)=$D12)*1, OFFSET(제안사_투자현황,0,14,ROWS(제안사_투자현황),1)) ) -> 2450 | AB12: =IF( ISBLANK($D12), "", SUMPRODUCT( (OFFSET(제안사_투자현황,0,1,ROWS(제안사_투자현황),1)=$D12)*1, OFFSET(제안사_투자현황,0,19,ROWS(제안사_투자현황),1)) ) -> 6900 | AC12: =IF( ISBLANK($D12), "", SUMPRODUCT( (OFFSET(제안사_투자현황,0,1,ROWS(제안사_투자현황),1)=$D12)*1, OFFSET(제안사_투자현황,0,20,ROWS(제안사_투자현황),1)) ) -> 8344.5257 | AD12: =IF( ISBLANK($D12), "", SUMPRODUCT( (OFFSET(펀드_거래,0,0,ROWS(펀드_거래),1)=$D12)*1, (OFFSET(펀드_거래,0,1,ROWS(펀드_거래),1)="현금분배")*1, OFFSET(펀드_거래,0,2,ROWS(펀드_거래),1)/1000000 ) + SUMPRODUCT( (OFFSET(펀드_거래,0,0,ROWS(펀드_거래),1)=$D12)*1, (OFFSET(펀드_거래,0,1,ROWS(펀드_거래),1)="현물분배")*1, OFFSET(펀드_거래,0,2,ROWS(펀드_거래),1)/1000000 ) ) -> 3590 | AE12: =IF( ISBLANK($D12), "", SUMPRODUCT( (OFFSET(펀드_거래,0,0,ROWS(펀드_거래),1)=$D12)*1, (OFFSET(펀드_거래,0,1,ROWS(펀드_거래),1)="성과보수")*1, OFFSET(펀드_거래,0,2,ROWS(펀드_거래),1)/1000000) ) -> 0 | AJ12: =IF( ISERROR(AC12+AH12-AI12), "", AC12+AH12-AI12 ) -> 8344.5257 | AX12: =SUMIF('4.2.펀드 인력변경 이력'!A:A,D12,'4.2.펀드 인력변경 이력'!F:F) -> 3 | AY12: =SUMIF('4.2.펀드 인력변경 이력'!A:A,D12,'4.2.펀드 인력변경 이력'!G:G) -> 0 | AZ12: =IF(D12="","",IF(AY12=0,3,IF(AX12/AY12>3,3,AX12/AY12))) -> 3
D13: 펀드3호 | E13: 000-00-00002 | F13: 운용중 | G13: 중소기업창업투자조합 | H13: 블라인드펀드 | I13: 아시아 지역 투자 | J13: 국내설립법인 또는 해외현지법인 | K13: 기타 | L13: NO | M13: 10000 | N13: 10000 | O13: 39448 | P13: 42460 | Q13: 42893 | S13: =IF(ISBLANK(O13),"",DATEDIF(O13,Q13,"d")/365) -> 9.4383562 | T13: 0.1 | U13: 초과수익의 20% | V13: 투자잔액의 2.5% | W13: =IF(ISBLANK($D13), "", IF( ISERROR( XIRR( OFFSET(펀드_거래,MATCH($D13,OFFSET(펀드_거래,0,0,ROWS(펀드_거래),1),0)-1,2,COUNTIF(펀드_거래,$D13),1), OFFSET(펀드_거래,MATCH($D13,OFFSET(펀드_거래,0,0,ROWS(펀드_거래),1),0)-1,3,COUNTIF(펀드_거래,$D13),1) ) ), "N/A", XIRR( OFFSET(펀드_거래,MATCH($D13,OFFSET(펀드_거래,0,0,ROWS(펀드_거래),1),0)-1,2,COUNTIF(펀드_거래,$D13),1), OFFSET(펀드_거래,MATCH($D13,OFFSET(펀드_거래,0,0,ROWS(펀드_거래),1),0)-1,3,COUNTIF(펀드_거래,$D13),1), IF(SUM(OFFSET(펀드_거래,MATCH($D13,OFFSET(펀드_거래,0,0,ROWS(펀드_거래),1),0)-1,2,COUNTIF(펀드_거래,$D13),1))>0, 1%, -1%) ) ) ) -> 0.082898526 | X13: =IF( ISBLANK($D13), "", IF(ISNUMBER(N13), (AC13+AD13+AE13+AH13-AI13)/N13, "N/A") ) -> 1.3439569 | Y13: =IF( ISBLANK($D13), "", SUMPRODUCT( (OFFSET(제안사_투자현황,0,1,ROWS(제안사_투자현황),1)=$D13)*1, ISTEXT(OFFSET(제안사_투자현황,0,3,ROWS(제안사_투자현황),1))*1 ) ) -> 2 | Z13: =IF( ISBLANK($D13), "0", SUMPRODUCT( (OFFSET(제안사_투자현황,0,1,ROWS(제안사_투자현황),1)=$D13)*1, OFFSET(제안사_투자현황,0,9,ROWS(제안사_투자현황),1)) ) -> 4000 | AA13: =IF( ISBLANK($D13), "", SUMPRODUCT( (OFFSET(제안사_투자현황,0,1,ROWS(제안사_투자현황),1)=$D13)*1, OFFSET(제안사_투자현황,0,14,ROWS(제안사_투자현황),1)) ) -> 0 | AB13: =IF( ISBLANK($D13), "", SUMPRODUCT( (OFFSET(제안사_투자현황,0,1,ROWS(제안사_투자현황),1)=$D13)*1, OFFSET(제안사_투자현황,0,19,ROWS(제안사_투자현황),1)) ) -> 3980 | AC13: =IF( ISBLANK($D13), "", SUMPRODUCT( (OFFSET(제안사_투자현황,0,1,ROWS(제안사_투자현황),1)=$D13)*1, OFFSET(제안사_투자현황,0,20,ROWS(제안사_투자현황),1)) ) -> 2020 | AD13: =IF( ISBLANK($D13), "", SUMPRODUCT( (OFFSET(펀드_거래,0,0,ROWS(펀드_거래),1)=$D13)*1, (OFFSET(펀드_거래,0,1,ROWS(펀드_거래),1)="현금분배")*1, OFFSET(펀드_거래,0,2,ROWS(펀드_거래),1)/1000000 ) + SUMPRODUCT( (OFFSET(펀드_거래,0,0,ROWS(펀드_거래),1)=$D13)*1, (OFFSET(펀드_거래,0,1,ROWS(펀드_거래),1)="현물분배")*1, OFFSET(펀드_거래,0,2,ROWS(펀드_거래),1)/1000000 ) ) -> 11419.569 | AE13: =IF( ISBLANK($D13), "", SUMPRODUCT( (OFFSET(펀드_거래,0,0,ROWS(펀드_거래),1)=$D13)*1, (OFFSET(펀드_거래,0,1,ROWS(펀드_거래),1)="성과보수")*1, OFFSET(펀드_거래,0,2,ROWS(펀드_거래),1)/1000000) ) -> 0 | AJ13: =IF( ISERROR(AC13+AH13-AI13), "", AC13+AH13-AI13 ) -> 2020 | AX13: =SUMIF('4.2.펀드 인력변경 이력'!A:A,D13,'4.2.펀드 인력변경 이력'!F:F) -> 3 | AY13: =SUMIF('4.2.펀드 인력변경 이력'!A:A,D13,'4.2.펀드 인력변경 이력'!G:G) -> 1 | AZ13: =IF(D13="","",IF(AY13=0,3,IF(AX13/AY13>3,3,AX13/AY13))) -> 3
D14: 펀드4호 | E14: 000-00-00003 | F14: 운용중 | G14: 신기술사업투자조합 | H14: 블라인드펀드 | I14: LP지분유동화 | J14: 사모펀드 LP지분 | K14: 기타 | L14: NO | S14: =IF(ISBLANK(O14),"",DATEDIF(O14,Q14,"d")/365) | W14: =IF(ISBLANK($D14), "", IF( ISERROR( XIRR( OFFSET(펀드_거래,MATCH($D14,OFFSET(펀드_거래,0,0,ROWS(펀드_거래),1),0)-1,2,COUNTIF(펀드_거래,$D14),1), OFFSET(펀드_거래,MATCH($D14,OFFSET(펀드_거래,0,0,ROWS(펀드_거래),1),0)-1,3,COUNTIF(펀드_거래,$D14),1) ) ), "N/A", XIRR( OFFSET(펀드_거래,MATCH($D14,OFFSET(펀드_거래,0,0,ROWS(펀드_거래),1),0)-1,2,COUNTIF(펀드_거래,$D14),1), OFFSET(펀드_거래,MATCH($D14,OFFSET(펀드_거래,0,0,ROWS(펀드_거래),1),0)-1,3,COUNTIF(펀드_거래,$D14),1), IF(SUM(OFFSET(펀드_거래,MATCH($D14,OFFSET(펀드_거래,0,0,ROWS(펀드_거래),1),0)-1,2,COUNTIF(펀드_거래,$D14),1))>0, 1%, -1%) ) ) ) -> N/A | X14: =IF( ISBLANK($D14), "", IF(ISNUMBER(N14), (AC14+AD14+AE14+AH14-AI14)/N14, "N/A") ) -> N/A | Y14: =IF( ISBLANK($D14), "", SUMPRODUCT( (OFFSET(제안사_투자현황,0,1,ROWS(제안사_투자현황),1)=$D14)*1, ISTEXT(OFFSET(제안사_투자현황,0,3,ROWS(제안사_투자현황),1))*1 ) ) -> 0 | Z14: =IF( ISBLANK($D14), "0", SUMPRODUCT( (OFFSET(제안사_투자현황,0,1,ROWS(제안사_투자현황),1)=$D14)*1, OFFSET(제안사_투자현황,0,9,ROWS(제안사_투자현황),1)) ) -> 0 | AA14: =IF( ISBLANK($D14), "", SUMPRODUCT( (OFFSET(제안사_투자현황,0,1,ROWS(제안사_투자현황),1)=$D14)*1, OFFSET(제안사_투자현황,0,14,ROWS(제안사_투자현황),1)) ) -> 0 | AB14: =IF( ISBLANK($D14), "", SUMPRODUCT( (OFFSET(제안사_투자현황,0,1,ROWS(제안사_투자현황),1)=$D14)*1, OFFSET(제안사_투자현황,0,19,ROWS(제안사_투자현황),1)) ) -> 0 | AC14: =IF( ISBLANK($D14), "", SUMPRODUCT( (OFFSET(제안사_투자현황,0,1,ROWS(제안사_투자현황),1)=$D14)*1, OFFSET(제안사_투자현황,0,20,ROWS(제안사_투자현황),1)) ) -> 0 | AD14: =IF( ISBLANK($D14), "", SUMPRODUCT( (OFFSET(펀드_거래,0,0,ROWS(펀드_거래),1)=$D14)*1, (OFFSET(펀드_거래,0,1,ROWS(펀드_거래),1)="현금분배")*1, OFFSET(펀드_거래,0,2,ROWS(펀드_거래),1)/1000000 ) + SUMPRODUCT( (OFFSET(펀드_거래,0,0,ROWS(펀드_거래),1)=$D14)*1, (OFFSET(펀드_거래,0,1,ROWS(펀드_거래),1)="현물분배")*1, OFFSET(펀드_거래,0,2,ROWS(펀드_거래),1)/1000000 ) ) -> 0 | AE14: =IF( ISBLANK($D14), "", SUMPRODUCT( (OFFSET(펀드_거래,0,0,ROWS(펀드_거래),1)=$D14)*1, (OFFSET(펀드_거래,0,1,ROWS(펀드_거래),1)="성과보수")*1, OFFSET(펀드_거래,0,2,ROWS(펀드_거래),1)/1000000) ) -> 0 | AJ14: =IF( ISERROR(AC14+AH14-AI14), "", AC14+AH14-AI14 ) -> 0 | AX14: =SUMIF('4.2.펀드 인력변경 이력'!A:A,D14,'4.2.펀드 인력변경 이력'!F:F) -> 0 | AY14: =SUMIF('4.2.펀드 인력변경 이력'!A:A,D14,'4.2.펀드 인력변경 이력'!G:G) -> 0 | AZ14: =IF(D14="","",IF(AY14=0,3,IF(AX14/AY14>3,3,AX14/AY14))) -> 3
S15: =IF(ISBLANK(O15),"",DATEDIF(O15,Q15,"d")/365) | W15: =IF(ISBLANK($D15), "", IF( ISERROR( XIRR( OFFSET(펀드_거래,MATCH($D15,OFFSET(펀드_거래,0,0,ROWS(펀드_거래),1),0)-1,2,COUNTIF(펀드_거래,$D15),1), OFFSET(펀드_거래,MATCH($D15,OFFSET(펀드_거래,0,0,ROWS(펀드_거래),1),0)-1,3,COUNTIF(펀드_거래,$D15),1) ) ), "N/A", XIRR( OFFSET(펀드_거래,MATCH($D15,OFFSET(펀드_거래,0,0,ROWS(펀드_거래),1),0)-1,2,COUNTIF(펀드_거래,$D15),1), OFFSET(펀드_거래,MATCH($D15,OFFSET(펀드_거래,0,0,ROWS(펀드_거래),1),0)-1,3,COUNTIF(펀드_거래,$D15),1), IF(SUM(OFFSET(펀드_거래,MATCH($D15,OFFSET(펀드_거래,0,0,ROWS(펀드_거래),1),0)-1,2,COUNTIF(펀드_거래,$D15),1))>0, 1%, -1%) ) ) ) | X15: =IF( ISBLANK($D15), "", IF(ISNUMBER(N15), (AC15+AD15+AE15+AH15-AI15)/N15, "N/A") ) | Y15: =IF( ISBLANK($D15), "", SUMPRODUCT( (OFFSET(제안사_투자현황,0,1,ROWS(제안사_투자현황),1)=$D15)*1, ISTEXT(OFFSET(제안사_투자현황,0,3,ROWS(제안사_투자현황),1))*1 ) ) | Z15: =IF( ISBLANK($D15), "0", SUMPRODUCT( (OFFSET(제안사_투자현황,0,1,ROWS(제안사_투자현황),1)=$D15)*1, OFFSET(제안사_투자현황,0,9,ROWS(제안사_투자현황),1)) ) -> 0 | AA15: =IF( ISBLANK($D15), "", SUMPRODUCT( (OFFSET(제안사_투자현황,0,1,ROWS(제안사_투자현황),1)=$D15)*1, OFFSET(제안사_투자현황,0,14,ROWS(제안사_투자현황),1)) ) | AB15: =IF( ISBLANK($D15), "", SUMPRODUCT( (OFFSET(제안사_투자현황,0,1,ROWS(제안사_투자현황),1)=$D15)*1, OFFSET(제안사_투자현황,0,19,ROWS(제안사_투자현황),1)) ) | AC15: =IF( ISBLANK($D15), "", SUMPRODUCT( (OFFSET(제안사_투자현황,0,1,ROWS(제안사_투자현황),1)=$D15)*1, OFFSET(제안사_투자현황,0,20,ROWS(제안사_투자현황),1)) ) | AD15: =IF( ISBLANK($D15), "", SUMPRODUCT( (OFFSET(펀드_거래,0,0,ROWS(펀드_거래),1)=$D15)*1, (OFFSET(펀드_거래,0,1,ROWS(펀드_거래),1)="현금분배")*1, OFFSET(펀드_거래,0,2,ROWS(펀드_거래),1)/1000000 ) + SUMPRODUCT( (OFFSET(펀드_거래,0,0,ROWS(펀드_거래),1)=$D15)*1, (OFFSET(펀드_거래,0,1,ROWS(펀드_거래),1)="현물분배")*1, OFFSET(펀드_거래,0,2,ROWS(펀드_거래),1)/1000000 ) ) | AE15: =IF( ISBLANK($D15), "", SUMPRODUCT( (OFFSET(펀드_거래,0,0,ROWS(펀드_거래),1)=$D15)*1, (OFFSET(펀드_거래,0,1,ROWS(펀드_거래),1)="성과보수")*1, OFFSET(펀드_거래,0,2,ROWS(펀드_거래),1)/1000000) ) | AJ15: =IF( ISERROR(AC15+AH15-AI15), "", AC15+AH15-AI15 ) | AX15: =SUMIF('4.2.펀드 인력변경 이력'!A:A,D15,'4.2.펀드 인력변경 이력'!F:F) -> 0 | AY15: =SUMIF('4.2.펀드 인력변경 이력'!A:A,D15,'4.2.펀드 인력변경 이력'!G:G) -> 0 | AZ15: =IF(D15="","",IF(AY15=0,3,IF(AX15/AY15>3,3,AX15/AY15)))
S16: =IF(ISBLANK(O16),"",DATEDIF(O16,Q16,"d")/365) | W16: =IF(ISBLANK($D16), "", IF( ISERROR( XIRR( OFFSET(펀드_거래,MATCH($D16,OFFSET(펀드_거래,0,0,ROWS(펀드_거래),1),0)-1,2,COUNTIF(펀드_거래,$D16),1), OFFSET(펀드_거래,MATCH($D16,OFFSET(펀드_거래,0,0,ROWS(펀드_거래),1),0)-1,3,COUNTIF(펀드_거래,$D16),1) ) ), "N/A", XIRR( OFFSET(펀드_거래,MATCH($D16,OFFSET(펀드_거래,0,0,ROWS(펀드_거래),1),0)-1,2,COUNTIF(펀드_거래,$D16),1), OFFSET(펀드_거래,MATCH($D16,OFFSET(펀드_거래,0,0,ROWS(펀드_거래),1),0)-1,3,COUNTIF(펀드_거래,$D16),1), IF(SUM(OFFSET(펀드_거래,MATCH($D16,OFFSET(펀드_거래,0,0,ROWS(펀드_거래),1),0)-1,2,COUNTIF(펀드_거래,$D16),1))>0, 1%, -1%) ) ) ) | X16: =IF( ISBLANK($D16), "", IF(ISNUMBER(N16), (AC16+AD16+AE16+AH16-AI16)/N16, "N/A") ) | Y16: =IF( ISBLANK($D16), "", SUMPRODUCT( (OFFSET(제안사_투자현황,0,1,ROWS(제안사_투자현황),1)=$D16)*1, ISTEXT(OFFSET(제안사_투자현황,0,3,ROWS(제안사_투자현황),1))*1 ) ) | Z16: =IF( ISBLANK($D16), "0", SUMPRODUCT( (OFFSET(제안사_투자현황,0,1,ROWS(제안사_투자현황),1)=$D16)*1, OFFSET(제안사_투자현황,0,9,ROWS(제안사_투자현황),1)) ) -> 0 | AA16: =IF( ISBLANK($D16), "", SUMPRODUCT( (OFFSET(제안사_투자현황,0,1,ROWS(제안사_투자현황),1)=$D16)*1, OFFSET(제안사_투자현황,0,14,ROWS(제안사_투자현황),1)) ) | AB16: =IF( ISBLANK($D16), "", SUMPRODUCT( (OFFSET(제안사_투자현황,0,1,ROWS(제안사_투자현황),1)=$D16)*1, OFFSET(제안사_투자현황,0,19,ROWS(제안사_투자현황),1)) ) | AC16: =IF( ISBLANK($D16), "", SUMPRODUCT( (OFFSET(제안사_투자현황,0,1,ROWS(제안사_투자현황),1)=$D16)*1, OFFSET(제안사_투자현황,0,20,ROWS(제안사_투자현황),1)) ) | AD16: =IF( ISBLANK($D16), "", SUMPRODUCT( (OFFSET(펀드_거래,0,0,ROWS(펀드_거래),1)=$D16)*1, (OFFSET(펀드_거래,0,1,ROWS(펀드_거래),1)="현금분배")*1, OFFSET(펀드_거래,0,2,ROWS(펀드_거래),1)/1000000 ) + SUMPRODUCT( (OFFSET(펀드_거래,0,0,ROWS(펀드_거래),1)=$D16)*1, (OFFSET(펀드_거래,0,1,ROWS(펀드_거래),1)="현물분배")*1, OFFSET(펀드_거래,0,2,ROWS(펀드_거래),1)/1000000 ) ) | AE16: =IF( ISBLANK($D16), "", SUMPRODUCT( (OFFSET(펀드_거래,0,0,ROWS(펀드_거래),1)=$D16)*1, (OFFSET(펀드_거래,0,1,ROWS(펀드_거래),1)="성과보수")*1, OFFSET(펀드_거래,0,2,ROWS(펀드_거래),1)/1000000) ) | AJ16: =IF( ISERROR(AC16+AH16-AI16), "", AC16+AH16-AI16 ) | AX16: =SUMIF('4.2.펀드 인력변경 이력'!A:A,D16,'4.2.펀드 인력변경 이력'!F:F) -> 0 | AY16: =SUMIF('4.2.펀드 인력변경 이력'!A:A,D16,'4.2.펀드 인력변경 이력'!G:G) -> 0 | AZ16: =IF(D16="","",IF(AY16=0,3,IF(AX16/AY16>3,3,AX16/AY16)))
S17: =IF(ISBLANK(O17),"",DATEDIF(O17,Q17,"d")/365) | W17: =IF(ISBLANK($D17), "", IF( ISERROR( XIRR( OFFSET(펀드_거래,MATCH($D17,OFFSET(펀드_거래,0,0,ROWS(펀드_거래),1),0)-1,2,COUNTIF(펀드_거래,$D17),1), OFFSET(펀드_거래,MATCH($D17,OFFSET(펀드_거래,0,0,ROWS(펀드_거래),1),0)-1,3,COUNTIF(펀드_거래,$D17),1) ) ), "N/A", XIRR( OFFSET(펀드_거래,MATCH($D17,OFFSET(펀드_거래,0,0,ROWS(펀드_거래),1),0)-1,2,COUNTIF(펀드_거래,$D17),1), OFFSET(펀드_거래,MATCH($D17,OFFSET(펀드_거래,0,0,ROWS(펀드_거래),1),0)-1,3,COUNTIF(펀드_거래,$D17),1), IF(SUM(OFFSET(펀드_거래,MATCH($D17,OFFSET(펀드_거래,0,0,ROWS(펀드_거래),1),0)-1,2,COUNTIF(펀드_거래,$D17),1))>0, 1%, -1%) ) ) ) | X17: =IF( ISBLANK($D17), "", IF(ISNUMBER(N17), (AC17+AD17+AE17+AH17-AI17)/N17, "N/A") ) | Y17: =IF( ISBLANK($D17), "", SUMPRODUCT( (OFFSET(제안사_투자현황,0,1,ROWS(제안사_투자현황),1)=$D17)*1, ISTEXT(OFFSET(제안사_투자현황,0,3,ROWS(제안사_투자현황),1))*1 ) ) | Z17: =IF( ISBLANK($D17), "0", SUMPRODUCT( (OFFSET(제안사_투자현황,0,1,ROWS(제안사_투자현황),1)=$D17)*1, OFFSET(제안사_투자현황,0,9,ROWS(제안사_투자현황),1)) ) -> 0 | AA17: =IF( ISBLANK($D17), "", SUMPRODUCT( (OFFSET(제안사_투자현황,0,1,ROWS(제안사_투자현황),1)=$D17)*1, OFFSET(제안사_투자현황,0,14,ROWS(제안사_투자현황),1)) ) | AB17: =IF( ISBLANK($D17), "", SUMPRODUCT( (OFFSET(제안사_투자현황,0,1,ROWS(제안사_투자현황),1)=$D17)*1, OFFSET(제안사_투자현황,0,19,ROWS(제안사_투자현황),1)) ) | AC17: =IF( ISBLANK($D17), "", SUMPRODUCT( (OFFSET(제안사_투자현황,0,1,ROWS(제안사_투자현황),1)=$D17)*1, OFFSET(제안사_투자현황,0,20,ROWS(제안사_투자현황),1)) ) | AD17: =IF( ISBLANK($D17), "", SUMPRODUCT( (OFFSET(펀드_거래,0,0,ROWS(펀드_거래),1)=$D17)*1, (OFFSET(펀드_거래,0,1,ROWS(펀드_거래),1)="현금분배")*1, OFFSET(펀드_거래,0,2,ROWS(펀드_거래),1)/1000000 ) + SUMPRODUCT( (OFFSET(펀드_거래,0,0,ROWS(펀드_거래),1)=$D17)*1, (OFFSET(펀드_거래,0,1,ROWS(펀드_거래),1)="현물분배")*1, OFFSET(펀드_거래,0,2,ROWS(펀드_거래),1)/1000000 ) ) | AE17: =IF( ISBLANK($D17), "", SUMPRODUCT( (OFFSET(펀드_거래,0,0,ROWS(펀드_거래),1)=$D17)*1, (OFFSET(펀드_거래,0,1,ROWS(펀드_거래),1)="성과보수")*1, OFFSET(펀드_거래,0,2,ROWS(펀드_거래),1)/1000000) ) | AJ17: =IF( ISERROR(AC17+AH17-AI17), "", AC17+AH17-AI17 ) | AX17: =SUMIF('4.2.펀드 인력변경 이력'!A:A,D17,'4.2.펀드 인력변경 이력'!F:F) -> 0 | AY17: =SUMIF('4.2.펀드 인력변경 이력'!A:A,D17,'4.2.펀드 인력변경 이력'!G:G) -> 0 | AZ17: =IF(D17="","",IF(AY17=0,3,IF(AX17/AY17>3,3,AX17/AY17)))
S18: =IF(ISBLANK(O18),"",DATEDIF(O18,Q18,"d")/365) | W18: =IF(ISBLANK($D18), "", IF( ISERROR( XIRR( OFFSET(펀드_거래,MATCH($D18,OFFSET(펀드_거래,0,0,ROWS(펀드_거래),1),0)-1,2,COUNTIF(펀드_거래,$D18),1), OFFSET(펀드_거래,MATCH($D18,OFFSET(펀드_거래,0,0,ROWS(펀드_거래),1),0)-1,3,COUNTIF(펀드_거래,$D18),1) ) ), "N/A", XIRR( OFFSET(펀드_거래,MATCH($D18,OFFSET(펀드_거래,0,0,ROWS(펀드_거래),1),0)-1,2,COUNTIF(펀드_거래,$D18),1), OFFSET(펀드_거래,MATCH($D18,OFFSET(펀드_거래,0,0,ROWS(펀드_거래),1),0)-1,3,COUNTIF(펀드_거래,$D18),1), IF(SUM(OFFSET(펀드_거래,MATCH($D18,OFFSET(펀드_거래,0,0,ROWS(펀드_거래),1),0)-1,2,COUNTIF(펀드_거래,$D18),1))>0, 1%, -1%) ) ) ) | X18: =IF( ISBLANK($D18), "", IF(ISNUMBER(N18), (AC18+AD18+AE18+AH18-AI18)/N18, "N/A") ) | Y18: =IF( ISBLANK($D18), "", SUMPRODUCT( (OFFSET(제안사_투자현황,0,1,ROWS(제안사_투자현황),1)=$D18)*1, ISTEXT(OFFSET(제안사_투자현황,0,3,ROWS(제안사_투자현황),1))*1 ) ) | Z18: =IF( ISBLANK($D18), "0", SUMPRODUCT( (OFFSET(제안사_투자현황,0,1,ROWS(제안사_투자현황),1)=$D18)*1, OFFSET(제안사_투자현황,0,9,ROWS(제안사_투자현황),1)) ) -> 0 | AA18: =IF( ISBLANK($D18), "", SUMPRODUCT( (OFFSET(제안사_투자현황,0,1,ROWS(제안사_투자현황),1)=$D18)*1, OFFSET(제안사_투자현황,0,14,ROWS(제안사_투자현황),1)) ) | AB18: =IF( ISBLANK($D18), "", SUMPRODUCT( (OFFSET(제안사_투자현황,0,1,ROWS(제안사_투자현황),1)=$D18)*1, OFFSET(제안사_투자현황,0,19,ROWS(제안사_투자현황),1)) ) | AC18: =IF( ISBLANK($D18), "", SUMPRODUCT( (OFFSET(제안사_투자현황,0,1,ROWS(제안사_투자현황),1)=$D18)*1, OFFSET(제안사_투자현황,0,20,ROWS(제안사_투자현황),1)) ) | AD18: =IF( ISBLANK($D18), "", SUMPRODUCT( (OFFSET(펀드_거래,0,0,ROWS(펀드_거래),1)=$D18)*1, (OFFSET(펀드_거래,0,1,ROWS(펀드_거래),1)="현금분배")*1, OFFSET(펀드_거래,0,2,ROWS(펀드_거래),1)/1000000 ) + SUMPRODUCT( (OFFSET(펀드_거래,0,0,ROWS(펀드_거래),1)=$D18)*1, (OFFSET(펀드_거래,0,1,ROWS(펀드_거래),1)="현물분배")*1, OFFSET(펀드_거래,0,2,ROWS(펀드_거래),1)/1000000 ) ) | AE18: =IF( ISBLANK($D18), "", SUMPRODUCT( (OFFSET(펀드_거래,0,0,ROWS(펀드_거래),1)=$D18)*1, (OFFSET(펀드_거래,0,1,ROWS(펀드_거래),1)="성과보수")*1, OFFSET(펀드_거래,0,2,ROWS(펀드_거래),1)/1000000) ) | AJ18: =IF( ISERROR(AC18+AH18-AI18), "", AC18+AH18-AI18 ) | AX18: =SUMIF('4.2.펀드 인력변경 이력'!A:A,D18,'4.2.펀드 인력변경 이력'!F:F) -> 0 | AY18: =SUMIF('4.2.펀드 인력변경 이력'!A:A,D18,'4.2.펀드 인력변경 이력'!G:G) -> 0 | AZ18: =IF(D18="","",IF(AY18=0,3,IF(AX18/AY18>3,3,AX18/AY18)))
S19: =IF(ISBLANK(O19),"",DATEDIF(O19,Q19,"d")/365) | W19: =IF(ISBLANK($D19), "", IF( ISERROR( XIRR( OFFSET(펀드_거래,MATCH($D19,OFFSET(펀드_거래,0,0,ROWS(펀드_거래),1),0)-1,2,COUNTIF(펀드_거래,$D19),1), OFFSET(펀드_거래,MATCH($D19,OFFSET(펀드_거래,0,0,ROWS(펀드_거래),1),0)-1,3,COUNTIF(펀드_거래,$D19),1) ) ), "N/A", XIRR( OFFSET(펀드_거래,MATCH($D19,OFFSET(펀드_거래,0,0,ROWS(펀드_거래),1),0)-1,2,COUNTIF(펀드_거래,$D19),1), OFFSET(펀드_거래,MATCH($D19,OFFSET(펀드_거래,0,0,ROWS(펀드_거래),1),0)-1,3,COUNTIF(펀드_거래,$D19),1), IF(SUM(OFFSET(펀드_거래,MATCH($D19,OFFSET(펀드_거래,0,0,ROWS(펀드_거래),1),0)-1,2,COUNTIF(펀드_거래,$D19),1))>0, 1%, -1%) ) ) ) | X19: =IF( ISBLANK($D19), "", IF(ISNUMBER(N19), (AC19+AD19+AE19+AH19-AI19)/N19, "N/A") ) | Y19: =IF( ISBLANK($D19), "", SUMPRODUCT( (OFFSET(제안사_투자현황,0,1,ROWS(제안사_투자현황),1)=$D19)*1, ISTEXT(OFFSET(제안사_투자현황,0,3,ROWS(제안사_투자현황),1))*1 ) ) | Z19: =IF( ISBLANK($D19), "0", SUMPRODUCT( (OFFSET(제안사_투자현황,0,1,ROWS(제안사_투자현황),1)=$D19)*1, OFFSET(제안사_투자현황,0,9,ROWS(제안사_투자현황),1)) ) -> 0 | AA19: =IF( ISBLANK($D19), "", SUMPRODUCT( (OFFSET(제안사_투자현황,0,1,ROWS(제안사_투자현황),1)=$D19)*1, OFFSET(제안사_투자현황,0,14,ROWS(제안사_투자현황),1)) ) | AB19: =IF( ISBLANK($D19), "", SUMPRODUCT( (OFFSET(제안사_투자현황,0,1,ROWS(제안사_투자현황),1)=$D19)*1, OFFSET(제안사_투자현황,0,19,ROWS(제안사_투자현황),1)) ) | AC19: =IF( ISBLANK($D19), "", SUMPRODUCT( (OFFSET(제안사_투자현황,0,1,ROWS(제안사_투자현황),1)=$D19)*1, OFFSET(제안사_투자현황,0,20,ROWS(제안사_투자현황),1)) ) | AD19: =IF( ISBLANK($D19), "", SUMPRODUCT( (OFFSET(펀드_거래,0,0,ROWS(펀드_거래),1)=$D19)*1, (OFFSET(펀드_거래,0,1,ROWS(펀드_거래),1)="현금분배")*1, OFFSET(펀드_거래,0,2,ROWS(펀드_거래),1)/1000000 ) + SUMPRODUCT( (OFFSET(펀드_거래,0,0,ROWS(펀드_거래),1)=$D19)*1, (OFFSET(펀드_거래,0,1,ROWS(펀드_거래),1)="현물분배")*1, OFFSET(펀드_거래,0,2,ROWS(펀드_거래),1)/1000000 ) ) | AE19: =IF( ISBLANK($D19), "", SUMPRODUCT( (OFFSET(펀드_거래,0,0,ROWS(펀드_거래),1)=$D19)*1, (OFFSET(펀드_거래,0,1,ROWS(펀드_거래),1)="성과보수")*1, OFFSET(펀드_거래,0,2,ROWS(펀드_거래),1)/1000000) ) | AJ19: =IF( ISERROR(AC19+AH19-AI19), "", AC19+AH19-AI19 ) | AX19: =SUMIF('4.2.펀드 인력변경 이력'!A:A,D19,'4.2.펀드 인력변경 이력'!F:F) -> 0 | AY19: =SUMIF('4.2.펀드 인력변경 이력'!A:A,D19,'4.2.펀드 인력변경 이력'!G:G) -> 0 | AZ19: =IF(D19="","",IF(AY19=0,3,IF(AX19/AY19>3,3,AX19/AY19)))
S20: =IF(ISBLANK(O20),"",DATEDIF(O20,Q20,"d")/365) | W20: =IF(ISBLANK($D20), "", IF( ISERROR( XIRR( OFFSET(펀드_거래,MATCH($D20,OFFSET(펀드_거래,0,0,ROWS(펀드_거래),1),0)-1,2,COUNTIF(펀드_거래,$D20),1), OFFSET(펀드_거래,MATCH($D20,OFFSET(펀드_거래,0,0,ROWS(펀드_거래),1),0)-1,3,COUNTIF(펀드_거래,$D20),1) ) ), "N/A", XIRR( OFFSET(펀드_거래,MATCH($D20,OFFSET(펀드_거래,0,0,ROWS(펀드_거래),1),0)-1,2,COUNTIF(펀드_거래,$D20),1), OFFSET(펀드_거래,MATCH($D20,OFFSET(펀드_거래,0,0,ROWS(펀드_거래),1),0)-1,3,COUNTIF(펀드_거래,$D20),1), IF(SUM(OFFSET(펀드_거래,MATCH($D20,OFFSET(펀드_거래,0,0,ROWS(펀드_거래),1),0)-1,2,COUNTIF(펀드_거래,$D20),1))>0, 1%, -1%) ) ) ) | X20: =IF( ISBLANK($D20), "", IF(ISNUMBER(N20), (AC20+AD20+AE20+AH20-AI20)/N20, "N/A") ) | Y20: =IF( ISBLANK($D20), "", SUMPRODUCT( (OFFSET(제안사_투자현황,0,1,ROWS(제안사_투자현황),1)=$D20)*1, ISTEXT(OFFSET(제안사_투자현황,0,3,ROWS(제안사_투자현황),1))*1 ) ) | Z20: =IF( ISBLANK($D20), "0", SUMPRODUCT( (OFFSET(제안사_투자현황,0,1,ROWS(제안사_투자현황),1)=$D20)*1, OFFSET(제안사_투자현황,0,9,ROWS(제안사_투자현황),1)) ) -> 0 | AA20: =IF( ISBLANK($D20), "", SUMPRODUCT( (OFFSET(제안사_투자현황,0,1,ROWS(제안사_투자현황),1)=$D20)*1, OFFSET(제안사_투자현황,0,14,ROWS(제안사_투자현황),1)) ) | AB20: =IF( ISBLANK($D20), "", SUMPRODUCT( (OFFSET(제안사_투자현황,0,1,ROWS(제안사_투자현황),1)=$D20)*1, OFFSET(제안사_투자현황,0,19,ROWS(제안사_투자현황),1)) ) | AC20: =IF( ISBLANK($D20), "", SUMPRODUCT( (OFFSET(제안사_투자현황,0,1,ROWS(제안사_투자현황),1)=$D20)*1, OFFSET(제안사_투자현황,0,20,ROWS(제안사_투자현황),1)) ) | AD20: =IF( ISBLANK($D20), "", SUMPRODUCT( (OFFSET(펀드_거래,0,0,ROWS(펀드_거래),1)=$D20)*1, (OFFSET(펀드_거래,0,1,ROWS(펀드_거래),1)="현금분배")*1, OFFSET(펀드_거래,0,2,ROWS(펀드_거래),1)/1000000 ) + SUMPRODUCT( (OFFSET(펀드_거래,0,0,ROWS(펀드_거래),1)=$D20)*1, (OFFSET(펀드_거래,0,1,ROWS(펀드_거래),1)="현물분배")*1, OFFSET(펀드_거래,0,2,ROWS(펀드_거래),1)/1000000 ) ) | AE20: =IF( ISBLANK($D20), "", SUMPRODUCT( (OFFSET(펀드_거래,0,0,ROWS(펀드_거래),1)=$D20)*1, (OFFSET(펀드_거래,0,1,ROWS(펀드_거래),1)="성과보수")*1, OFFSET(펀드_거래,0,2,ROWS(펀드_거래),1)/1000000) ) | AJ20: =IF( ISERROR(AC20+AH20-AI20), "", AC20+AH20-AI20 ) | AX20: =SUMIF('4.2.펀드 인력변경 이력'!A:A,D20,'4.2.펀드 인력변경 이력'!F:F) -> 0 | AY20: =SUMIF('4.2.펀드 인력변경 이력'!A:A,D20,'4.2.펀드 인력변경 이력'!G:G) -> 0 | AZ20: =IF(D20="","",IF(AY20=0,3,IF(AX20/AY20>3,3,AX20/AY20)))
S21: =IF(ISBLANK(O21),"",DATEDIF(O21,Q21,"d")/365) | W21: =IF(ISBLANK($D21), "", IF( ISERROR( XIRR( OFFSET(펀드_거래,MATCH($D21,OFFSET(펀드_거래,0,0,ROWS(펀드_거래),1),0)-1,2,COUNTIF(펀드_거래,$D21),1), OFFSET(펀드_거래,MATCH($D21,OFFSET(펀드_거래,0,0,ROWS(펀드_거래),1),0)-1,3,COUNTIF(펀드_거래,$D21),1) ) ), "N/A", XIRR( OFFSET(펀드_거래,MATCH($D21,OFFSET(펀드_거래,0,0,ROWS(펀드_거래),1),0)-1,2,COUNTIF(펀드_거래,$D21),1), OFFSET(펀드_거래,MATCH($D21,OFFSET(펀드_거래,0,0,ROWS(펀드_거래),1),0)-1,3,COUNTIF(펀드_거래,$D21),1), IF(SUM(OFFSET(펀드_거래,MATCH($D21,OFFSET(펀드_거래,0,0,ROWS(펀드_거래),1),0)-1,2,COUNTIF(펀드_거래,$D21),1))>0, 1%, -1%) ) ) ) | X21: =IF( ISBLANK($D21), "", IF(ISNUMBER(N21), (AC21+AD21+AE21+AH21-AI21)/N21, "N/A") ) | Y21: =IF( ISBLANK($D21), "", SUMPRODUCT( (OFFSET(제안사_투자현황,0,1,ROWS(제안사_투자현황),1)=$D21)*1, ISTEXT(OFFSET(제안사_투자현황,0,3,ROWS(제안사_투자현황),1))*1 ) ) | Z21: =IF( ISBLANK($D21), "0", SUMPRODUCT( (OFFSET(제안사_투자현황,0,1,ROWS(제안사_투자현황),1)=$D21)*1, OFFSET(제안사_투자현황,0,9,ROWS(제안사_투자현황),1)) ) -> 0 | AA21: =IF( ISBLANK($D21), "", SUMPRODUCT( (OFFSET(제안사_투자현황,0,1,ROWS(제안사_투자현황),1)=$D21)*1, OFFSET(제안사_투자현황,0,14,ROWS(제안사_투자현황),1)) ) | AB21: =IF( ISBLANK($D21), "", SUMPRODUCT( (OFFSET(제안사_투자현황,0,1,ROWS(제안사_투자현황),1)=$D21)*1, OFFSET(제안사_투자현황,0,19,ROWS(제안사_투자현황),1)) ) | AC21: =IF( ISBLANK($D21), "", SUMPRODUCT( (OFFSET(제안사_투자현황,0,1,ROWS(제안사_투자현황),1)=$D21)*1, OFFSET(제안사_투자현황,0,20,ROWS(제안사_투자현황),1)) ) | AD21: =IF( ISBLANK($D21), "", SUMPRODUCT( (OFFSET(펀드_거래,0,0,ROWS(펀드_거래),1)=$D21)*1, (OFFSET(펀드_거래,0,1,ROWS(펀드_거래),1)="현금분배")*1, OFFSET(펀드_거래,0,2,ROWS(펀드_거래),1)/1000000 ) + SUMPRODUCT( (OFFSET(펀드_거래,0,0,ROWS(펀드_거래),1)=$D21)*1, (OFFSET(펀드_거래,0,1,ROWS(펀드_거래),1)="현물분배")*1, OFFSET(펀드_거래,0,2,ROWS(펀드_거래),1)/1000000 ) ) | AE21: =IF( ISBLANK($D21), "", SUMPRODUCT( (OFFSET(펀드_거래,0,0,ROWS(펀드_거래),1)=$D21)*1, (OFFSET(펀드_거래,0,1,ROWS(펀드_거래),1)="성과보수")*1, OFFSET(펀드_거래,0,2,ROWS(펀드_거래),1)/1000000) ) | AJ21: =IF( ISERROR(AC21+AH21-AI21), "", AC21+AH21-AI21 ) | AX21: =SUMIF('4.2.펀드 인력변경 이력'!A:A,D21,'4.2.펀드 인력변경 이력'!F:F) -> 0 | AY21: =SUMIF('4.2.펀드 인력변경 이력'!A:A,D21,'4.2.펀드 인력변경 이력'!G:G) -> 0 | AZ21: =IF(D21="","",IF(AY21=0,3,IF(AX21/AY21>3,3,AX21/AY21)))
S22: =IF(ISBLANK(O22),"",DATEDIF(O22,Q22,"d")/365) | W22: =IF(ISBLANK($D22), "", IF( ISERROR( XIRR( OFFSET(펀드_거래,MATCH($D22,OFFSET(펀드_거래,0,0,ROWS(펀드_거래),1),0)-1,2,COUNTIF(펀드_거래,$D22),1), OFFSET(펀드_거래,MATCH($D22,OFFSET(펀드_거래,0,0,ROWS(펀드_거래),1),0)-1,3,COUNTIF(펀드_거래,$D22),1) ) ), "N/A", XIRR( OFFSET(펀드_거래,MATCH($D22,OFFSET(펀드_거래,0,0,ROWS(펀드_거래),1),0)-1,2,COUNTIF(펀드_거래,$D22),1), OFFSET(펀드_거래,MATCH($D22,OFFSET(펀드_거래,0,0,ROWS(펀드_거래),1),0)-1,3,COUNTIF(펀드_거래,$D22),1), IF(SUM(OFFSET(펀드_거래,MATCH($D22,OFFSET(펀드_거래,0,0,ROWS(펀드_거래),1),0)-1,2,COUNTIF(펀드_거래,$D22),1))>0, 1%, -1%) ) ) ) | X22: =IF( ISBLANK($D22), "", IF(ISNUMBER(N22), (AC22+AD22+AE22+AH22-AI22)/N22, "N/A") ) | Y22: =IF( ISBLANK($D22), "", SUMPRODUCT( (OFFSET(제안사_투자현황,0,1,ROWS(제안사_투자현황),1)=$D22)*1, ISTEXT(OFFSET(제안사_투자현황,0,3,ROWS(제안사_투자현황),1))*1 ) ) | Z22: =IF( ISBLANK($D22), "0", SUMPRODUCT( (OFFSET(제안사_투자현황,0,1,ROWS(제안사_투자현황),1)=$D22)*1, OFFSET(제안사_투자현황,0,9,ROWS(제안사_투자현황),1)) ) -> 0 | AA22: =IF( ISBLANK($D22), "", SUMPRODUCT( (OFFSET(제안사_투자현황,0,1,ROWS(제안사_투자현황),1)=$D22)*1, OFFSET(제안사_투자현황,0,14,ROWS(제안사_투자현황),1)) ) | AB22: =IF( ISBLANK($D22), "", SUMPRODUCT( (OFFSET(제안사_투자현황,0,1,ROWS(제안사_투자현황),1)=$D22)*1, OFFSET(제안사_투자현황,0,19,ROWS(제안사_투자현황),1)) ) | AC22: =IF( ISBLANK($D22), "", SUMPRODUCT( (OFFSET(제안사_투자현황,0,1,ROWS(제안사_투자현황),1)=$D22)*1, OFFSET(제안사_투자현황,0,20,ROWS(제안사_투자현황),1)) ) | AD22: =IF( ISBLANK($D22), "", SUMPRODUCT( (OFFSET(펀드_거래,0,0,ROWS(펀드_거래),1)=$D22)*1, (OFFSET(펀드_거래,0,1,ROWS(펀드_거래),1)="현금분배")*1, OFFSET(펀드_거래,0,2,ROWS(펀드_거래),1)/1000000 ) + SUMPRODUCT( (OFFSET(펀드_거래,0,0,ROWS(펀드_거래),1)=$D22)*1, (OFFSET(펀드_거래,0,1,ROWS(펀드_거래),1)="현물분배")*1, OFFSET(펀드_거래,0,2,ROWS(펀드_거래),1)/1000000 ) ) | AE22: =IF( ISBLANK($D22), "", SUMPRODUCT( (OFFSET(펀드_거래,0,0,ROWS(펀드_거래),1)=$D22)*1, (OFFSET(펀드_거래,0,1,ROWS(펀드_거래),1)="성과보수")*1, OFFSET(펀드_거래,0,2,ROWS(펀드_거래),1)/1000000) ) | AJ22: =IF( ISERROR(AC22+AH22-AI22), "", AC22+AH22-AI22 ) | AX22: =SUMIF('4.2.펀드 인력변경 이력'!A:A,D22,'4.2.펀드 인력변경 이력'!F:F) -> 0 | AY22: =SUMIF('4.2.펀드 인력변경 이력'!A:A,D22,'4.2.펀드 인력변경 이력'!G:G) -> 0 | AZ22: =IF(D22="","",IF(AY22=0,3,IF(AX22/AY22>3,3,AX22/AY22)))
S23: =IF(ISBLANK(O23),"",DATEDIF(O23,Q23,"d")/365) | W23: =IF(ISBLANK($D23), "", IF( ISERROR( XIRR( OFFSET(펀드_거래,MATCH($D23,OFFSET(펀드_거래,0,0,ROWS(펀드_거래),1),0)-1,2,COUNTIF(펀드_거래,$D23),1), OFFSET(펀드_거래,MATCH($D23,OFFSET(펀드_거래,0,0,ROWS(펀드_거래),1),0)-1,3,COUNTIF(펀드_거래,$D23),1) ) ), "N/A", XIRR( OFFSET(펀드_거래,MATCH($D23,OFFSET(펀드_거래,0,0,ROWS(펀드_거래),1),0)-1,2,COUNTIF(펀드_거래,$D23),1), OFFSET(펀드_거래,MATCH($D23,OFFSET(펀드_거래,0,0,ROWS(펀드_거래),1),0)-1,3,COUNTIF(펀드_거래,$D23),1), IF(SUM(OFFSET(펀드_거래,MATCH($D23,OFFSET(펀드_거래,0,0,ROWS(펀드_거래),1),0)-1,2,COUNTIF(펀드_거래,$D23),1))>0, 1%, -1%) ) ) ) | X23: =IF( ISBLANK($D23), "", IF(ISNUMBER(N23), (AC23+AD23+AE23+AH23-AI23)/N23, "N/A") ) | Y23: =IF( ISBLANK($D23), "", SUMPRODUCT( (OFFSET(제안사_투자현황,0,1,ROWS(제안사_투자현황),1)=$D23)*1, ISTEXT(OFFSET(제안사_투자현황,0,3,ROWS(제안사_투자현황),1))*1 ) ) | Z23: =IF( ISBLANK($D23), "0", SUMPRODUCT( (OFFSET(제안사_투자현황,0,1,ROWS(제안사_투자현황),1)=$D23)*1, OFFSET(제안사_투자현황,0,9,ROWS(제안사_투자현황),1)) ) -> 0 | AA23: =IF( ISBLANK($D23), "", SUMPRODUCT( (OFFSET(제안사_투자현황,0,1,ROWS(제안사_투자현황),1)=$D23)*1, OFFSET(제안사_투자현황,0,14,ROWS(제안사_투자현황),1)) ) | AB23: =IF( ISBLANK($D23), "", SUMPRODUCT( (OFFSET(제안사_투자현황,0,1,ROWS(제안사_투자현황),1)=$D23)*1, OFFSET(제안사_투자현황,0,19,ROWS(제안사_투자현황),1)) ) | AC23: =IF( ISBLANK($D23), "", SUMPRODUCT( (OFFSET(제안사_투자현황,0,1,ROWS(제안사_투자현황),1)=$D23)*1, OFFSET(제안사_투자현황,0,20,ROWS(제안사_투자현황),1)) ) | AD23: =IF( ISBLANK($D23), "", SUMPRODUCT( (OFFSET(펀드_거래,0,0,ROWS(펀드_거래),1)=$D23)*1, (OFFSET(펀드_거래,0,1,ROWS(펀드_거래),1)="현금분배")*1, OFFSET(펀드_거래,0,2,ROWS(펀드_거래),1)/1000000 ) + SUMPRODUCT( (OFFSET(펀드_거래,0,0,ROWS(펀드_거래),1)=$D23)*1, (OFFSET(펀드_거래,0,1,ROWS(펀드_거래),1)="현물분배")*1, OFFSET(펀드_거래,0,2,ROWS(펀드_거래),1)/1000000 ) ) | AE23: =IF( ISBLANK($D23), "", SUMPRODUCT( (OFFSET(펀드_거래,0,0,ROWS(펀드_거래),1)=$D23)*1, (OFFSET(펀드_거래,0,1,ROWS(펀드_거래),1)="성과보수")*1, OFFSET(펀드_거래,0,2,ROWS(펀드_거래),1)/1000000) ) | AJ23: =IF( ISERROR(AC23+AH23-AI23), "", AC23+AH23-AI23 ) | AX23: =SUMIF('4.2.펀드 인력변경 이력'!A:A,D23,'4.2.펀드 인력변경 이력'!F:F) -> 0 | AY23: =SUMIF('4.2.펀드 인력변경 이력'!A:A,D23,'4.2.펀드 인력변경 이력'!G:G) -> 0 | AZ23: =IF(D23="","",IF(AY23=0,3,IF(AX23/AY23>3,3,AX23/AY23)))
S24: =IF(ISBLANK(O24),"",DATEDIF(O24,Q24,"d")/365) | W24: =IF(ISBLANK($D24), "", IF( ISERROR( XIRR( OFFSET(펀드_거래,MATCH($D24,OFFSET(펀드_거래,0,0,ROWS(펀드_거래),1),0)-1,2,COUNTIF(펀드_거래,$D24),1), OFFSET(펀드_거래,MATCH($D24,OFFSET(펀드_거래,0,0,ROWS(펀드_거래),1),0)-1,3,COUNTIF(펀드_거래,$D24),1) ) ), "N/A", XIRR( OFFSET(펀드_거래,MATCH($D24,OFFSET(펀드_거래,0,0,ROWS(펀드_거래),1),0)-1,2,COUNTIF(펀드_거래,$D24),1), OFFSET(펀드_거래,MATCH($D24,OFFSET(펀드_거래,0,0,ROWS(펀드_거래),1),0)-1,3,COUNTIF(펀드_거래,$D24),1), IF(SUM(OFFSET(펀드_거래,MATCH($D24,OFFSET(펀드_거래,0,0,ROWS(펀드_거래),1),0)-1,2,COUNTIF(펀드_거래,$D24),1))>0, 1%, -1%) ) ) ) | X24: =IF( ISBLANK($D24), "", IF(ISNUMBER(N24), (AC24+AD24+AE24+AH24-AI24)/N24, "N/A") ) | Y24: =IF( ISBLANK($D24), "", SUMPRODUCT( (OFFSET(제안사_투자현황,0,1,ROWS(제안사_투자현황),1)=$D24)*1, ISTEXT(OFFSET(제안사_투자현황,0,3,ROWS(제안사_투자현황),1))*1 ) ) | Z24: =IF( ISBLANK($D24), "0", SUMPRODUCT( (OFFSET(제안사_투자현황,0,1,ROWS(제안사_투자현황),1)=$D24)*1, OFFSET(제안사_투자현황,0,9,ROWS(제안사_투자현황),1)) ) -> 0 | AA24: =IF( ISBLANK($D24), "", SUMPRODUCT( (OFFSET(제안사_투자현황,0,1,ROWS(제안사_투자현황),1)=$D24)*1, OFFSET(제안사_투자현황,0,14,ROWS(제안사_투자현황),1)) ) | AB24: =IF( ISBLANK($D24), "", SUMPRODUCT( (OFFSET(제안사_투자현황,0,1,ROWS(제안사_투자현황),1)=$D24)*1, OFFSET(제안사_투자현황,0,19,ROWS(제안사_투자현황),1)) ) | AC24: =IF( ISBLANK($D24), "", SUMPRODUCT( (OFFSET(제안사_투자현황,0,1,ROWS(제안사_투자현황),1)=$D24)*1, OFFSET(제안사_투자현황,0,20,ROWS(제안사_투자현황),1)) ) | AD24: =IF( ISBLANK($D24), "", SUMPRODUCT( (OFFSET(펀드_거래,0,0,ROWS(펀드_거래),1)=$D24)*1, (OFFSET(펀드_거래,0,1,ROWS(펀드_거래),1)="현금분배")*1, OFFSET(펀드_거래,0,2,ROWS(펀드_거래),1)/1000000 ) + SUMPRODUCT( (OFFSET(펀드_거래,0,0,ROWS(펀드_거래),1)=$D24)*1, (OFFSET(펀드_거래,0,1,ROWS(펀드_거래),1)="현물분배")*1, OFFSET(펀드_거래,0,2,ROWS(펀드_거래),1)/1000000 ) ) | AE24: =IF( ISBLANK($D24), "", SUMPRODUCT( (OFFSET(펀드_거래,0,0,ROWS(펀드_거래),1)=$D24)*1, (OFFSET(펀드_거래,0,1,ROWS(펀드_거래),1)="성과보수")*1, OFFSET(펀드_거래,0,2,ROWS(펀드_거래),1)/1000000) ) | AJ24: =IF( ISERROR(AC24+AH24-AI24), "", AC24+AH24-AI24 ) | AX24: =SUMIF('4.2.펀드 인력변경 이력'!A:A,D24,'4.2.펀드 인력변경 이력'!F:F) -> 0 | AY24: =SUMIF('4.2.펀드 인력변경 이력'!A:A,D24,'4.2.펀드 인력변경 이력'!G:G) -> 0 | AZ24: =IF(D24="","",IF(AY24=0,3,IF(AX24/AY24>3,3,AX24/AY24)))
S25: =IF(ISBLANK(O25),"",DATEDIF(O25,Q25,"d")/365) | W25: =IF(ISBLANK($D25), "", IF( ISERROR( XIRR( OFFSET(펀드_거래,MATCH($D25,OFFSET(펀드_거래,0,0,ROWS(펀드_거래),1),0)-1,2,COUNTIF(펀드_거래,$D25),1), OFFSET(펀드_거래,MATCH($D25,OFFSET(펀드_거래,0,0,ROWS(펀드_거래),1),0)-1,3,COUNTIF(펀드_거래,$D25),1) ) ), "N/A", XIRR( OFFSET(펀드_거래,MATCH($D25,OFFSET(펀드_거래,0,0,ROWS(펀드_거래),1),0)-1,2,COUNTIF(펀드_거래,$D25),1), OFFSET(펀드_거래,MATCH($D25,OFFSET(펀드_거래,0,0,ROWS(펀드_거래),1),0)-1,3,COUNTIF(펀드_거래,$D25),1), IF(SUM(OFFSET(펀드_거래,MATCH($D25,OFFSET(펀드_거래,0,0,ROWS(펀드_거래),1),0)-1,2,COUNTIF(펀드_거래,$D25),1))>0, 1%, -1%) ) ) ) | X25: =IF( ISBLANK($D25), "", IF(ISNUMBER(N25), (AC25+AD25+AE25+AH25-AI25)/N25, "N/A") ) | Y25: =IF( ISBLANK($D25), "", SUMPRODUCT( (OFFSET(제안사_투자현황,0,1,ROWS(제안사_투자현황),1)=$D25)*1, ISTEXT(OFFSET(제안사_투자현황,0,3,ROWS(제안사_투자현황),1))*1 ) ) | Z25: =IF( ISBLANK($D25), "0", SUMPRODUCT( (OFFSET(제안사_투자현황,0,1,ROWS(제안사_투자현황),1)=$D25)*1, OFFSET(제안사_투자현황,0,9,ROWS(제안사_투자현황),1)) ) -> 0 | AA25: =IF( ISBLANK($D25), "", SUMPRODUCT( (OFFSET(제안사_투자현황,0,1,ROWS(제안사_투자현황),1)=$D25)*1, OFFSET(제안사_투자현황,0,14,ROWS(제안사_투자현황),1)) ) | AB25: =IF( ISBLANK($D25), "", SUMPRODUCT( (OFFSET(제안사_투자현황,0,1,ROWS(제안사_투자현황),1)=$D25)*1, OFFSET(제안사_투자현황,0,19,ROWS(제안사_투자현황),1)) ) | AC25: =IF( ISBLANK($D25), "", SUMPRODUCT( (OFFSET(제안사_투자현황,0,1,ROWS(제안사_투자현황),1)=$D25)*1, OFFSET(제안사_투자현황,0,20,ROWS(제안사_투자현황),1)) ) | AD25: =IF( ISBLANK($D25), "", SUMPRODUCT( (OFFSET(펀드_거래,0,0,ROWS(펀드_거래),1)=$D25)*1, (OFFSET(펀드_거래,0,1,ROWS(펀드_거래),1)="현금분배")*1, OFFSET(펀드_거래,0,2,ROWS(펀드_거래),1)/1000000 ) + SUMPRODUCT( (OFFSET(펀드_거래,0,0,ROWS(펀드_거래),1)=$D25)*1, (OFFSET(펀드_거래,0,1,ROWS(펀드_거래),1)="현물분배")*1, OFFSET(펀드_거래,0,2,ROWS(펀드_거래),1)/1000000 ) ) | AE25: =IF( ISBLANK($D25), "", SUMPRODUCT( (OFFSET(펀드_거래,0,0,ROWS(펀드_거래),1)=$D25)*1, (OFFSET(펀드_거래,0,1,ROWS(펀드_거래),1)="성과보수")*1, OFFSET(펀드_거래,0,2,ROWS(펀드_거래),1)/1000000) ) | AJ25: =IF( ISERROR(AC25+AH25-AI25), "", AC25+AH25-AI25 ) | AX25: =SUMIF('4.2.펀드 인력변경 이력'!A:A,D25,'4.2.펀드 인력변경 이력'!F:F) -> 0 | AY25: =SUMIF('4.2.펀드 인력변경 이력'!A:A,D25,'4.2.펀드 인력변경 이력'!G:G) -> 0 | AZ25: =IF(D25="","",IF(AY25=0,3,IF(AX25/AY25>3,3,AX25/AY25)))
S26: =IF(ISBLANK(O26),"",DATEDIF(O26,Q26,"d")/365) | W26: =IF(ISBLANK($D26), "", IF( ISERROR( XIRR( OFFSET(펀드_거래,MATCH($D26,OFFSET(펀드_거래,0,0,ROWS(펀드_거래),1),0)-1,2,COUNTIF(펀드_거래,$D26),1), OFFSET(펀드_거래,MATCH($D26,OFFSET(펀드_거래,0,0,ROWS(펀드_거래),1),0)-1,3,COUNTIF(펀드_거래,$D26),1) ) ), "N/A", XIRR( OFFSET(펀드_거래,MATCH($D26,OFFSET(펀드_거래,0,0,ROWS(펀드_거래),1),0)-1,2,COUNTIF(펀드_거래,$D26),1), OFFSET(펀드_거래,MATCH($D26,OFFSET(펀드_거래,0,0,ROWS(펀드_거래),1),0)-1,3,COUNTIF(펀드_거래,$D26),1), IF(SUM(OFFSET(펀드_거래,MATCH($D26,OFFSET(펀드_거래,0,0,ROWS(펀드_거래),1),0)-1,2,COUNTIF(펀드_거래,$D26),1))>0, 1%, -1%) ) ) ) | X26: =IF( ISBLANK($D26), "", IF(ISNUMBER(N26), (AC26+AD26+AE26+AH26-AI26)/N26, "N/A") ) | Y26: =IF( ISBLANK($D26), "", SUMPRODUCT( (OFFSET(제안사_투자현황,0,1,ROWS(제안사_투자현황),1)=$D26)*1, ISTEXT(OFFSET(제안사_투자현황,0,3,ROWS(제안사_투자현황),1))*1 ) ) | Z26: =IF( ISBLANK($D26), "0", SUMPRODUCT( (OFFSET(제안사_투자현황,0,1,ROWS(제안사_투자현황),1)=$D26)*1, OFFSET(제안사_투자현황,0,9,ROWS(제안사_투자현황),1)) ) -> 0 | AA26: =IF( ISBLANK($D26), "", SUMPRODUCT( (OFFSET(제안사_투자현황,0,1,ROWS(제안사_투자현황),1)=$D26)*1, OFFSET(제안사_투자현황,0,14,ROWS(제안사_투자현황),1)) ) | AB26: =IF( ISBLANK($D26), "", SUMPRODUCT( (OFFSET(제안사_투자현황,0,1,ROWS(제안사_투자현황),1)=$D26)*1, OFFSET(제안사_투자현황,0,19,ROWS(제안사_투자현황),1)) ) | AC26: =IF( ISBLANK($D26), "", SUMPRODUCT( (OFFSET(제안사_투자현황,0,1,ROWS(제안사_투자현황),1)=$D26)*1, OFFSET(제안사_투자현황,0,20,ROWS(제안사_투자현황),1)) ) | AD26: =IF( ISBLANK($D26), "", SUMPRODUCT( (OFFSET(펀드_거래,0,0,ROWS(펀드_거래),1)=$D26)*1, (OFFSET(펀드_거래,0,1,ROWS(펀드_거래),1)="현금분배")*1, OFFSET(펀드_거래,0,2,ROWS(펀드_거래),1)/1000000 ) + SUMPRODUCT( (OFFSET(펀드_거래,0,0,ROWS(펀드_거래),1)=$D26)*1, (OFFSET(펀드_거래,0,1,ROWS(펀드_거래),1)="현물분배")*1, OFFSET(펀드_거래,0,2,ROWS(펀드_거래),1)/1000000 ) ) | AE26: =IF( ISBLANK($D26), "", SUMPRODUCT( (OFFSET(펀드_거래,0,0,ROWS(펀드_거래),1)=$D26)*1, (OFFSET(펀드_거래,0,1,ROWS(펀드_거래),1)="성과보수")*1, OFFSET(펀드_거래,0,2,ROWS(펀드_거래),1)/1000000) ) | AJ26: =IF( ISERROR(AC26+AH26-AI26), "", AC26+AH26-AI26 ) | AX26: =SUMIF('4.2.펀드 인력변경 이력'!A:A,D26,'4.2.펀드 인력변경 이력'!F:F) -> 0 | AY26: =SUMIF('4.2.펀드 인력변경 이력'!A:A,D26,'4.2.펀드 인력변경 이력'!G:G) -> 0 | AZ26: =IF(D26="","",IF(AY26=0,3,IF(AX26/AY26>3,3,AX26/AY26)))
... S200: =IF(ISBLANK(O200),"",DATEDIF(O200,Q200,"d")/365) | W200: =IF(ISBLANK($D200), "", IF( ISERROR( XIRR( OFFSET(펀드_거래,MATCH($D200,OFFSET(펀드_거래,0,0,ROWS(펀드_거래),1),0)-1,2,COUNTIF(펀드_거래,$D200),1), OFFSET(펀드_거래,MATCH($D200,OFFSET(펀드_거래,0,0,ROWS(펀드_거래),1),0)-1,3,COUNTIF(펀드_거래,$D200),1) ) ), "N/A", XIRR( OFFSET(펀드_거래,MATCH($D200,OFFSET(펀드_거래,0,0,ROWS(펀드_거래),1),0)-1,2,COUNTIF(펀드_거래,$D200),1), OFFSET(펀드_거래,MATCH($D200,OFFSET(펀드_거래,0,0,ROWS(펀드_거래),1),0)-1,3,COUNTIF(펀드_거래,$D200),1), IF(SUM(OFFSET(펀드_거래,MATCH($D200,OFFSET(펀드_거래,0,0,ROWS(펀드_거래),1),0)-1,2,COUNTIF(펀드_거래,$D200),1))>0, 1%, -1%) ) ) ) | X200: =IF( ISBLANK($D200), "", IF(ISNUMBER(N200), (AC200+AD200+AE200+AH200-AI200)/N200, "N/A") ) | Y200: =IF( ISBLANK($D200), "", SUMPRODUCT( (OFFSET(제안사_투자현황,0,1,ROWS(제안사_투자현황),1)=$D200)*1, ISTEXT(OFFSET(제안사_투자현황,0,3,ROWS(제안사_투자현황),1))*1 ) ) | Z200: =IF( ISBLANK($D200), "0", SUMPRODUCT( (OFFSET(제안사_투자현황,0,1,ROWS(제안사_투자현황),1)=$D200)*1, OFFSET(제안사_투자현황,0,9,ROWS(제안사_투자현황),1)) ) -> 0 | AA200: =IF( ISBLANK($D200), "", SUMPRODUCT( (OFFSET(제안사_투자현황,0,1,ROWS(제안사_투자현황),1)=$D200)*1, OFFSET(제안사_투자현황,0,14,ROWS(제안사_투자현황),1)) ) | AB200: =IF( ISBLANK($D200), "", SUMPRODUCT( (OFFSET(제안사_투자현황,0,1,ROWS(제안사_투자현황),1)=$D200)*1, OFFSET(제안사_투자현황,0,19,ROWS(제안사_투자현황),1)) ) | AC200: =IF( ISBLANK($D200), "", SUMPRODUCT( (OFFSET(제안사_투자현황,0,1,ROWS(제안사_투자현황),1)=$D200)*1, OFFSET(제안사_투자현황,0,20,ROWS(제안사_투자현황),1)) ) | AD200: =IF( ISBLANK($D200), "", SUMPRODUCT( (OFFSET(펀드_거래,0,0,ROWS(펀드_거래),1)=$D200)*1, (OFFSET(펀드_거래,0,1,ROWS(펀드_거래),1)="현금분배")*1, OFFSET(펀드_거래,0,2,ROWS(펀드_거래),1)/1000000 ) + SUMPRODUCT( (OFFSET(펀드_거래,0,0,ROWS(펀드_거래),1)=$D200)*1, (OFFSET(펀드_거래,0,1,ROWS(펀드_거래),1)="현물분배")*1, OFFSET(펀드_거래,0,2,ROWS(펀드_거래),1)/1000000 ) ) | AE200: =IF( ISBLANK($D200), "", SUMPRODUCT( (OFFSET(펀드_거래,0,0,ROWS(펀드_거래),1)=$D200)*1, (OFFSET(펀드_거래,0,1,ROWS(펀드_거래),1)="성과보수")*1, OFFSET(펀드_거래,0,2,ROWS(펀드_거래),1)/1000000) ) | AJ200: =IF( ISERROR(AC200+AH200-AI200), "", AC200+AH200-AI200 ) | AX200: =SUMIF('4.2.펀드 인력변경 이력'!A:A,D200,'4.2.펀드 인력변경 이력'!F:F) -> 0 | AY200: =SUMIF('4.2.펀드 인력변경 이력'!A:A,D200,'4.2.펀드 인력변경 이력'!G:G) -> 0 | AZ200: =IF(D200="","",IF(AY200=0,3,IF(AX200/AY200>3,3,AX200/AY200)))

Sheet 2.4.제안사 투자현황
A1: RFPID | B1: GPID | C1: Seq | D1: FinancialResource | E1: FundName | F1: FundCompanySSN | G1: InvtComName | J1: MainIndustryDesc | K1: InvestYMD | L1: TujaTypeDesc | M1: InvestAmt | N1: IsCollectedDesc | O1: PropFundInvtComIRR | P1: JointInvestor | Q1: CollectYMD | R1: CollectAmt | S1: CollectBV | T1: CollectMethodDesc | V1: IsMarketableDesc | W1: AmtBal | X1: AmtBalValue | Y1: AmtBalValueDesc | Z1: ContactPersonName | AC1: OtherRemark | AD1: InvComDate | AE1: StartComConf | AF1: StartInvYMD
E2: 1 | F2: 2 | G2: 3 | H2: 4 | I2: 5 | J2: 6 | K2: 7 | L2: 8 | M2: 9 | N2: 10 | O2: 11 | P2: 12 | Q2: 13 | R2: 14 | S2: 15 | T2: 16 | U2: 17 | V2: 18 | W2: 19 | X2: 20 | Y2: 21 | Z2: 22 | AA2: 23 | AB2: 24 | AC2: 25 | AD2: 26 | AE2: 27 | AF2: 28
D3: 투자 | Q3: 회수투자자산 | V3: 미회수투자자산 | AA3: 손상차손 인식여부 | AC3: 기타사항 | AD3: 피투자기업 설립일 | AF3: 설립 ~ 투자 | AG3: 주요 제품 및 서비스 | AH3: 주목적분야 해당 여부 | AI3: 주목적분야 세부분류 | AJ3: 투자원금 검증
A4: 모집단위ID | B4: 운용사ID | C4: 일련번호 | D4: 투자계정 구분 | E4: 펀드명 | F4: 펀드사업자 등록번호 | G4: 피투자기업명 (피투자자산명) | H4: 기업규모 | I4: 피투자기업 법인유형 (피투자자산 유형) | J4: 피투자기업 주요산업분야 | K4: 투자일 | L4: 투자유형 | M4: 투자금액 | N4: 회수구분 | O4: 투자 수익률 (IRR) | P4: 동반투자자 | Q4: 최종회수일 | R4: 회수총액 | S4: 투자원금 | T4: 회수방법 | U4: 투자기간 | V4: 시장성유무 | W4: 투자원금 | X4: 가치 | Y4: 가치산출근거 | Z4: 현재 담당자 성명 | AA4: 손상차손여부 | AB4: 투자원금
D11: 펀드계정 | E11: 펀드1호 | F11: =IF(ISBLANK($E11),"",VLOOKUP($E11,제안사_펀드현황,2,FALSE)) -> 000-00-00000 | G11: ABD㈜ | H11: 중소(벤처) | I11: 국내설립법인 또는 해외현지법인 | J11: 기타 | K11: 39508 | L11: 우선주 | M11: 3000 | N11: 회수료 | O11: 0.02 | Q11: 40161 | R11: 4000 | S11: 3000 | T11: 코스닥 | U11: =IF(ISBLANK(Q11),"",DATEDIF(K11,Q11,"d")/365) -> 1.7890411 | AA11: 해당사항 없음 | AD11: 36330 | AF11: =IF(AE11="YES",(K11-AD11)/365,"") | AH11: 방산기업 | AI11: 방위산업체 지정 | AJ11: =ROUND(M11,)=ROUND(S11,)+ROUND(AB11,)+ROUND(W11,) -> TRUE
D12: 펀드계정 | E12: 펀드1호 | F12: =IF(ISBLANK($E12),"",VLOOKUP($E12,제안사_펀드현황,2,FALSE)) -> 000-00-00000 | G12: ABC Inc. | H12: 중견 | I12: 국내설립법인 또는 해외현지법인 | J12: 전자/반도체 | K12: 39508 | L12: CB | M12: 2000 | N12: 부분회수 | Q12: 40228 | R12: 0 | S12: 0 | T12: 코스피 | U12: =IF(ISBLANK(Q12),"",DATEDIF(K12,Q12,"d")/365) -> 1.9726027 | V12: YES | W12: 2000 | X12: 2075.0515 | Y12: 25.06.30 거래소 종가 | Z12: 이00 | AA12: 해당사항 없음 | AD12: 37987 | AF12: =IF(AE12="YES",(K12-AD12)/365,"") | AH12: 방산기업 | AI12: 방위산업물자 등 연구개발 또는 생산 | AJ12: =ROUND(M12,)=ROUND(S12,)+ROUND(AB12,)+ROUND(W12,) -> TRUE
D13: 펀드계정 | E13: 펀드1호 | F13: =IF(ISBLANK($E13),"",VLOOKUP($E13,제안사_펀드현황,2,FALSE)) -> 000-00-00000 | G13: CDE Inc. | H13: 기타 | I13: 외국법인 | J13: 바이오 | K13: 39508 | L13: 우선주 | M13: 999.99188 | N13: 미회수 | U13: =IF(ISBLANK(Q13),"",DATEDIF(K13,Q13,"d")/365) | V13: NO | W13: 999.99188 | X13: 999.99188 | Y13: 25.06.30 장부가액 | Z13: 김00 | AA13: 해당사항 없음 | AD13: 37987 | AF13: =IF(AE13="YES",(K13-AD13)/365,"") | AH13: 미해당 | AJ13: =ROUND(M13,)=ROUND(S13,)+ROUND(AB13,)+ROUND(W13,) -> TRUE
D14: 펀드계정 | E14: 펀드2호 | F14: =IF(ISBLANK($E14),"",VLOOKUP($E14,제안사_펀드현황,2,FALSE)) -> 000-00-00001 | G14: 가나다㈜ | H14: 대기업 | I14: 국내설립법인 또는 해외현지법인 | J14: 기타 | K14: 39904 | L14: BW | M14: 1000 | N14: 부분회수 | Q14: 40220 | R14: 100 | S14: 100 | T14: 운용사고유계정매각 | U14: =IF(ISBLANK(Q14),"",DATEDIF(K14,Q14,"d")/365) -> 0.86575342 | V14: NO | W14: 900 | X14: 900 | Y14: 25.06.30 장부가액 | Z14: 이00 | AA14: 해당사항 없음 | AD14: 37623 | AF14: =IF(AE14="YES",(K14-AD14)/365,"") | AH14: 방산기업 | AI14: 으뜸기업 또는 전문기업 | AJ14: =ROUND(M14,)=ROUND(S14,)+ROUND(AB14,)+ROUND(W14,) -> TRUE
D15: 펀드계정 | E15: 펀드2호 | F15: =IF(ISBLANK($E15),"",VLOOKUP($E15,제안사_펀드현황,2,FALSE)) -> 000-00-00001 | G15: ㈜가나다 | H15: 중소(벤처) | I15: 국내설립법인 또는 해외현지법인 | J15: 산업재 | K15: 39904 | L15: 우선주 | M15: 999.999 | N15: 회수료 | O15: 0.06 | Q15: 40149 | R15: 1150 | S15: 1000 | T15: 상환 | U15: =IF(ISBLANK(Q15),"",DATEDIF(K15,Q15,"d")/365) -> 0.67123288 | AA15: 해당사항 없음 | AD15: 37624 | AF15: =IF(AE15="YES",(K15-AD15)/365,"") | AH15: 방산기업 | AI15: 방위산업체의 협력사 | AJ15: =ROUND(M15,)=ROUND(S15,)+ROUND(AB15,)+ROUND(W15,) -> TRUE
D16: 펀드계정 | E16: 펀드2호 | F16: =IF(ISBLANK($E16),"",VLOOKUP($E16,제안사_펀드현황,2,FALSE)) -> 000-00-00001 | G16: 라마바㈜ | H16: 기타 | I16: 외국법인 | J16: 엔터테인먼트 | K16: 39965 | L16: 기타 주식연계채권 | M16: 7000 | N16: 부분회수 | Q16: 40064 | R16: 1200 | S16: 1000 | T16: 환매 | U16: =IF(ISBLANK(Q16),"",DATEDIF(K16,Q16,"d")/365) -> 0.27123288 | V16: NO | W16: 6000 | X16: 7444.5257 | Y16: 25.06.30 장부가액 | Z16: 박00 | AA16: 해당사항 없음 | AD16: 37625 | AF16: =IF(AE16="YES",(K16-AD16)/365,"") | AH16: 방산기업 | AI16: 방산 육성 사업 선정 | AJ16: =ROUND(M16,)=ROUND(S16,)+ROUND(AB16,)+ROUND(W16,) -> TRUE
D17: 펀드계정 | E17: 펀드3호 | F17: =IF(ISBLANK($E17),"",VLOOKUP($E17,제안사_펀드현황,2,FALSE)) -> 000-00-00002 | G17: GHI Inc. | H17: 중견 | I17: 국내설립법인 또는 해외현지법인 | J17: 전자/반도체 | K17: 40179 | L17: 기타 주식연계채권 | M17: 2000 | N17: 부분회수 | Q17: 40785 | U17: =IF(ISBLANK(Q17),"",DATEDIF(K17,Q17,"d")/365) -> 1.660274 | V17: NO | W17: 1980 | X17: 20 | Y17: 25.06.30 장부가액 | Z17: 박00 | AA17: 해당사항 없음 | AB17: 20 | AC17: 손실처리 | AD17: 37626 | AF17: =IF(AE17="YES",(K17-AD17)/365,"") | AH17: 방산기업 | AI17: 해외 수출 실적 보유 | AJ17: =ROUND(M17,)=ROUND(S17,)+ROUND(AB17,)+ROUND(W17,) -> TRUE
D18: 펀드계정 | E18: 펀드3호 | F18: =IF(ISBLANK($E18),"",VLOOKUP($E18,제안사_펀드현황,2,FALSE)) -> 000-00-00002 | G18: AAA Inc. | H18: 중소(벤처) | I18: 국내설립법인 또는 해외현지법인 | J18: 전자/반도체 | K18: 40544 | L18: 우선주 | M18: 2000 | N18: 미회수 | U18: =IF(ISBLANK(Q18),"",DATEDIF(K18,Q18,"d")/365) | V18: NO | W18: 2000 | X18: 2000 | Y18: 25.06.30 장부가액 | Z18: 박00 | AA18: 해당사항 없음 | AD18: 37627 | AF18: =IF(AE18="YES",(K18-AD18)/365,"") | AH18: 미해당 | AJ18: =ROUND(M18,)=ROUND(S18,)+ROUND(AB18,)+ROUND(W18,) -> TRUE
U19: =IF(ISBLANK(Q19),"",DATEDIF(K19,Q19,"d")/365) | AF19: =IF(AE19="YES",(K19-AD19)/365,"") | AJ19: =ROUND(M19,)=ROUND(S19,)+ROUND(AB19,)+ROUND(W19,) -> TRUE
F20: =IF(ISBLANK($E20),"",VLOOKUP($E20,제안사_펀드현황,2,FALSE)) | U20: =IF(ISBLANK(Q20),"",DATEDIF(K20,Q20,"d")/365) | AJ20: =ROUND(M20,)=ROUND(S20,)+ROUND(AB20,)+ROUND(W20,) -> TRUE
F21: =IF(ISBLANK($E21),"",VLOOKUP($E21,제안사_펀드현황,2,FALSE)) | U21: =IF(ISBLANK(Q21),"",DATEDIF(K21,Q21,"d")/365) | AF21: =IF(AE21="YES",(K21-AD21)/365,"") | AJ21: =ROUND(M21,)=ROUND(S21,)+ROUND(AB21,)+ROUND(W21,) -> TRUE
F22: =IF(ISBLANK($E22),"",VLOOKUP($E22,제안사_펀드현황,2,FALSE)) | U22: =IF(ISBLANK(Q22),"",DATEDIF(K22,Q22,"d")/365) | AF22: =IF(AE22="YES",(K22-AD22)/365,"") | AJ22: =ROUND(M22,)=ROUND(S22,)+ROUND(AB22,)+ROUND(W22,) -> TRUE
F23: =IF(ISBLANK($E23),"",VLOOKUP($E23,제안사_펀드현황,2,FALSE)) | U23: =IF(ISBLANK(Q23),"",DATEDIF(K23,Q23,"d")/365) | AF23: =IF(AE23="YES",(K23-AD23)/365,"") | AJ23: =ROUND(M23,)=ROUND(S23,)+ROUND(AB23,)+ROUND(W23,) -> TRUE
F24: =IF(ISBLANK($E24),"",VLOOKUP($E24,제안사_펀드현황,2,FALSE)) | U24: =IF(ISBLANK(Q24),"",DATEDIF(K24,Q24,"d")/365) | AF24: =IF(AE24="YES",(K24-AD24)/365,"") | AJ24: =ROUND(M24,)=ROUND(S24,)+ROUND(AB24,)+ROUND(W24,) -> TRUE
F25: =IF(ISBLANK($E25),"",VLOOKUP($E25,제안사_펀드현황,2,FALSE)) | U25: =IF(ISBLANK(Q25),"",DATEDIF(K25,Q25,"d")/365) | AF25: =IF(AE25="YES",(K25-AD25)/365,"") | AJ25: =ROUND(M25,)=ROUND(S25,)+ROUND(AB25,)+ROUND(W25,) -> TRUE
F26: =IF(ISBLANK($E26),"",VLOOKUP($E26,제안사_펀드현황,2,FALSE)) | U26: =IF(ISBLANK(Q26),"",DATEDIF(K26,Q26,"d")/365) | AF26: =IF(AE26="YES",(K26-AD26)/365,"") | AJ26: =ROUND(M26,)=ROUND(S26,)+ROUND(AB26,)+ROUND(W26,) -> TRUE
F27: =IF(ISBLANK($E27),"",VLOOKUP($E27,제안사_펀드현황,2,FALSE)) | U27: =IF(ISBLANK(Q27),"",DATEDIF(K27,Q27,"d")/365) | AF27: =IF(AE27="YES",(K27-AD27)/365,"") | AJ27: =ROUND(M27,)=ROUND(S27,)+ROUND(AB27,)+ROUND(W27,) -> TRUE
F28: =IF(ISBLANK($E28),"",VLOOKUP($E28,제안사_펀드현황,2,FALSE)) | U28: =IF(ISBLANK(Q28),"",DATEDIF(K28,Q28,"d")/365) | AF28: =IF(AE28="YES",(K28-AD28)/365,"") | AJ28: =ROUND(M28,)=ROUND(S28,)+ROUND(AB28,)+ROUND(W28,) -> TRUE
F29: =IF(ISBLANK($E29),"",VLOOKUP($E29,제안사_펀드현황,2,FALSE)) | U29: =IF(ISBLANK(Q29),"",DATEDIF(K29,Q29,"d")/365) | AF29: =IF(AE29="YES",(K29-AD29)/365,"") | AJ29: =ROUND(M29,)=ROUND(S29,)+ROUND(AB29,)+ROUND(W29,) -> TRUE
F30: =IF(ISBLANK($E30),"",VLOOKUP($E30,제안사_펀드현황,2,FALSE)) | U30: =IF(ISBLANK(Q30),"",DATEDIF(K30,Q30,"d")/365) | AF30: =IF(AE30="YES",(K30-AD30)/365,"") | AJ30: =ROUND(M30,)=ROUND(S30,)+ROUND(AB30,)+ROUND(W30,) -> TRUE
F31: =IF(ISBLANK($E31),"",VLOOKUP($E31,제안사_펀드현황,2,FALSE)) | U31: =IF(ISBLANK(Q31),"",DATEDIF(K31,Q31,"d")/365) | AF31: =IF(AE31="YES",(K31-AD31)/365,"") | AJ31: =ROUND(M31,)=ROUND(S31,)+ROUND(AB31,)+ROUND(W31,) -> TRUE
F32: =IF(ISBLANK($E32),"",VLOOKUP($E32,제안사_펀드현황,2,FALSE)) | U32: =IF(ISBLANK(Q32),"",DATEDIF(K32,Q32,"d")/365) | AF32: =IF(AE32="YES",(K32-AD32)/365,"") | AJ32: =ROUND(M32,)=ROUND(S32,)+ROUND(AB32,)+ROUND(W32,) -> TRUE
... F1000: =IF(ISBLANK($E1000),"",VLOOKUP($E1000,제안사_펀드현황,2,FALSE)) | U1000: =IF(ISBLANK(Q1000),"",DATEDIF(K1000,Q1000,"d")/365) | AF1000: =IF(AE1000="YES",(K1000-AD1000)/365,"") | AJ1000: =ROUND(M1000,)=ROUND(S1000,)+ROUND(AB1000,)+ROUND(W1000,) -> TRUE

Sheet 3.1.참여인력 개요
A1: RFPID | B1: GPID | C1: FundMgrID | D1: FundMgrName | E1: BirthYMDS | F1: NationalityDesc | G1: CurrentCompany | H1: BuName | I1: JobTitleName | J1: FundMgrRoleDesc | K1: TelNo | L1: MBTLTelNo | M1: Email | N1: FundMgrGradeDesc | O1: IsSanctionDesc | P1: SanctionDesc | Q1: RoleInPropFund | R1: CareerYears | S1: AllInvtComCount | T1: AllExitInvtComCount | U1: AllInvestAmt | V1: AllCollectAmt | W1: AllInvestBalBV | X1: AllInvestBalEvalAmt | Y1: AllWAROI | Z1: AllExitWAROI | AA1: AllCurNoExitInvtComCount | AB1: AllCurInvestBalBV | AC1: AllCurInvestBalEvalAmt
D3: 참여인력 | G3: 현재 재직회사 | N3: 인력구분 | O3: 제재 | Q3: 제안펀드에서의 역할 | R3: 운용인력 투자관련 경력연수 | S3: 투자및회수실적(전체투자건) | AA3: 현재 관리중인 투자(전체투자건)
A4: 모집단위ID | B4: 운용사ID | C4: 운용인력ID | D4: 성명 | E4: 생년월일 | F4: 국적 | G4: 회사명 | H4: 부서 | I4: 직위 | J4: 주요담당업무 | K4: 전화번호 | L4: 휴대전화번호 | M4: 이메일 | O4: 제재경력여부 | P4: 제재내역 | S4: 투자건수 | T4: 투자건수 (회수료) | U4: 투자총액 | V4: 회수총액 | W4: 미회수투자자산 투자원금총액 | X4: 미회수투자자산 가치총액 | Y4: 투자금액 가중평균수익률 | Z4: 투자금액 가중평균수익률 (회수료) | AA4: 미회수 투자건수 | AB4: 미회수투자자산 투자원금총액 | AC4: 미회수투자자산가치총액
D11: 이00 | E11: 25569 | F11: 대한민국 | G11: 가인베스트먼트㈜ | H11: 투자1본부 | I11: 투자이사 | J11: 펀드매니저 | K11: 02-0000-0000 | L11: 010-0000-0000 | N11: 핵심운용인력 | O11: YES | R11: =IF(ISBLANK($D11), "", IF(N11="핵심운용인력", SUMPRODUCT((OFFSET(핵심인력_경력,0,0,ROWS(핵심인력_경력),1)=$D11)*1, OFFSET(핵심인력_경력,0,9,ROWS(핵심인력_경력),1), (OFFSET(핵심인력_경력,0,10,ROWS(핵심인력_경력),1)="A")*1)+SUMPRODUCT((OFFSET(핵심인력_경력,0,0,ROWS(핵심인력_경력),1)=$D11)*1, OFFSET(핵심인력_경력,0,9,ROWS(핵심인력_경력),1), (OFFSET(핵심인력_경력,0,10,ROWS(핵심인력_경력),1)="B")*1)*0.7, SUMPRODUCT((OFFSET(일반인력_경력,0,0,ROWS(일반인력_경력),1)=$D11)*1, OFFSET(일반인력_경력,0,9,ROWS(일반인력_경력),1), (OFFSET(일반인력_경력,0,10,ROWS(일반인력_경력),1)="A")*1)+SUMPRODUCT((OFFSET(일반인력_경력,0,0,ROWS(일반인력_경력),1)=$D11)*1, OFFSET(일반인력_경력,0,9,ROWS(일반인력_경력),1), (OFFSET(일반인력_경력,0,10,ROWS(일반인력_경력),1)="B")*1)*0.7 ) ) -> 22.109041 | S11: =IF(ISBLANK($D11), "", IF(VLOOKUP($D11,참여인력_개요,11,FALSE)="관리인력", "", IF(N11="핵심운용인력", SUMPRODUCT((OFFSET(핵심인력_투자현황,0,0,ROWS(핵심인력_투자현황),1)=$D11)*1, ISTEXT(OFFSET(핵심인력_투자현황,0,11,ROWS(핵심인력_투자현황),1))*1), SUMPRODUCT((OFFSET(일반인력_투자현황,0,0,ROWS(일반인력_투자현황),1)=$D11)*1, ISTEXT(OFFSET(일반인력_투자현황,0,11,ROWS(일반인력_투자현황),1))*1)) ) ) -> 3 | T11: =IF(ISBLANK($D11), "", IF(VLOOKUP($D11,참여인력_개요,11,FALSE)="관리인력", "", IF(N11="핵심운용인력", SUMPRODUCT((OFFSET(핵심인력_투자현황,0,0,ROWS(핵심인력_투자현황),1)=$D11)*1, (OFFSET(핵심인력_투자현황,0,17,ROWS(핵심인력_투자현황),1)="회수료")*1), SUMPRODUCT((OFFSET(일반인력_투자현황,0,0,ROWS(일반인력_투자현황),1)=$D11)*1, (OFFSET(일반인력_투자현황,0,17,ROWS(일반인력_투자현황),1)="회수료")*1)))) -> 2 | U11: =IF(ISBLANK($D11), "", IF(VLOOKUP($D11,참여인력_개요,11,FALSE)="관리인력", "", IF(N11="핵심운용인력", SUMPRODUCT((OFFSET(핵심인력_투자현황,0,0,ROWS(핵심인력_투자현황),1)=$D11)*1, OFFSET(핵심인력_투자현황,0,16,ROWS(핵심인력_투자현황),1)), SUMPRODUCT((OFFSET(일반인력_투자현황,0,0,ROWS(일반인력_투자현황),1)=$D11)*1, OFFSET(일반인력_투자현황,0,16,ROWS(일반인력_투자현황),1)) ))) -> 1900 | V11: =IF(ISBLANK($D11), "", IF(VLOOKUP($D11,참여인력_개요,11,FALSE)="관리인력", "", IF(N11="핵심운용인력", SUMPRODUCT((OFFSET(핵심인력_투자현황,0,0,ROWS(핵심인력_투자현황),1)=$D11)*1, OFFSET(핵심인력_투자현황,0,20,ROWS(핵심인력_투자현황),1)), SUMPRODUCT((OFFSET(일반인력_투자현황,0,0,ROWS(일반인력_투자현황),1)=$D11)*1, OFFSET(일반인력_투자현황,0,20,ROWS(일반인력_투자현황),1)) ))) -> 1446 | W11: =IF(ISBLANK($D11), "", IF(VLOOKUP($D11,참여인력_개요,11,FALSE)="관리인력", "", IF(N11="핵심운용인력", SUMPRODUCT((OFFSET(핵심인력_투자현황,0,0,ROWS(핵심인력_투자현황),1)=$D11)*1, OFFSET(핵심인력_투자현황,0,25,ROWS(핵심인력_투자현황),1)), SUMPRODUCT((OFFSET(일반인력_투자현황,0,0,ROWS(일반인력_투자현황),1)=$D11)*1, OFFSET(일반인력_투자현황,0,25,ROWS(일반인력_투자현황),1)) ))) -> 750 | X11: =IF(ISBLANK($D11), "", IF(VLOOKUP($D11,참여인력_개요,11,FALSE)="관리인력", "", IF(N11="핵심운용인력", SUMPRODUCT((OFFSET(핵심인력_투자현황,0,0,ROWS(핵심인력_투자현황),1)=$D11)*1, OFFSET(핵심인력_투자현황,0,26,ROWS(핵심인력_투자현황),1)), SUMPRODUCT((OFFSET(일반인력_투자현황,0,0,ROWS(일반인력_투자현황),1)=$D11)*1, OFFSET(일반인력_투자현황,0,26,ROWS(일반인력_투자현황),1)) ))) -> 810 | Y11: =IF(ISBLANK($D11), "", IF(VLOOKUP($D11,참여인력_개요,11,FALSE)="관리인력", "", IF(N11="핵심운용인력", SUMPRODUCT((OFFSET(핵심인력_투자현황,0,0,ROWS(핵심인력_투자현황),1)=$D11)*1, OFFSET(핵심인력_투자현황,0,16,ROWS(핵심인력_투자현황),1), OFFSET(핵심인력_투자현황,0,18,ROWS(핵심인력_투자현황),1))/U11, SUMPRODUCT((OFFSET(일반인력_투자현황,0,0,ROWS(일반인력_투자현황),1)=$D11)*1, OFFSET(일반인력_투자현황,0,16,ROWS(일반인력_투자현황),1), OFFSET(일반인력_투자현황,0,18,ROWS(일반인력_투자현황),1))/U11 ))) -> 0.10681053 | Z11: =IF(ISBLANK($D11), "",IF(VLOOKUP($D11,참여인력_개요,11,FALSE)="관리인력", "", IF(N11="핵심운용인력", IF(SUMPRODUCT( (OFFSET(핵심인력_투자현황,0,0,ROWS(핵심인력_투자현황),1)=$D11)*1, OFFSET(핵심인력_투자현황,0,16,ROWS(핵심인력_투자현황),1), (OFFSET(핵심인력_투자현황,0,17,ROWS(핵심인력_투자현황),1)="회수료")*1 ) = 0, "N/A", SUMPRODUCT( (OFFSET(핵심인력_투자현황,0,0,ROWS(핵심인력_투자현황),1)=$D11)*1, OFFSET(핵심인력_투자현황,0,16,ROWS(핵심인력_투자현황),1), (OFFSET(핵심인력_투자현황,0,17,ROWS(핵심인력_투자현황),1)="회수료")*1, OFFSET(핵심인력_투자현황,0,18,ROWS(핵심인력_투자현황),1) ) / SUMPRODUCT( (OFFSET(핵심인력_투자현황,0,0,ROWS(핵심인력_투자현황),1)=$D11)*1, OFFSET(핵심인력_투자현황,0,16,ROWS(핵심인력_투자현황),1), (OFFSET(핵심인력_투자현황,0,17,ROWS(핵심인력_투자현황),1)="회수료")*1 ) ), IF(SUMPRODUCT( (OFFSET(일반인력_투자현황,0,0,ROWS(일반인력_투자현황),1)=$D11)*1, OFFSET(일반인력_투자현황,0,16,ROWS(일반인력_투자현황),1), (OFFSET(일반인력_투자현황,0,17,ROWS(일반인력_투자현황),1)="회수료")*1 ) = 0, "N/A", SUMPRODUCT( (OFFSET(일반인력_투자현황,0,0,ROWS(일반인력_투자현황),1)=$D11)*1, OFFSET(일반인력_투자현황,0,16,ROWS(일반인력_투자현황),1), (OFFSET(일반인력_투자현황,0,17,ROWS(일반인력_투자현황),1)="회수료")*1, OFFSET(일반인력_투자현황,0,18,ROWS(일반인력_투자현황),1) ) / SUMPRODUCT( (OFFSET(일반인력_투자현황,0,0,ROWS(일반인력_투자현황),1)=$D11)*1, OFFSET(일반인력_투자현황,0,16,ROWS(일반인력_투자현황),1), (OFFSET(일반인력_투자현황,0,17,ROWS(일반인력_투자현황),1)="회수료")*1 ) ) ))) -> 0.146 | AA11: =IF(ISBLANK($D11), "", IF(VLOOKUP($D11,참여인력_개요,11,FALSE)="관리인력", "", SUMPRODUCT( (OFFSET(제안사_투자현황,0,22,ROWS(제안사_투자현황),1)=$D11)*1, (OFFSET(제안사_투자현황,0,10,ROWS(제안사_투자현황),1)<>"회수료")*1 ) )) -> 2 | AB11: =IF(ISBLANK($D11), "", IF(VLOOKUP($D11,참여인력_개요,11,FALSE)="관리인력", "", SUMPRODUCT( (OFFSET(제안사_투자현황,0,22,ROWS(제안사_투자현황),1)=$D11)*1, (OFFSET(제안사_투자현황,0,10,ROWS(제안사_투자현황),1)<>"회수료")*1, OFFSET(제안사_투자현황,0,19,ROWS(제안사_투자현황),1) ) ) ) -> 2900 | AC11: =IF(ISBLANK($D11), "", IF(VLOOKUP($D11,참여인력_개요,11,FALSE)="관리인력", "", SUMPRODUCT( (OFFSET(제안사_투자현황,0,22,ROWS(제안사_투자현황),1)=$D11)*1, (OFFSET(제안사_투자현황,0,10,ROWS(제안사_투자현황),1)<>"회수료")*1, OFFSET(제안사_투자현황,0,20,ROWS(제안사_투자현황),1) ) ) ) -> 2975.0515
D12: 정00 | E12: 31705 | N12: 핵심운용인력 | O12: NO | R12: =IF(ISBLANK($D12), "", IF(N12="핵심운용인력", SUMPRODUCT((OFFSET(핵심인력_경력,0,0,ROWS(핵심인력_경력),1)=$D12)*1, OFFSET(핵심인력_경력,0,9,ROWS(핵심인력_경력),1), (OFFSET(핵심인력_경력,0,10,ROWS(핵심인력_경력),1)="A")*1)+SUMPRODUCT((OFFSET(핵심인력_경력,0,0,ROWS(핵심인력_경력),1)=$D12)*1, OFFSET(핵심인력_경력,0,9,ROWS(핵심인력_경력),1), (OFFSET(핵심인력_경력,0,10,ROWS(핵심인력_경력),1)="B")*1)*0.7, SUMPRODUCT((OFFSET(일반인력_경력,0,0,ROWS(일반인력_경력),1)=$D12)*1, OFFSET(일반인력_경력,0,9,ROWS(일반인력_경력),1), (OFFSET(일반인력_경력,0,10,ROWS(일반인력_경력),1)="A")*1)+SUMPRODUCT((OFFSET(일반인력_경력,0,0,ROWS(일반인력_경력),1)=$D12)*1, OFFSET(일반인력_경력,0,9,ROWS(일반인력_경력),1), (OFFSET(일반인력_경력,0,10,ROWS(일반인력_경력),1)="B")*1)*0.7 ) ) -> 0 | S12: =IF(ISBLANK($D12), "", IF(VLOOKUP($D12,참여인력_개요,11,FALSE)="관리인력", "", IF(N12="핵심운용인력", SUMPRODUCT((OFFSET(핵심인력_투자현황,0,0,ROWS(핵심인력_투자현황),1)=$D12)*1, ISTEXT(OFFSET(핵심인력_투자현황,0,11,ROWS(핵심인력_투자현황),1))*1), SUMPRODUCT((OFFSET(일반인력_투자현황,0,0,ROWS(일반인력_투자현황),1)=$D12)*1, ISTEXT(OFFSET(일반인력_투자현황,0,11,ROWS(일반인력_투자현황),1))*1)) ) ) -> 1 | T12: =IF(ISBLANK($D12), "", IF(VLOOKUP($D12,참여인력_개요,11,FALSE)="관리인력", "", IF(N12="핵심운용인력", SUMPRODUCT((OFFSET(핵심인력_투자현황,0,0,ROWS(핵심인력_투자현황),1)=$D12)*1, (OFFSET(핵심인력_투자현황,0,17,ROWS(핵심인력_투자현황),1)="회수료")*1), SUMPRODUCT((OFFSET(일반인력_투자현황,0,0,ROWS(일반인력_투자현황),1)=$D12)*1, (OFFSET(일반인력_투자현황,0,17,ROWS(일반인력_투자현황),1)="회수료")*1)))) -> 1 | U12: =IF(ISBLANK($D12), "", IF(VLOOKUP($D12,참여인력_개요,11,FALSE)="관리인력", "", IF(N12="핵심운용인력", SUMPRODUCT((OFFSET(핵심인력_투자현황,0,0,ROWS(핵심인력_투자현황),1)=$D12)*1, OFFSET(핵심인력_투자현황,0,16,ROWS(핵심인력_투자현황),1)), SUMPRODUCT((OFFSET(일반인력_투자현황,0,0,ROWS(일반인력_투자현황),1)=$D12)*1, OFFSET(일반인력_투자현황,0,16,ROWS(일반인력_투자현황),1)) ))) -> 390 | V12: =IF(ISBLANK($D12), "", IF(VLOOKUP($D12,참여인력_개요,11,FALSE)="관리인력", "", IF(N12="핵심운용인력", SUMPRODUCT((OFFSET(핵심인력_투자현황,0,0,ROWS(핵심인력_투자현황),1)=$D12)*1, OFFSET(핵심인력_투자현황,0,20,ROWS(핵심인력_투자현황),1)), SUMPRODUCT((OFFSET(일반인력_투자현황,0,0,ROWS(일반인력_투자현황),1)=$D12)*1, OFFSET(일반인력_투자현황,0,20,ROWS(일반인력_투자현황),1)) ))) -> 200 | W12: =IF(ISBLANK($D12), "", IF(VLOOKUP($D12,참여인력_개요,11,FALSE)="관리인력", "", IF(N12="핵심운용인력", SUMPRODUCT((OFFSET(핵심인력_투자현황,0,0,ROWS(핵심인력_투자현황),1)=$D12)*1, OFFSET(핵심인력_투자현황,0,25,ROWS(핵심인력_투자현황),1)), SUMPRODUCT((OFFSET(일반인력_투자현황,0,0,ROWS(일반인력_투자현황),1)=$D12)*1, OFFSET(일반인력_투자현황,0,25,ROWS(일반인력_투자현황),1)) ))) -> 240 | X12: =IF(ISBLANK($D12), "", IF(VLOOKUP($D12,참여인력_개요,11,FALSE)="관리인력", "", IF(N12="핵심운용인력", SUMPRODUCT((OFFSET(핵심인력_투자현황,0,0,ROWS(핵심인력_투자현황),1)=$D12)*1, OFFSET(핵심인력_투자현황,0,26,ROWS(핵심인력_투자현황),1)), SUMPRODUCT((OFFSET(일반인력_투자현황,0,0,ROWS(일반인력_투자현황),1)=$D12)*1, OFFSET(일반인력_투자현황,0,26,ROWS(일반인력_투자현황),1)) ))) -> 300 | Y12: =IF(ISBLANK($D12), "", IF(VLOOKUP($D12,참여인력_개요,11,FALSE)="관리인력", "", IF(N12="핵심운용인력", SUMPRODUCT((OFFSET(핵심인력_투자현황,0,0,ROWS(핵심인력_투자현황),1)=$D12)*1, OFFSET(핵심인력_투자현황,0,16,ROWS(핵심인력_투자현황),1), OFFSET(핵심인력_투자현황,0,18,ROWS(핵심인력_투자현황),1))/U12, SUMPRODUCT((OFFSET(일반인력_투자현황,0,0,ROWS(일반인력_투자현황),1)=$D12)*1, OFFSET(일반인력_투자현황,0,16,ROWS(일반인력_투자현황),1), OFFSET(일반인력_투자현황,0,18,ROWS(일반인력_투자현황),1))/U12 ))) -> 0.146 | Z12: =IF(ISBLANK($D12), "",IF(VLOOKUP($D12,참여인력_개요,11,FALSE)="관리인력", "", IF(N12="핵심운용인력", IF(SUMPRODUCT( (OFFSET(핵심인력_투자현황,0,0,ROWS(핵심인력_투자현황),1)=$D12)*1, OFFSET(핵심인력_투자현황,0,16,ROWS(핵심인력_투자현황),1), (OFFSET(핵심인력_투자현황,0,17,ROWS(핵심인력_투자현황),1)="회수료")*1 ) = 0, "N/A", SUMPRODUCT( (OFFSET(핵심인력_투자현황,0,0,ROWS(핵심인력_투자현황),1)=$D12)*1, OFFSET(핵심인력_투자현황,0,16,ROWS(핵심인력_투자현황),1), (OFFSET(핵심인력_투자현황,0,17,ROWS(핵심인력_투자현황),1)="회수료")*1, OFFSET(핵심인력_투자현황,0,18,ROWS(핵심인력_투자현황),1) ) / SUMPRODUCT( (OFFSET(핵심인력_투자현황,0,0,ROWS(핵심인력_투자현황),1)=$D12)*1, OFFSET(핵심인력_투자현황,0,16,ROWS(핵심인력_투자현황),1), (OFFSET(핵심인력_투자현황,0,17,ROWS(핵심인력_투자현황),1)="회수료")*1 ) ), IF(SUMPRODUCT( (OFFSET(일반인력_투자현황,0,0,ROWS(일반인력_투자현황),1)=$D12)*1, OFFSET(일반인력_투자현황,0,16,ROWS(일반인력_투자현황),1), (OFFSET(일반인력_투자현황,0,17,ROWS(일반인력_투자현황),1)="회수료")*1 ) = 0, "N/A", SUMPRODUCT( (OFFSET(일반인력_투자현황,0,0,ROWS(일반인력_투자현황),1)=$D12)*1, OFFSET(일반인력_투자현황,0,16,ROWS(일반인력_투자현황),1), (OFFSET(일반인력_투자현황,0,17,ROWS(일반인력_투자현황),1)="회수료")*1, OFFSET(일반인력_투자현황,0,18,ROWS(일반인력_투자현황),1) ) / SUMPRODUCT( (OFFSET(일반인력_투자현황,0,0,ROWS(일반인력_투자현황),1)=$D12)*1, OFFSET(일반인력_투자현황,0,16,ROWS(일반인력_투자현황),1), (OFFSET(일반인력_투자현황,0,17,ROWS(일반인력_투자현황),1)="회수료")*1 ) ) ))) -> 0.146 | AA12: =IF(ISBLANK($D12), "", IF(VLOOKUP($D12,참여인력_개요,11,FALSE)="관리인력", "", SUMPRODUCT( (OFFSET(제안사_투자현황,0,22,ROWS(제안사_투자현황),1)=$D12)*1, (OFFSET(제안사_투자현황,0,10,ROWS(제안사_투자현황),1)<>"회수료")*1 ) )) -> 0 | AB12: =IF(ISBLANK($D12), "", IF(VLOOKUP($D12,참여인력_개요,11,FALSE)="관리인력", "", SUMPRODUCT( (OFFSET(제안사_투자현황,0,22,ROWS(제안사_투자현황),1)=$D12)*1, (OFFSET(제안사_투자현황,0,10,ROWS(제안사_투자현황),1)<>"회수료")*1, OFFSET(제안사_투자현황,0,19,ROWS(제안사_투자현황),1) ) ) ) -> 0 | AC12: =IF(ISBLANK($D12), "", IF(VLOOKUP($D12,참여인력_개요,11,FALSE)="관리인력", "", SUMPRODUCT( (OFFSET(제안사_투자현황,0,22,ROWS(제안사_투자현황),1)=$D12)*1, (OFFSET(제안사_투자현황,0,10,ROWS(제안사_투자현황),1)<>"회수료")*1, OFFSET(제안사_투자현황,0,20,ROWS(제안사_투자현황),1) ) ) ) -> 0
D13: 박00 | E13: 28773 | N13: 일반운용인력 | O13: NO | R13: =IF(ISBLANK($D13), "", IF(N13="핵심운용인력", SUMPRODUCT((OFFSET(핵심인력_경력,0,0,ROWS(핵심인력_경력),1)=$D13)*1, OFFSET(핵심인력_경력,0,9,ROWS(핵심인력_경력),1), (OFFSET(핵심인력_경력,0,10,ROWS(핵심인력_경력),1)="A")*1)+SUMPRODUCT((OFFSET(핵심인력_경력,0,0,ROWS(핵심인력_경력),1)=$D13)*1, OFFSET(핵심인력_경력,0,9,ROWS(핵심인력_경력),1), (OFFSET(핵심인력_경력,0,10,ROWS(핵심인력_경력),1)="B")*1)*0.7, SUMPRODUCT((OFFSET(일반인력_경력,0,0,ROWS(일반인력_경력),1)=$D13)*1, OFFSET(일반인력_경력,0,9,ROWS(일반인력_경력),1), (OFFSET(일반인력_경력,0,10,ROWS(일반인력_경력),1)="A")*1)+SUMPRODUCT((OFFSET(일반인력_경력,0,0,ROWS(일반인력_경력),1)=$D13)*1, OFFSET(일반인력_경력,0,9,ROWS(일반인력_경력),1), (OFFSET(일반인력_경력,0,10,ROWS(일반인력_경력),1)="B")*1)*0.7 ) ) -> 29.916712 | S13: =IF(ISBLANK($D13), "", IF(VLOOKUP($D13,참여인력_개요,11,FALSE)="관리인력", "", IF(N13="핵심운용인력", SUMPRODUCT((OFFSET(핵심인력_투자현황,0,0,ROWS(핵심인력_투자현황),1)=$D13)*1, ISTEXT(OFFSET(핵심인력_투자현황,0,11,ROWS(핵심인력_투자현황),1))*1), SUMPRODUCT((OFFSET(일반인력_투자현황,0,0,ROWS(일반인력_투자현황),1)=$D13)*1, ISTEXT(OFFSET(일반인력_투자현황,0,11,ROWS(일반인력_투자현황),1))*1)) ) ) -> 1 | T13: =IF(ISBLANK($D13), "", IF(VLOOKUP($D13,참여인력_개요,11,FALSE)="관리인력", "", IF(N13="핵심운용인력", SUMPRODUCT((OFFSET(핵심인력_투자현황,0,0,ROWS(핵심인력_투자현황),1)=$D13)*1, (OFFSET(핵심인력_투자현황,0,17,ROWS(핵심인력_투자현황),1)="회수료")*1), SUMPRODUCT((OFFSET(일반인력_투자현황,0,0,ROWS(일반인력_투자현황),1)=$D13)*1, (OFFSET(일반인력_투자현황,0,17,ROWS(일반인력_투자현황),1)="회수료")*1)))) -> 1 | U13: =IF(ISBLANK($D13), "", IF(VLOOKUP($D13,참여인력_개요,11,FALSE)="관리인력", "", IF(N13="핵심운용인력", SUMPRODUCT((OFFSET(핵심인력_투자현황,0,0,ROWS(핵심인력_투자현황),1)=$D13)*1, OFFSET(핵심인력_투자현황,0,16,ROWS(핵심인력_투자현황),1)), SUMPRODUCT((OFFSET(일반인력_투자현황,0,0,ROWS(일반인력_투자현황),1)=$D13)*1, OFFSET(일반인력_투자현황,0,16,ROWS(일반인력_투자현황),1)) ))) -> 500 | V13: =IF(ISBLANK($D13), "", IF(VLOOKUP($D13,참여인력_개요,11,FALSE)="관리인력", "", IF(N13="핵심운용인력", SUMPRODUCT((OFFSET(핵심인력_투자현황,0,0,ROWS(핵심인력_투자현황),1)=$D13)*1, OFFSET(핵심인력_투자현황,0,20,ROWS(핵심인력_투자현황),1)), SUMPRODUCT((OFFSET(일반인력_투자현황,0,0,ROWS(일반인력_투자현황),1)=$D13)*1, OFFSET(일반인력_투자현황,0,20,ROWS(일반인력_투자현황),1)) ))) -> 400 | W13: =IF(ISBLANK($D13), "", IF(VLOOKUP($D13,참여인력_개요,11,FALSE)="관리인력", "", IF(N13="핵심운용인력", SUMPRODUCT((OFFSET(핵심인력_투자현황,0,0,ROWS(핵심인력_투자현황),1)=$D13)*1, OFFSET(핵심인력_투자현황,0,25,ROWS(핵심인력_투자현황),1)), SUMPRODUCT((OFFSET(일반인력_투자현황,0,0,ROWS(일반인력_투자현황),1)=$D13)*1, OFFSET(일반인력_투자현황,0,25,ROWS(일반인력_투자현황),1)) ))) -> 0 | X13: =IF(ISBLANK($D13), "", IF(VLOOKUP($D13,참여인력_개요,11,FALSE)="관리인력", "", IF(N13="핵심운용인력", SUMPRODUCT((OFFSET(핵심인력_투자현황,0,0,ROWS(핵심인력_투자현황),1)=$D13)*1, OFFSET(핵심인력_투자현황,0,26,ROWS(핵심인력_투자현황),1)), SUMPRODUCT((OFFSET(일반인력_투자현황,0,0,ROWS(일반인력_투자현황),1)=$D13)*1, OFFSET(일반인력_투자현황,0,26,ROWS(일반인력_투자현황),1)) ))) -> 0 | Y13: =IF(ISBLANK($D13), "", IF(VLOOKUP($D13,참여인력_개요,11,FALSE)="관리인력", "", IF(N13="핵심운용인력", SUMPRODUCT((OFFSET(핵심인력_투자현황,0,0,ROWS(핵심인력_투자현황),1)=$D13)*1, OFFSET(핵심인력_투자현황,0,16,ROWS(핵심인력_투자현황),1), OFFSET(핵심인력_투자현황,0,18,ROWS(핵심인력_투자현황),1))/U13, SUMPRODUCT((OFFSET(일반인력_투자현황,0,0,ROWS(일반인력_투자현황),1)=$D13)*1, OFFSET(일반인력_투자현황,0,16,ROWS(일반인력_투자현황),1), OFFSET(일반인력_투자현황,0,18,ROWS(일반인력_투자현황),1))/U13 ))) -> 0.12 | Z13: =IF(ISBLANK($D13), "",IF(VLOOKUP($D13,참여인력_개요,11,FALSE)="관리인력", "", IF(N13="핵심운용인력", IF(SUMPRODUCT( (OFFSET(핵심인력_투자현황,0,0,ROWS(핵심인력_투자현황),1)=$D13)*1, OFFSET(핵심인력_투자현황,0,16,ROWS(핵심인력_투자현황),1), (OFFSET(핵심인력_투자현황,0,17,ROWS(핵심인력_투자현황),1)="회수료")*1 ) = 0, "N/A", SUMPRODUCT( (OFFSET(핵심인력_투자현황,0,0,ROWS(핵심인력_투자현황),1)=$D13)*1, OFFSET(핵심인력_투자현황,0,16,ROWS(핵심인력_투자현황),1), (OFFSET(핵심인력_투자현황,0,17,ROWS(핵심인력_투자현황),1)="회수료")*1, OFFSET(핵심인력_투자현황,0,18,ROWS(핵심인력_투자현황),1) ) / SUMPRODUCT( (OFFSET(핵심인력_투자현황,0,0,ROWS(핵심인력_투자현황),1)=$D13)*1, OFFSET(핵심인력_투자현황,0,16,ROWS(핵심인력_투자현황),1), (OFFSET(핵심인력_투자현황,0,17,ROWS(핵심인력_투자현황),1)="회수료")*1 ) ), IF(SUMPRODUCT( (OFFSET(일반인력_투자현황,0,0,ROWS(일반인력_투자현황),1)=$D13)*1, OFFSET(일반인력_투자현황,0,16,ROWS(일반인력_투자현황),1), (OFFSET(일반인력_투자현황,0,17,ROWS(일반인력_투자현황),1)="회수료")*1 ) = 0, "N/A", SUMPRODUCT( (OFFSET(일반인력_투자현황,0,0,ROWS(일반인력_투자현황),1)=$D13)*1, OFFSET(일반인력_투자현황,0,16,ROWS(일반인력_투자현황),1), (OFFSET(일반인력_투자현황,0,17,ROWS(일반인력_투자현황),1)="회수료")*1, OFFSET(일반인력_투자현황,0,18,ROWS(일반인력_투자현황),1) ) / SUMPRODUCT( (OFFSET(일반인력_투자현황,0,0,ROWS(일반인력_투자현황),1)=$D13)*1, OFFSET(일반인력_투자현황,0,16,ROWS(일반인력_투자현황),1), (OFFSET(일반인력_투자현황,0,17,ROWS(일반인력_투자현황),1)="회수료")*1 ) ) ))) -> 0.12 | AA13: =IF(ISBLANK($D13), "", IF(VLOOKUP($D13,참여인력_개요,11,FALSE)="관리인력", "", SUMPRODUCT( (OFFSET(제안사_투자현황,0,22,ROWS(제안사_투자현황),1)=$D13)*1, (OFFSET(제안사_투자현황,0,10,ROWS(제안사_투자현황),1)<>"회수료")*1 ) )) -> 3 | AB13: =IF(ISBLANK($D13), "", IF(VLOOKUP($D13,참여인력_개요,11,FALSE)="관리인력", "", SUMPRODUCT( (OFFSET(제안사_투자현황,0,22,ROWS(제안사_투자현황),1)=$D13)*1, (OFFSET(제안사_투자현황,0,10,ROWS(제안사_투자현황),1)<>"회수료")*1, OFFSET(제안사_투자현황,0,19,ROWS(제안사_투자현황),1) ) ) ) -> 9980 | AC13: =IF(ISBLANK($D13), "", IF(VLOOKUP($D13,참여인력_개요,11,FALSE)="관리인력", "", SUMPRODUCT( (OFFSET(제안사_투자현황,0,22,ROWS(제안사_투자현황),1)=$D13)*1, (OFFSET(제안사_투자현황,0,10,ROWS(제안사_투자현황),1)<>"회수료")*1, OFFSET(제안사_투자현황,0,20,ROWS(제안사_투자현황),1) ) ) ) -> 9464.5257
D14: 최00 | E14: 27677 | N14: 일반운용인력 | O14: NO | R14: =IF(ISBLANK($D14), "", IF(N14="핵심운용인력", SUMPRODUCT((OFFSET(핵심인력_경력,0,0,ROWS(핵심인력_경력),1)=$D14)*1, OFFSET(핵심인력_경력,0,9,ROWS(핵심인력_경력),1), (OFFSET(핵심인력_경력,0,10,ROWS(핵심인력_경력),1)="A")*1)+SUMPRODUCT((OFFSET(핵심인력_경력,0,0,ROWS(핵심인력_경력),1)=$D14)*1, OFFSET(핵심인력_경력,0,9,ROWS(핵심인력_경력),1), (OFFSET(핵심인력_경력,0,10,ROWS(핵심인력_경력),1)="B")*1)*0.7, SUMPRODUCT((OFFSET(일반인력_경력,0,0,ROWS(일반인력_경력),1)=$D14)*1, OFFSET(일반인력_경력,0,9,ROWS(일반인력_경력),1), (OFFSET(일반인력_경력,0,10,ROWS(일반인력_경력),1)="A")*1)+SUMPRODUCT((OFFSET(일반인력_경력,0,0,ROWS(일반인력_경력),1)=$D14)*1, OFFSET(일반인력_경력,0,9,ROWS(일반인력_경력),1), (OFFSET(일반인력_경력,0,10,ROWS(일반인력_경력),1)="B")*1)*0.7 ) ) -> 0 | S14: =IF(ISBLANK($D14), "", IF(VLOOKUP($D14,참여인력_개요,11,FALSE)="관리인력", "", IF(N14="핵심운용인력", SUMPRODUCT((OFFSET(핵심인력_투자현황,0,0,ROWS(핵심인력_투자현황),1)=$D14)*1, ISTEXT(OFFSET(핵심인력_투자현황,0,11,ROWS(핵심인력_투자현황),1))*1), SUMPRODUCT((OFFSET(일반인력_투자현황,0,0,ROWS(일반인력_투자현황),1)=$D14)*1, ISTEXT(OFFSET(일반인력_투자현황,0,11,ROWS(일반인력_투자현황),1))*1)) ) ) -> 1 | T14: =IF(ISBLANK($D14), "", IF(VLOOKUP($D14,참여인력_개요,11,FALSE)="관리인력", "", IF(N14="핵심운용인력", SUMPRODUCT((OFFSET(핵심인력_투자현황,0,0,ROWS(핵심인력_투자현황),1)=$D14)*1, (OFFSET(핵심인력_투자현황,0,17,ROWS(핵심인력_투자현황),1)="회수료")*1), SUMPRODUCT((OFFSET(일반인력_투자현황,0,0,ROWS(일반인력_투자현황),1)=$D14)*1, (OFFSET(일반인력_투자현황,0,17,ROWS(일반인력_투자현황),1)="회수료")*1)))) -> 1 | U14: =IF(ISBLANK($D14), "", IF(VLOOKUP($D14,참여인력_개요,11,FALSE)="관리인력", "", IF(N14="핵심운용인력", SUMPRODUCT((OFFSET(핵심인력_투자현황,0,0,ROWS(핵심인력_투자현황),1)=$D14)*1, OFFSET(핵심인력_투자현황,0,16,ROWS(핵심인력_투자현황),1)), SUMPRODUCT((OFFSET(일반인력_투자현황,0,0,ROWS(일반인력_투자현황),1)=$D14)*1, OFFSET(일반인력_투자현황,0,16,ROWS(일반인력_투자현황),1)) ))) -> 700 | V14: =IF(ISBLANK($D14), "", IF(VLOOKUP($D14,참여인력_개요,11,FALSE)="관리인력", "", IF(N14="핵심운용인력", SUMPRODUCT((OFFSET(핵심인력_투자현황,0,0,ROWS(핵심인력_투자현황),1)=$D14)*1, OFFSET(핵심인력_투자현황,0,20,ROWS(핵심인력_투자현황),1)), SUMPRODUCT((OFFSET(일반인력_투자현황,0,0,ROWS(일반인력_투자현황),1)=$D14)*1, OFFSET(일반인력_투자현황,0,20,ROWS(일반인력_투자현황),1)) ))) -> 300 | W14: =IF(ISBLANK($D14), "", IF(VLOOKUP($D14,참여인력_개요,11,FALSE)="관리인력", "", IF(N14="핵심운용인력", SUMPRODUCT((OFFSET(핵심인력_투자현황,0,0,ROWS(핵심인력_투자현황),1)=$D14)*1, OFFSET(핵심인력_투자현황,0,25,ROWS(핵심인력_투자현황),1)), SUMPRODUCT((OFFSET(일반인력_투자현황,0,0,ROWS(일반인력_투자현황),1)=$D14)*1, OFFSET(일반인력_투자현황,0,25,ROWS(일반인력_투자현황),1)) ))) -> 400 | X14: =IF(ISBLANK($D14), "", IF(VLOOKUP($D14,참여인력_개요,11,FALSE)="관리인력", "", IF(N14="핵심운용인력", SUMPRODUCT((OFFSET(핵심인력_투자현황,0,0,ROWS(핵심인력_투자현황),1)=$D14)*1, OFFSET(핵심인력_투자현황,0,26,ROWS(핵심인력_투자현황),1)), SUMPRODUCT((OFFSET(일반인력_투자현황,0,0,ROWS(일반인력_투자현황),1)=$D14)*1, OFFSET(일반인력_투자현황,0,26,ROWS(일반인력_투자현황),1)) ))) -> 300 | Y14: =IF(ISBLANK($D14), "", IF(VLOOKUP($D14,참여인력_개요,11,FALSE)="관리인력", "", IF(N14="핵심운용인력", SUMPRODUCT((OFFSET(핵심인력_투자현황,0,0,ROWS(핵심인력_투자현황),1)=$D14)*1, OFFSET(핵심인력_투자현황,0,16,ROWS(핵심인력_투자현황),1), OFFSET(핵심인력_투자현황,0,18,ROWS(핵심인력_투자현황),1))/U14, SUMPRODUCT((OFFSET(일반인력_투자현황,0,0,ROWS(일반인력_투자현황),1)=$D14)*1, OFFSET(일반인력_투자현황,0,16,ROWS(일반인력_투자현황),1), OFFSET(일반인력_투자현황,0,18,ROWS(일반인력_투자현황),1))/U14 ))) -> 0.08 | Z14: =IF(ISBLANK($D14), "",IF(VLOOKUP($D14,참여인력_개요,11,FALSE)="관리인력", "", IF(N14="핵심운용인력", IF(SUMPRODUCT( (OFFSET(핵심인력_투자현황,0,0,ROWS(핵심인력_투자현황),1)=$D14)*1, OFFSET(핵심인력_투자현황,0,16,ROWS(핵심인력_투자현황),1), (OFFSET(핵심인력_투자현황,0,17,ROWS(핵심인력_투자현황),1)="회수료")*1 ) = 0, "N/A", SUMPRODUCT( (OFFSET(핵심인력_투자현황,0,0,ROWS(핵심인력_투자현황),1)=$D14)*1, OFFSET(핵심인력_투자현황,0,16,ROWS(핵심인력_투자현황),1), (OFFSET(핵심인력_투자현황,0,17,ROWS(핵심인력_투자현황),1)="회수료")*1, OFFSET(핵심인력_투자현황,0,18,ROWS(핵심인력_투자현황),1) ) / SUMPRODUCT( (OFFSET(핵심인력_투자현황,0,0,ROWS(핵심인력_투자현황),1)=$D14)*1, OFFSET(핵심인력_투자현황,0,16,ROWS(핵심인력_투자현황),1), (OFFSET(핵심인력_투자현황,0,17,ROWS(핵심인력_투자현황),1)="회수료")*1 ) ), IF(SUMPRODUCT( (OFFSET(일반인력_투자현황,0,0,ROWS(일반인력_투자현황),1)=$D14)*1, OFFSET(일반인력_투자현황,0,16,ROWS(일반인력_투자현황),1), (OFFSET(일반인력_투자현황,0,17,ROWS(일반인력_투자현황),1)="회수료")*1 ) = 0, "N/A", SUMPRODUCT( (OFFSET(일반인력_투자현황,0,0,ROWS(일반인력_투자현황),1)=$D14)*1, OFFSET(일반인력_투자현황,0,16,ROWS(일반인력_투자현황),1), (OFFSET(일반인력_투자현황,0,17,ROWS(일반인력_투자현황),1)="회수료")*1, OFFSET(일반인력_투자현황,0,18,ROWS(일반인력_투자현황),1) ) / SUMPRODUCT( (OFFSET(일반인력_투자현황,0,0,ROWS(일반인력_투자현황),1)=$D14)*1, OFFSET(일반인력_투자현황,0,16,ROWS(일반인력_투자현황),1), (OFFSET(일반인력_투자현황,0,17,ROWS(일반인력_투자현황),1)="회수료")*1 ) ) ))) -> 0.08 | AA14: =IF(ISBLANK($D14), "", IF(VLOOKUP($D14,참여인력_개요,11,FALSE)="관리인력", "", SUMPRODUCT( (OFFSET(제안사_투자현황,0,22,ROWS(제안사_투자현황),1)=$D14)*1, (OFFSET(제안사_투자현황,0,10,ROWS(제안사_투자현황),1)<>"회수료")*1 ) )) -> 0 | AB14: =IF(ISBLANK($D14), "", IF(VLOOKUP($D14,참여인력_개요,11,FALSE)="관리인력", "", SUMPRODUCT( (OFFSET(제안사_투자현황,0,22,ROWS(제안사_투자현황),1)=$D14)*1, (OFFSET(제안사_투자현황,0,10,ROWS(제안사_투자현황),1)<>"회수료")*1, OFFSET(제안사_투자현황,0,19,ROWS(제안사_투자현황),1) ) ) ) -> 0 | AC14: =IF(ISBLANK($D14), "", IF(VLOOKUP($D14,참여인력_개요,11,FALSE)="관리인력", "", SUMPRODUCT( (OFFSET(제안사_투자현황,0,22,ROWS(제안사_투자현황),1)=$D14)*1, (OFFSET(제안사_투자현황,0,10,ROWS(제안사_투자현황),1)<>"회수료")*1, OFFSET(제안사_투자현황,0,20,ROWS(제안사_투자현황),1) ) ) ) -> 0
D15: 인00 | E15: 25518 | N15: 관리인력 | O15: NO | R15: =IF(ISBLANK($D15), "", IF(N15="핵심운용인력", SUMPRODUCT((OFFSET(핵심인력_경력,0,0,ROWS(핵심인력_경력),1)=$D15)*1, OFFSET(핵심인력_경력,0,9,ROWS(핵심인력_경력),1), (OFFSET(핵심인력_경력,0,10,ROWS(핵심인력_경력),1)="A")*1)+SUMPRODUCT((OFFSET(핵심인력_경력,0,0,ROWS(핵심인력_경력),1)=$D15)*1, OFFSET(핵심인력_경력,0,9,ROWS(핵심인력_경력),1), (OFFSET(핵심인력_경력,0,10,ROWS(핵심인력_경력),1)="B")*1)*0.7, SUMPRODUCT((OFFSET(일반인력_경력,0,0,ROWS(일반인력_경력),1)=$D15)*1, OFFSET(일반인력_경력,0,9,ROWS(일반인력_경력),1), (OFFSET(일반인력_경력,0,10,ROWS(일반인력_경력),1)="A")*1)+SUMPRODUCT((OFFSET(일반인력_경력,0,0,ROWS(일반인력_경력),1)=$D15)*1, OFFSET(일반인력_경력,0,9,ROWS(일반인력_경력),1), (OFFSET(일반인력_경력,0,10,ROWS(일반인력_경력),1)="B")*1)*0.7 ) ) -> 0 | S15: =IF(ISBLANK($D15), "", IF(VLOOKUP($D15,참여인력_개요,11,FALSE)="관리인력", "", IF(N15="핵심운용인력", SUMPRODUCT((OFFSET(핵심인력_투자현황,0,0,ROWS(핵심인력_투자현황),1)=$D15)*1, ISTEXT(OFFSET(핵심인력_투자현황,0,11,ROWS(핵심인력_투자현황),1))*1), SUMPRODUCT((OFFSET(일반인력_투자현황,0,0,ROWS(일반인력_투자현황),1)=$D15)*1, ISTEXT(OFFSET(일반인력_투자현황,0,11,ROWS(일반인력_투자현황),1))*1)) ) ) | T15: =IF(ISBLANK($D15), "", IF(VLOOKUP($D15,참여인력_개요,11,FALSE)="관리인력", "", IF(N15="핵심운용인력", SUMPRODUCT((OFFSET(핵심인력_투자현황,0,0,ROWS(핵심인력_투자현황),1)=$D15)*1, (OFFSET(핵심인력_투자현황,0,17,ROWS(핵심인력_투자현황),1)="회수료")*1), SUMPRODUCT((OFFSET(일반인력_투자현황,0,0,ROWS(일반인력_투자현황),1)=$D15)*1, (OFFSET(일반인력_투자현황,0,17,ROWS(일반인력_투자현황),1)="회수료")*1)))) | U15: =IF(ISBLANK($D15), "", IF(VLOOKUP($D15,참여인력_개요,11,FALSE)="관리인력", "", IF(N15="핵심운용인력", SUMPRODUCT((OFFSET(핵심인력_투자현황,0,0,ROWS(핵심인력_투자현황),1)=$D15)*1, OFFSET(핵심인력_투자현황,0,16,ROWS(핵심인력_투자현황),1)), SUMPRODUCT((OFFSET(일반인력_투자현황,0,0,ROWS(일반인력_투자현황),1)=$D15)*1, OFFSET(일반인력_투자현황,0,16,ROWS(일반인력_투자현황),1)) ))) | V15: =IF(ISBLANK($D15), "", IF(VLOOKUP($D15,참여인력_개요,11,FALSE)="관리인력", "", IF(N15="핵심운용인력", SUMPRODUCT((OFFSET(핵심인력_투자현황,0,0,ROWS(핵심인력_투자현황),1)=$D15)*1, OFFSET(핵심인력_투자현황,0,20,ROWS(핵심인력_투자현황),1)), SUMPRODUCT((OFFSET(일반인력_투자현황,0,0,ROWS(일반인력_투자현황),1)=$D15)*1, OFFSET(일반인력_투자현황,0,20,ROWS(일반인력_투자현황),1)) ))) | W15: =IF(ISBLANK($D15), "", IF(VLOOKUP($D15,참여인력_개요,11,FALSE)="관리인력", "", IF(N15="핵심운용인력", SUMPRODUCT((OFFSET(핵심인력_투자현황,0,0,ROWS(핵심인력_투자현황),1)=$D15)*1, OFFSET(핵심인력_투자현황,0,25,ROWS(핵심인력_투자현황),1)), SUMPRODUCT((OFFSET(일반인력_투자현황,0,0,ROWS(일반인력_투자현황),1)=$D15)*1, OFFSET(일반인력_투자현황,0,25,ROWS(일반인력_투자현황),1)) ))) | X15: =IF(ISBLANK($D15), "", IF(VLOOKUP($D15,참여인력_개요,11,FALSE)="관리인력", "", IF(N15="핵심운용인력", SUMPRODUCT((OFFSET(핵심인력_투자현황,0,0,ROWS(핵심인력_투자현황),1)=$D15)*1, OFFSET(핵심인력_투자현황,0,26,ROWS(핵심인력_투자현황),1)), SUMPRODUCT((OFFSET(일반인력_투자현황,0,0,ROWS(일반인력_투자현황),1)=$D15)*1, OFFSET(일반인력_투자현황,0,26,ROWS(일반인력_투자현황),1)) ))) | Y15: =IF(ISBLANK($D15), "", IF(VLOOKUP($D15,참여인력_개요,11,FALSE)="관리인력", "", IF(N15="핵심운용인력", SUMPRODUCT((OFFSET(핵심인력_투자현황,0,0,ROWS(핵심인력_투자현황),1)=$D15)*1, OFFSET(핵심인력_투자현황,0,16,ROWS(핵심인력_투자현황),1), OFFSET(핵심인력_투자현황,0,18,ROWS(핵심인력_투자현황),1))/U15, SUMPRODUCT((OFFSET(일반인력_투자현황,0,0,ROWS(일반인력_투자현황),1)=$D15)*1, OFFSET(일반인력_투자현황,0,16,ROWS(일반인력_투자현황),1), OFFSET(일반인력_투자현황,0,18,ROWS(일반인력_투자현황),1))/U15 ))) | Z15: =IF(ISBLANK($D15), "",IF(VLOOKUP($D15,참여인력_개요,11,FALSE)="관리인력", "", IF(N15="핵심운용인력", IF(SUMPRODUCT( (OFFSET(핵심인력_투자현황,0,0,ROWS(핵심인력_투자현황),1)=$D15)*1, OFFSET(핵심인력_투자현황,0,16,ROWS(핵심인력_투자현황),1), (OFFSET(핵심인력_투자현황,0,17,ROWS(핵심인력_투자현황),1)="회수료")*1 ) = 0, "N/A", SUMPRODUCT( (OFFSET(핵심인력_투자현황,0,0,ROWS(핵심인력_투자현황),1)=$D15)*1, OFFSET(핵심인력_투자현황,0,16,ROWS(핵심인력_투자현황),1), (OFFSET(핵심인력_투자현황,0,17,ROWS(핵심인력_투자현황),1)="회수료")*1, OFFSET(핵심인력_투자현황,0,18,ROWS(핵심인력_투자현황),1) ) / SUMPRODUCT( (OFFSET(핵심인력_투자현황,0,0,ROWS(핵심인력_투자현황),1)=$D15)*1, OFFSET(핵심인력_투자현황,0,16,ROWS(핵심인력_투자현황),1), (OFFSET(핵심인력_투자현황,0,17,ROWS(핵심인력_투자현황),1)="회수료")*1 ) ), IF(SUMPRODUCT( (OFFSET(일반인력_투자현황,0,0,ROWS(일반인력_투자현황),1)=$D15)*1, OFFSET(일반인력_투자현황,0,16,ROWS(일반인력_투자현황),1), (OFFSET(일반인력_투자현황,0,17,ROWS(일반인력_투자현황),1)="회수료")*1 ) = 0, "N/A", SUMPRODUCT( (OFFSET(일반인력_투자현황,0,0,ROWS(일반인력_투자현황),1)=$D15)*1, OFFSET(일반인력_투자현황,0,16,ROWS(일반인력_투자현황),1), (OFFSET(일반인력_투자현황,0,17,ROWS(일반인력_투자현황),1)="회수료")*1, OFFSET(일반인력_투자현황,0,18,ROWS(일반인력_투자현황),1) ) / SUMPRODUCT( (OFFSET(일반인력_투자현황,0,0,ROWS(일반인력_투자현황),1)=$D15)*1, OFFSET(일반인력_투자현황,0,16,ROWS(일반인력_투자현황),1), (OFFSET(일반인력_투자현황,0,17,ROWS(일반인력_투자현황),1)="회수료")*1 ) ) ))) | AA15: =IF(ISBLANK($D15), "", IF(VLOOKUP($D15,참여인력_개요,11,FALSE)="관리인력", "", SUMPRODUCT( (OFFSET(제안사_투자현황,0,22,ROWS(제안사_투자현황),1)=$D15)*1, (OFFSET(제안사_투자현황,0,10,ROWS(제안사_투자현황),1)<>"회수료")*1 ) )) | AB15: =IF(ISBLANK($D15), "", IF(VLOOKUP($D15,참여인력_개요,11,FALSE)="관리인력", "", SUMPRODUCT( (OFFSET(제안사_투자현황,0,22,ROWS(제안사_투자현황),1)=$D15)*1, (OFFSET(제안사_투자현황,0,10,ROWS(제안사_투자현황),1)<>"회수료")*1, OFFSET(제안사_투자현황,0,19,ROWS(제안사_투자현황),1) ) ) ) | AC15: =IF(ISBLANK($D15), "", IF(VLOOKUP($D15,참여인력_개요,11,FALSE)="관리인력", "", SUMPRODUCT( (OFFSET(제안사_투자현황,0,22,ROWS(제안사_투자현황),1)=$D15)*1, (OFFSET(제안사_투자현황,0,10,ROWS(제안사_투자현황),1)<>"회수료")*1, OFFSET(제안사_투자현황,0,20,ROWS(제안사_투자현황),1) ) ) )
R16: =IF(ISBLANK($D16), "", IF(N16="핵심운용인력", SUMPRODUCT((OFFSET(핵심인력_경력,0,0,ROWS(핵심인력_경력),1)=$D16)*1, OFFSET(핵심인력_경력,0,9,ROWS(핵심인력_경력),1), (OFFSET(핵심인력_경력,0,10,ROWS(핵심인력_경력),1)="A")*1)+SUMPRODUCT((OFFSET(핵심인력_경력,0,0,ROWS(핵심인력_경력),1)=$D16)*1, OFFSET(핵심인력_경력,0,9,ROWS(핵심인력_경력),1), (OFFSET(핵심인력_경력,0,10,ROWS(핵심인력_경력),1)="B")*1)*0.7, SUMPRODUCT((OFFSET(일반인력_경력,0,0,ROWS(일반인력_경력),1)=$D16)*1, OFFSET(일반인력_경력,0,9,ROWS(일반인력_경력),1), (OFFSET(일반인력_경력,0,10,ROWS(일반인력_경력),1)="A")*1)+SUMPRODUCT((OFFSET(일반인력_경력,0,0,ROWS(일반인력_경력),1)=$D16)*1, OFFSET(일반인력_경력,0,9,ROWS(일반인력_경력),1), (OFFSET(일반인력_경력,0,10,ROWS(일반인력_경력),1)="B")*1)*0.7 ) ) | S16: =IF(ISBLANK($D16), "", IF(VLOOKUP($D16,참여인력_개요,11,FALSE)="관리인력", "", IF(N16="핵심운용인력", SUMPRODUCT((OFFSET(핵심인력_투자현황,0,0,ROWS(핵심인력_투자현황),1)=$D16)*1, ISTEXT(OFFSET(핵심인력_투자현황,0,11,ROWS(핵심인력_투자현황),1))*1), SUMPRODUCT((OFFSET(일반인력_투자현황,0,0,ROWS(일반인력_투자현황),1)=$D16)*1, ISTEXT(OFFSET(일반인력_투자현황,0,11,ROWS(일반인력_투자현황),1))*1)) ) ) | T16: =IF(ISBLANK($D16), "", IF(VLOOKUP($D16,참여인력_개요,11,FALSE)="관리인력", "", IF(N16="핵심운용인력", SUMPRODUCT((OFFSET(핵심인력_투자현황,0,0,ROWS(핵심인력_투자현황),1)=$D16)*1, (OFFSET(핵심인력_투자현황,0,17,ROWS(핵심인력_투자현황),1)="회수료")*1), SUMPRODUCT((OFFSET(일반인력_투자현황,0,0,ROWS(일반인력_투자현황),1)=$D16)*1, (OFFSET(일반인력_투자현황,0,17,ROWS(일반인력_투자현황),1)="회수료")*1)))) | U16: =IF(ISBLANK($D16), "", IF(VLOOKUP($D16,참여인력_개요,11,FALSE)="관리인력", "", IF(N16="핵심운용인력", SUMPRODUCT((OFFSET(핵심인력_투자현황,0,0,ROWS(핵심인력_투자현황),1)=$D16)*1, OFFSET(핵심인력_투자현황,0,16,ROWS(핵심인력_투자현황),1)), SUMPRODUCT((OFFSET(일반인력_투자현황,0,0,ROWS(일반인력_투자현황),1)=$D16)*1, OFFSET(일반인력_투자현황,0,16,ROWS(일반인력_투자현황),1)) ))) | V16: =IF(ISBLANK($D16), "", IF(VLOOKUP($D16,참여인력_개요,11,FALSE)="관리인력", "", IF(N16="핵심운용인력", SUMPRODUCT((OFFSET(핵심인력_투자현황,0,0,ROWS(핵심인력_투자현황),1)=$D16)*1, OFFSET(핵심인력_투자현황,0,20,ROWS(핵심인력_투자현황),1)), SUMPRODUCT((OFFSET(일반인력_투자현황,0,0,ROWS(일반인력_투자현황),1)=$D16)*1, OFFSET(일반인력_투자현황,0,20,ROWS(일반인력_투자현황),1)) ))) | W16: =IF(ISBLANK($D16), "", IF(VLOOKUP($D16,참여인력_개요,11,FALSE)="관리인력", "", IF(N16="핵심운용인력", SUMPRODUCT((OFFSET(핵심인력_투자현황,0,0,ROWS(핵심인력_투자현황),1)=$D16)*1, OFFSET(핵심인력_투자현황,0,25,ROWS(핵심인력_투자현황),1)), SUMPRODUCT((OFFSET(일반인력_투자현황,0,0,ROWS(일반인력_투자현황),1)=$D16)*1, OFFSET(일반인력_투자현황,0,25,ROWS(일반인력_투자현황),1)) ))) | X16: =IF(ISBLANK($D16), "", IF(VLOOKUP($D16,참여인력_개요,11,FALSE)="관리인력", "", IF(N16="핵심운용인력", SUMPRODUCT((OFFSET(핵심인력_투자현황,0,0,ROWS(핵심인력_투자현황),1)=$D16)*1, OFFSET(핵심인력_투자현황,0,26,ROWS(핵심인력_투자현황),1)), SUMPRODUCT((OFFSET(일반인력_투자현황,0,0,ROWS(일반인력_투자현황),1)=$D16)*1, OFFSET(일반인력_투자현황,0,26,ROWS(일반인력_투자현황),1)) ))) | Y16: =IF(ISBLANK($D16), "", IF(VLOOKUP($D16,참여인력_개요,11,FALSE)="관리인력", "", IF(N16="핵심운용인력", SUMPRODUCT((OFFSET(핵심인력_투자현황,0,0,ROWS(핵심인력_투자현황),1)=$D16)*1, OFFSET(핵심인력_투자현황,0,16,ROWS(핵심인력_투자현황),1), OFFSET(핵심인력_투자현황,0,18,ROWS(핵심인력_투자현황),1))/U16, SUMPRODUCT((OFFSET(일반인력_투자현황,0,0,ROWS(일반인력_투자현황),1)=$D16)*1, OFFSET(일반인력_투자현황,0,16,ROWS(일반인력_투자현황),1), OFFSET(일반인력_투자현황,0,18,ROWS(일반인력_투자현황),1))/U16 ))) | Z16: =IF(ISBLANK($D16), "",IF(VLOOKUP($D16,참여인력_개요,11,FALSE)="관리인력", "", IF(N16="핵심운용인력", IF(SUMPRODUCT( (OFFSET(핵심인력_투자현황,0,0,ROWS(핵심인력_투자현황),1)=$D16)*1, OFFSET(핵심인력_투자현황,0,16,ROWS(핵심인력_투자현황),1), (OFFSET(핵심인력_투자현황,0,17,ROWS(핵심인력_투자현황),1)="회수료")*1 ) = 0, "N/A", SUMPRODUCT( (OFFSET(핵심인력_투자현황,0,0,ROWS(핵심인력_투자현황),1)=$D16)*1, OFFSET(핵심인력_투자현황,0,16,ROWS(핵심인력_투자현황),1), (OFFSET(핵심인력_투자현황,0,17,ROWS(핵심인력_투자현황),1)="회수료")*1, OFFSET(핵심인력_투자현황,0,18,ROWS(핵심인력_투자현황),1) ) / SUMPRODUCT( (OFFSET(핵심인력_투자현황,0,0,ROWS(핵심인력_투자현황),1)=$D16)*1, OFFSET(핵심인력_투자현황,0,16,ROWS(핵심인력_투자현황),1), (OFFSET(핵심인력_투자현황,0,17,ROWS(핵심인력_투자현황),1)="회수료")*1 ) ), IF(SUMPRODUCT( (OFFSET(일반인력_투자현황,0,0,ROWS(일반인력_투자현황),1)=$D16)*1, OFFSET(일반인력_투자현황,0,16,ROWS(일반인력_투자현황),1), (OFFSET(일반인력_투자현황,0,17,ROWS(일반인력_투자현황),1)="회수료")*1 ) = 0, "N/A", SUMPRODUCT( (OFFSET(일반인력_투자현황,0,0,ROWS(일반인력_투자현황),1)=$D16)*1, OFFSET(일반인력_투자현황,0,16,ROWS(일반인력_투자현황),1), (OFFSET(일반인력_투자현황,0,17,ROWS(일반인력_투자현황),1)="회수료")*1, OFFSET(일반인력_투자현황,0,18,ROWS(일반인력_투자현황),1) ) / SUMPRODUCT( (OFFSET(일반인력_투자현황,0,0,ROWS(일반인력_투자현황),1)=$D16)*1, OFFSET(일반인력_투자현황,0,16,ROWS(일반인력_투자현황),1), (OFFSET(일반인력_투자현황,0,17,ROWS(일반인력_투자현황),1)="회수료")*1 ) ) ))) | AA16: =IF(ISBLANK($D16), "", IF(VLOOKUP($D16,참여인력_개요,11,FALSE)="관리인력", "", SUMPRODUCT( (OFFSET(제안사_투자현황,0,22,ROWS(제안사_투자현황),1)=$D16)*1, (OFFSET(제안사_투자현황,0,10,ROWS(제안사_투자현황),1)<>"회수료")*1 ) )) | AB16: =IF(ISBLANK($D16), "", IF(VLOOKUP($D16,참여인력_개요,11,FALSE)="관리인력", "", SUMPRODUCT( (OFFSET(제안사_투자현황,0,22,ROWS(제안사_투자현황),1)=$D16)*1, (OFFSET(제안사_투자현황,0,10,ROWS(제안사_투자현황),1)<>"회수료")*1, OFFSET(제안사_투자현황,0,19,ROWS(제안사_투자현황),1) ) ) ) | AC16: =IF(ISBLANK($D16), "", IF(VLOOKUP($D16,참여인력_개요,11,FALSE)="관리인력", "", SUMPRODUCT( (OFFSET(제안사_투자현황,0,22,ROWS(제안사_투자현황),1)=$D16)*1, (OFFSET(제안사_투자현황,0,10,ROWS(제안사_투자현황),1)<>"회수료")*1, OFFSET(제안사_투자현황,0,20,ROWS(제안사_투자현황),1) ) ) )
R17: =IF(ISBLANK($D17), "", IF(N17="핵심운용인력", SUMPRODUCT((OFFSET(핵심인력_경력,0,0,ROWS(핵심인력_경력),1)=$D17)*1, OFFSET(핵심인력_경력,0,9,ROWS(핵심인력_경력),1), (OFFSET(핵심인력_경력,0,10,ROWS(핵심인력_경력),1)="A")*1)+SUMPRODUCT((OFFSET(핵심인력_경력,0,0,ROWS(핵심인력_경력),1)=$D17)*1, OFFSET(핵심인력_경력,0,9,ROWS(핵심인력_경력),1), (OFFSET(핵심인력_경력,0,10,ROWS(핵심인력_경력),1)="B")*1)*0.7, SUMPRODUCT((OFFSET(일반인력_경력,0,0,ROWS(일반인력_경력),1)=$D17)*1, OFFSET(일반인력_경력,0,9,ROWS(일반인력_경력),1), (OFFSET(일반인력_경력,0,10,ROWS(일반인력_경력),1)="A")*1)+SUMPRODUCT((OFFSET(일반인력_경력,0,0,ROWS(일반인력_경력),1)=$D17)*1, OFFSET(일반인력_경력,0,9,ROWS(일반인력_경력),1), (OFFSET(일반인력_경력,0,10,ROWS(일반인력_경력),1)="B")*1)*0.7 ) ) | S17: =IF(ISBLANK($D17), "", IF(VLOOKUP($D17,참여인력_개요,11,FALSE)="관리인력", "", IF(N17="핵심운용인력", SUMPRODUCT((OFFSET(핵심인력_투자현황,0,0,ROWS(핵심인력_투자현황),1)=$D17)*1, ISTEXT(OFFSET(핵심인력_투자현황,0,11,ROWS(핵심인력_투자현황),1))*1), SUMPRODUCT((OFFSET(일반인력_투자현황,0,0,ROWS(일반인력_투자현황),1)=$D17)*1, ISTEXT(OFFSET(일반인력_투자현황,0,11,ROWS(일반인력_투자현황),1))*1)) ) ) | T17: =IF(ISBLANK($D17), "", IF(VLOOKUP($D17,참여인력_개요,11,FALSE)="관리인력", "", IF(N17="핵심운용인력", SUMPRODUCT((OFFSET(핵심인력_투자현황,0,0,ROWS(핵심인력_투자현황),1)=$D17)*1, (OFFSET(핵심인력_투자현황,0,17,ROWS(핵심인력_투자현황),1)="회수료")*1), SUMPRODUCT((OFFSET(일반인력_투자현황,0,0,ROWS(일반인력_투자현황),1)=$D17)*1, (OFFSET(일반인력_투자현황,0,17,ROWS(일반인력_투자현황),1)="회수료")*1)))) | U17: =IF(ISBLANK($D17), "", IF(VLOOKUP($D17,참여인력_개요,11,FALSE)="관리인력", "", IF(N17="핵심운용인력", SUMPRODUCT((OFFSET(핵심인력_투자현황,0,0,ROWS(핵심인력_투자현황),1)=$D17)*1, OFFSET(핵심인력_투자현황,0,16,ROWS(핵심인력_투자현황),1)), SUMPRODUCT((OFFSET(일반인력_투자현황,0,0,ROWS(일반인력_투자현황),1)=$D17)*1, OFFSET(일반인력_투자현황,0,16,ROWS(일반인력_투자현황),1)) ))) | V17: =IF(ISBLANK($D17), "", IF(VLOOKUP($D17,참여인력_개요,11,FALSE)="관리인력", "", IF(N17="핵심운용인력", SUMPRODUCT((OFFSET(핵심인력_투자현황,0,0,ROWS(핵심인력_투자현황),1)=$D17)*1, OFFSET(핵심인력_투자현황,0,20,ROWS(핵심인력_투자현황),1)), SUMPRODUCT((OFFSET(일반인력_투자현황,0,0,ROWS(일반인력_투자현황),1)=$D17)*1, OFFSET(일반인력_투자현황,0,20,ROWS(일반인력_투자현황),1)) ))) | W17: =IF(ISBLANK($D17), "", IF(VLOOKUP($D17,참여인력_개요,11,FALSE)="관리인력", "", IF(N17="핵심운용인력", SUMPRODUCT((OFFSET(핵심인력_투자현황,0,0,ROWS(핵심인력_투자현황),1)=$D17)*1, OFFSET(핵심인력_투자현황,0,25,ROWS(핵심인력_투자현황),1)), SUMPRODUCT((OFFSET(일반인력_투자현황,0,0,ROWS(일반인력_투자현황),1)=$D17)*1, OFFSET(일반인력_투자현황,0,25,ROWS(일반인력_투자현황),1)) ))) | X17: =IF(ISBLANK($D17), "", IF(VLOOKUP($D17,참여인력_개요,11,FALSE)="관리인력", "", IF(N17="핵심운용인력", SUMPRODUCT((OFFSET(핵심인력_투자현황,0,0,ROWS(핵심인력_투자현황),1)=$D17)*1, OFFSET(핵심인력_투자현황,0,26,ROWS(핵심인력_투자현황),1)), SUMPRODUCT((OFFSET(일반인력_투자현황,0,0,ROWS(일반인력_투자현황),1)=$D17)*1, OFFSET(일반인력_투자현황,0,26,ROWS(일반인력_투자현황),1)) ))) | Y17: =IF(ISBLANK($D17), "", IF(VLOOKUP($D17,참여인력_개요,11,FALSE)="관리인력", "", IF(N17="핵심운용인력", SUMPRODUCT((OFFSET(핵심인력_투자현황,0,0,ROWS(핵심인력_투자현황),1)=$D17)*1, OFFSET(핵심인력_투자현황,0,16,ROWS(핵심인력_투자현황),1), OFFSET(핵심인력_투자현황,0,18,ROWS(핵심인력_투자현황),1))/U17, SUMPRODUCT((OFFSET(일반인력_투자현황,0,0,ROWS(일반인력_투자현황),1)=$D17)*1, OFFSET(일반인력_투자현황,0,16,ROWS(일반인력_투자현황),1), OFFSET(일반인력_투자현황,0,18,ROWS(일반인력_투자현황),1))/U17 ))) | Z17: =IF(ISBLANK($D17), "",IF(VLOOKUP($D17,참여인력_개요,11,FALSE)="관리인력", "", IF(N17="핵심운용인력", IF(SUMPRODUCT( (OFFSET(핵심인력_투자현황,0,0,ROWS(핵심인력_투자현황),1)=$D17)*1, OFFSET(핵심인력_투자현황,0,16,ROWS(핵심인력_투자현황),1), (OFFSET(핵심인력_투자현황,0,17,ROWS(핵심인력_투자현황),1)="회수료")*1 ) = 0, "N/A", SUMPRODUCT( (OFFSET(핵심인력_투자현황,0,0,ROWS(핵심인력_투자현황),1)=$D17)*1, OFFSET(핵심인력_투자현황,0,16,ROWS(핵심인력_투자현황),1), (OFFSET(핵심인력_투자현황,0,17,ROWS(핵심인력_투자현황),1)="회수료")*1, OFFSET(핵심인력_투자현황,0,18,ROWS(핵심인력_투자현황),1) ) / SUMPRODUCT( (OFFSET(핵심인력_투자현황,0,0,ROWS(핵심인력_투자현황),1)=$D17)*1, OFFSET(핵심인력_투자현황,0,16,ROWS(핵심인력_투자현황),1), (OFFSET(핵심인력_투자현황,0,17,ROWS(핵심인력_투자현황),1)="회수료")*1 ) ), IF(SUMPRODUCT( (OFFSET(일반인력_투자현황,0,0,ROWS(일반인력_투자현황),1)=$D17)*1, OFFSET(일반인력_투자현황,0,16,ROWS(일반인력_투자현황),1), (OFFSET(일반인력_투자현황,0,17,ROWS(일반인력_투자현황),1)="회수료")*1 ) = 0, "N/A", SUMPRODUCT( (OFFSET(일반인력_투자현황,0,0,ROWS(일반인력_투자현황),1)=$D17)*1, OFFSET(일반인력_투자현황,0,16,ROWS(일반인력_투자현황),1), (OFFSET(일반인력_투자현황,0,17,ROWS(일반인력_투자현황),1)="회수료")*1, OFFSET(일반인력_투자현황,0,18,ROWS(일반인력_투자현황),1) ) / SUMPRODUCT( (OFFSET(일반인력_투자현황,0,0,ROWS(일반인력_투자현황),1)=$D17)*1, OFFSET(일반인력_투자현황,0,16,ROWS(일반인력_투자현황),1), (OFFSET(일반인력_투자현황,0,17,ROWS(일반인력_투자현황),1)="회수료")*1 ) ) ))) | AA17: =IF(ISBLANK($D17), "", IF(VLOOKUP($D17,참여인력_개요,11,FALSE)="관리인력", "", SUMPRODUCT( (OFFSET(제안사_투자현황,0,22,ROWS(제안사_투자현황),1)=$D17)*1, (OFFSET(제안사_투자현황,0,10,ROWS(제안사_투자현황),1)<>"회수료")*1 ) )) | AB17: =IF(ISBLANK($D17), "", IF(VLOOKUP($D17,참여인력_개요,11,FALSE)="관리인력", "", SUMPRODUCT( (OFFSET(제안사_투자현황,0,22,ROWS(제안사_투자현황),1)=$D17)*1, (OFFSET(제안사_투자현황,0,10,ROWS(제안사_투자현황),1)<>"회수료")*1, OFFSET(제안사_투자현황,0,19,ROWS(제안사_투자현황),1) ) ) ) | AC17: =IF(ISBLANK($D17), "", IF(VLOOKUP($D17,참여인력_개요,11,FALSE)="관리인력", "", SUMPRODUCT( (OFFSET(제안사_투자현황,0,22,ROWS(제안사_투자현황),1)=$D17)*1, (OFFSET(제안사_투자현황,0,10,ROWS(제안사_투자현황),1)<>"회수료")*1, OFFSET(제안사_투자현황,0,20,ROWS(제안사_투자현황),1) ) ) )
R18: =IF(ISBLANK($D18), "", IF(N18="핵심운용인력", SUMPRODUCT((OFFSET(핵심인력_경력,0,0,ROWS(핵심인력_경력),1)=$D18)*1, OFFSET(핵심인력_경력,0,9,ROWS(핵심인력_경력),1), (OFFSET(핵심인력_경력,0,10,ROWS(핵심인력_경력),1)="A")*1)+SUMPRODUCT((OFFSET(핵심인력_경력,0,0,ROWS(핵심인력_경력),1)=$D18)*1, OFFSET(핵심인력_경력,0,9,ROWS(핵심인력_경력),1), (OFFSET(핵심인력_경력,0,10,ROWS(핵심인력_경력),1)="B")*1)*0.7, SUMPRODUCT((OFFSET(일반인력_경력,0,0,ROWS(일반인력_경력),1)=$D18)*1, OFFSET(일반인력_경력,0,9,ROWS(일반인력_경력),1), (OFFSET(일반인력_경력,0,10,ROWS(일반인력_경력),1)="A")*1)+SUMPRODUCT((OFFSET(일반인력_경력,0,0,ROWS(일반인력_경력),1)=$D18)*1, OFFSET(일반인력_경력,0,9,ROWS(일반인력_경력),1), (OFFSET(일반인력_경력,0,10,ROWS(일반인력_경력),1)="B")*1)*0.7 ) ) | S18: =IF(ISBLANK($D18), "", IF(VLOOKUP($D18,참여인력_개요,11,FALSE)="관리인력", "", IF(N18="핵심운용인력", SUMPRODUCT((OFFSET(핵심인력_투자현황,0,0,ROWS(핵심인력_투자현황),1)=$D18)*1, ISTEXT(OFFSET(핵심인력_투자현황,0,11,ROWS(핵심인력_투자현황),1))*1), SUMPRODUCT((OFFSET(일반인력_투자현황,0,0,ROWS(일반인력_투자현황),1)=$D18)*1, ISTEXT(OFFSET(일반인력_투자현황,0,11,ROWS(일반인력_투자현황),1))*1)) ) ) | T18: =IF(ISBLANK($D18), "", IF(VLOOKUP($D18,참여인력_개요,11,FALSE)="관리인력", "", IF(N18="핵심운용인력", SUMPRODUCT((OFFSET(핵심인력_투자현황,0,0,ROWS(핵심인력_투자현황),1)=$D18)*1, (OFFSET(핵심인력_투자현황,0,17,ROWS(핵심인력_투자현황),1)="회수료")*1), SUMPRODUCT((OFFSET(일반인력_투자현황,0,0,ROWS(일반인력_투자현황),1)=$D18)*1, (OFFSET(일반인력_투자현황,0,17,ROWS(일반인력_투자현황),1)="회수료")*1)))) | U18: =IF(ISBLANK($D18), "", IF(VLOOKUP($D18,참여인력_개요,11,FALSE)="관리인력", "", IF(N18="핵심운용인력", SUMPRODUCT((OFFSET(핵심인력_투자현황,0,0,ROWS(핵심인력_투자현황),1)=$D18)*1, OFFSET(핵심인력_투자현황,0,16,ROWS(핵심인력_투자현황),1)), SUMPRODUCT((OFFSET(일반인력_투자현황,0,0,ROWS(일반인력_투자현황),1)=$D18)*1, OFFSET(일반인력_투자현황,0,16,ROWS(일반인력_투자현황),1)) ))) | V18: =IF(ISBLANK($D18), "", IF(VLOOKUP($D18,참여인력_개요,11,FALSE)="관리인력", "", IF(N18="핵심운용인력", SUMPRODUCT((OFFSET(핵심인력_투자현황,0,0,ROWS(핵심인력_투자현황),1)=$D18)*1, OFFSET(핵심인력_투자현황,0,20,ROWS(핵심인력_투자현황),1)), SUMPRODUCT((OFFSET(일반인력_투자현황,0,0,ROWS(일반인력_투자현황),1)=$D18)*1, OFFSET(일반인력_투자현황,0,20,ROWS(일반인력_투자현황),1)) ))) | W18: =IF(ISBLANK($D18), "", IF(VLOOKUP($D18,참여인력_개요,11,FALSE)="관리인력", "", IF(N18="핵심운용인력", SUMPRODUCT((OFFSET(핵심인력_투자현황,0,0,ROWS(핵심인력_투자현황),1)=$D18)*1, OFFSET(핵심인력_투자현황,0,25,ROWS(핵심인력_투자현황),1)), SUMPRODUCT((OFFSET(일반인력_투자현황,0,0,ROWS(일반인력_투자현황),1)=$D18)*1, OFFSET(일반인력_투자현황,0,25,ROWS(일반인력_투자현황),1)) ))) | X18: =IF(ISBLANK($D18), "", IF(VLOOKUP($D18,참여인력_개요,11,FALSE)="관리인력", "", IF(N18="핵심운용인력", SUMPRODUCT((OFFSET(핵심인력_투자현황,0,0,ROWS(핵심인력_투자현황),1)=$D18)*1, OFFSET(핵심인력_투자현황,0,26,ROWS(핵심인력_투자현황),1)), SUMPRODUCT((OFFSET(일반인력_투자현황,0,0,ROWS(일반인력_투자현황),1)=$D18)*1, OFFSET(일반인력_투자현황,0,26,ROWS(일반인력_투자현황),1)) ))) | Y18: =IF(ISBLANK($D18), "", IF(VLOOKUP($D18,참여인력_개요,11,FALSE)="관리인력", "", IF(N18="핵심운용인력", SUMPRODUCT((OFFSET(핵심인력_투자현황,0,0,ROWS(핵심인력_투자현황),1)=$D18)*1, OFFSET(핵심인력_투자현황,0,16,ROWS(핵심인력_투자현황),1), OFFSET(핵심인력_투자현황,0,18,ROWS(핵심인력_투자현황),1))/U18, SUMPRODUCT((OFFSET(일반인력_투자현황,0,0,ROWS(일반인력_투자현황),1)=$D18)*1, OFFSET(일반인력_투자현황,0,16,ROWS(일반인력_투자현황),1), OFFSET(일반인력_투자현황,0,18,ROWS(일반인력_투자현황),1))/U18 ))) | Z18: =IF(ISBLANK($D18), "",IF(VLOOKUP($D18,참여인력_개요,11,FALSE)="관리인력", "", IF(N18="핵심운용인력", IF(SUMPRODUCT( (OFFSET(핵심인력_투자현황,0,0,ROWS(핵심인력_투자현황),1)=$D18)*1, OFFSET(핵심인력_투자현황,0,16,ROWS(핵심인력_투자현황),1), (OFFSET(핵심인력_투자현황,0,17,ROWS(핵심인력_투자현황),1)="회수료")*1 ) = 0, "N/A", SUMPRODUCT( (OFFSET(핵심인력_투자현황,0,0,ROWS(핵심인력_투자현황),1)=$D18)*1, OFFSET(핵심인력_투자현황,0,16,ROWS(핵심인력_투자현황),1), (OFFSET(핵심인력_투자현황,0,17,ROWS(핵심인력_투자현황),1)="회수료")*1, OFFSET(핵심인력_투자현황,0,18,ROWS(핵심인력_투자현황),1) ) / SUMPRODUCT( (OFFSET(핵심인력_투자현황,0,0,ROWS(핵심인력_투자현황),1)=$D18)*1, OFFSET(핵심인력_투자현황,0,16,ROWS(핵심인력_투자현황),1), (OFFSET(핵심인력_투자현황,0,17,ROWS(핵심인력_투자현황),1)="회수료")*1 ) ), IF(SUMPRODUCT( (OFFSET(일반인력_투자현황,0,0,ROWS(일반인력_투자현황),1)=$D18)*1, OFFSET(일반인력_투자현황,0,16,ROWS(일반인력_투자현황),1), (OFFSET(일반인력_투자현황,0,17,ROWS(일반인력_투자현황),1)="회수료")*1 ) = 0, "N/A", SUMPRODUCT( (OFFSET(일반인력_투자현황,0,0,ROWS(일반인력_투자현황),1)=$D18)*1, OFFSET(일반인력_투자현황,0,16,ROWS(일반인력_투자현황),1), (OFFSET(일반인력_투자현황,0,17,ROWS(일반인력_투자현황),1)="회수료")*1, OFFSET(일반인력_투자현황,0,18,ROWS(일반인력_투자현황),1) ) / SUMPRODUCT( (OFFSET(일반인력_투자현황,0,0,ROWS(일반인력_투자현황),1)=$D18)*1, OFFSET(일반인력_투자현황,0,16,ROWS(일반인력_투자현황),1), (OFFSET(일반인력_투자현황,0,17,ROWS(일반인력_투자현황),1)="회수료")*1 ) ) ))) | AA18: =IF(ISBLANK($D18), "", IF(VLOOKUP($D18,참여인력_개요,11,FALSE)="관리인력", "", SUMPRODUCT( (OFFSET(제안사_투자현황,0,22,ROWS(제안사_투자현황),1)=$D18)*1, (OFFSET(제안사_투자현황,0,10,ROWS(제안사_투자현황),1)<>"회수료")*1 ) )) | AB18: =IF(ISBLANK($D18), "", IF(VLOOKUP($D18,참여인력_개요,11,FALSE)="관리인력", "", SUMPRODUCT( (OFFSET(제안사_투자현황,0,22,ROWS(제안사_투자현황),1)=$D18)*1, (OFFSET(제안사_투자현황,0,10,ROWS(제안사_투자현황),1)<>"회수료")*1, OFFSET(제안사_투자현황,0,19,ROWS(제안사_투자현황),1) ) ) ) | AC18: =IF(ISBLANK($D18), "", IF(VLOOKUP($D18,참여인력_개요,11,FALSE)="관리인력", "", SUMPRODUCT( (OFFSET(제안사_투자현황,0,22,ROWS(제안사_투자현황),1)=$D18)*1, (OFFSET(제안사_투자현황,0,10,ROWS(제안사_투자현황),1)<>"회수료")*1, OFFSET(제안사_투자현황,0,20,ROWS(제안사_투자현황),1) ) ) )
R19: =IF(ISBLANK($D19), "", IF(N19="핵심운용인력", SUMPRODUCT((OFFSET(핵심인력_경력,0,0,ROWS(핵심인력_경력),1)=$D19)*1, OFFSET(핵심인력_경력,0,9,ROWS(핵심인력_경력),1), (OFFSET(핵심인력_경력,0,10,ROWS(핵심인력_경력),1)="A")*1)+SUMPRODUCT((OFFSET(핵심인력_경력,0,0,ROWS(핵심인력_경력),1)=$D19)*1, OFFSET(핵심인력_경력,0,9,ROWS(핵심인력_경력),1), (OFFSET(핵심인력_경력,0,10,ROWS(핵심인력_경력),1)="B")*1)*0.7, SUMPRODUCT((OFFSET(일반인력_경력,0,0,ROWS(일반인력_경력),1)=$D19)*1, OFFSET(일반인력_경력,0,9,ROWS(일반인력_경력),1), (OFFSET(일반인력_경력,0,10,ROWS(일반인력_경력),1)="A")*1)+SUMPRODUCT((OFFSET(일반인력_경력,0,0,ROWS(일반인력_경력),1)=$D19)*1, OFFSET(일반인력_경력,0,9,ROWS(일반인력_경력),1), (OFFSET(일반인력_경력,0,10,ROWS(일반인력_경력),1)="B")*1)*0.7 ) ) | S19: =IF(ISBLANK($D19), "", IF(VLOOKUP($D19,참여인력_개요,11,FALSE)="관리인력", "", IF(N19="핵심운용인력", SUMPRODUCT((OFFSET(핵심인력_투자현황,0,0,ROWS(핵심인력_투자현황),1)=$D19)*1, ISTEXT(OFFSET(핵심인력_투자현황,0,11,ROWS(핵심인력_투자현황),1))*1), SUMPRODUCT((OFFSET(일반인력_투자현황,0,0,ROWS(일반인력_투자현황),1)=$D19)*1, ISTEXT(OFFSET(일반인력_투자현황,0,11,ROWS(일반인력_투자현황),1))*1)) ) ) | T19: =IF(ISBLANK($D19), "", IF(VLOOKUP($D19,참여인력_개요,11,FALSE)="관리인력", "", IF(N19="핵심운용인력", SUMPRODUCT((OFFSET(핵심인력_투자현황,0,0,ROWS(핵심인력_투자현황),1)=$D19)*1, (OFFSET(핵심인력_투자현황,0,17,ROWS(핵심인력_투자현황),1)="회수료")*1), SUMPRODUCT((OFFSET(일반인력_투자현황,0,0,ROWS(일반인력_투자현황),1)=$D19)*1, (OFFSET(일반인력_투자현황,0,17,ROWS(일반인력_투자현황),1)="회수료")*1)))) | U19: =IF(ISBLANK($D19), "", IF(VLOOKUP($D19,참여인력_개요,11,FALSE)="관리인력", "", IF(N19="핵심운용인력", SUMPRODUCT((OFFSET(핵심인력_투자현황,0,0,ROWS(핵심인력_투자현황),1)=$D19)*1, OFFSET(핵심인력_투자현황,0,16,ROWS(핵심인력_투자현황),1)), SUMPRODUCT((OFFSET(일반인력_투자현황,0,0,ROWS(일반인력_투자현황),1)=$D19)*1, OFFSET(일반인력_투자현황,0,16,ROWS(일반인력_투자현황),1)) ))) | V19: =IF(ISBLANK($D19), "", IF(VLOOKUP($D19,참여인력_개요,11,FALSE)="관리인력", "", IF(N19="핵심운용인력", SUMPRODUCT((OFFSET(핵심인력_투자현황,0,0,ROWS(핵심인력_투자현황),1)=$D19)*1, OFFSET(핵심인력_투자현황,0,20,ROWS(핵심인력_투자현황),1)), SUMPRODUCT((OFFSET(일반인력_투자현황,0,0,ROWS(일반인력_투자현황),1)=$D19)*1, OFFSET(일반인력_투자현황,0,20,ROWS(일반인력_투자현황),1)) ))) | W19: =IF(ISBLANK($D19), "", IF(VLOOKUP($D19,참여인력_개요,11,FALSE)="관리인력", "", IF(N19="핵심운용인력", SUMPRODUCT((OFFSET(핵심인력_투자현황,0,0,ROWS(핵심인력_투자현황),1)=$D19)*1, OFFSET(핵심인력_투자현황,0,25,ROWS(핵심인력_투자현황),1)), SUMPRODUCT((OFFSET(일반인력_투자현황,0,0,ROWS(일반인력_투자현황),1)=$D19)*1, OFFSET(일반인력_투자현황,0,25,ROWS(일반인력_투자현황),1)) ))) | X19: =IF(ISBLANK($D19), "", IF(VLOOKUP($D19,참여인력_개요,11,FALSE)="관리인력", "", IF(N19="핵심운용인력", SUMPRODUCT((OFFSET(핵심인력_투자현황,0,0,ROWS(핵심인력_투자현황),1)=$D19)*1, OFFSET(핵심인력_투자현황,0,26,ROWS(핵심인력_투자현황),1)), SUMPRODUCT((OFFSET(일반인력_투자현황,0,0,ROWS(일반인력_투자현황),1)=$D19)*1, OFFSET(일반인력_투자현황,0,26,ROWS(일반인력_투자현황),1)) ))) | Y19: =IF(ISBLANK($D19), "", IF(VLOOKUP($D19,참여인력_개요,11,FALSE)="관리인력", "", IF(N19="핵심운용인력", SUMPRODUCT((OFFSET(핵심인력_투자현황,0,0,ROWS(핵심인력_투자현황),1)=$D19)*1, OFFSET(핵심인력_투자현황,0,16,ROWS(핵심인력_투자현황),1), OFFSET(핵심인력_투자현황,0,18,ROWS(핵심인력_투자현황),1))/U19, SUMPRODUCT((OFFSET(일반인력_투자현황,0,0,ROWS(일반인력_투자현황),1)=$D19)*1, OFFSET(일반인력_투자현황,0,16,ROWS(일반인력_투자현황),1), OFFSET(일반인력_투자현황,0,18,ROWS(일반인력_투자현황),1))/U19 ))) | Z19: =IF(ISBLANK($D19), "",IF(VLOOKUP($D19,참여인력_개요,11,FALSE)="관리인력", "", IF(N19="핵심운용인력", IF(SUMPRODUCT( (OFFSET(핵심인력_투자현황,0,0,ROWS(핵심인력_투자현황),1)=$D19)*1, OFFSET(핵심인력_투자현황,0,16,ROWS(핵심인력_투자현황),1), (OFFSET(핵심인력_투자현황,0,17,ROWS(핵심인력_투자현황),1)="회수료")*1 ) = 0, "N/A", SUMPRODUCT( (OFFSET(핵심인력_투자현황,0,0,ROWS(핵심인력_투자현황),1)=$D19)*1, OFFSET(핵심인력_투자현황,0,16,ROWS(핵심인력_투자현황),1), (OFFSET(핵심인력_투자현황,0,17,ROWS(핵심인력_투자현황),1)="회수료")*1, OFFSET(핵심인력_투자현황,0,18,ROWS(핵심인력_투자현황),1) ) / SUMPRODUCT( (OFFSET(핵심인력_투자현황,0,0,ROWS(핵심인력_투자현황),1)=$D19)*1, OFFSET(핵심인력_투자현황,0,16,ROWS(핵심인력_투자현황),1), (OFFSET(핵심인력_투자현황,0,17,ROWS(핵심인력_투자현황),1)="회수료")*1 ) ), IF(SUMPRODUCT( (OFFSET(일반인력_투자현황,0,0,ROWS(일반인력_투자현황),1)=$D19)*1, OFFSET(일반인력_투자현황,0,16,ROWS(일반인력_투자현황),1), (OFFSET(일반인력_투자현황,0,17,ROWS(일반인력_투자현황),1)="회수료")*1 ) = 0, "N/A", SUMPRODUCT( (OFFSET(일반인력_투자현황,0,0,ROWS(일반인력_투자현황),1)=$D19)*1, OFFSET(일반인력_투자현황,0,16,ROWS(일반인력_투자현황),1), (OFFSET(일반인력_투자현황,0,17,ROWS(일반인력_투자현황),1)="회수료")*1, OFFSET(일반인력_투자현황,0,18,ROWS(일반인력_투자현황),1) ) / SUMPRODUCT( (OFFSET(일반인력_투자현황,0,0,ROWS(일반인력_투자현황),1)=$D19)*1, OFFSET(일반인력_투자현황,0,16,ROWS(일반인력_투자현황),1), (OFFSET(일반인력_투자현황,0,17,ROWS(일반인력_투자현황),1)="회수료")*1 ) ) ))) | AA19: =IF(ISBLANK($D19), "", IF(VLOOKUP($D19,참여인력_개요,11,FALSE)="관리인력", "", SUMPRODUCT( (OFFSET(제안사_투자현황,0,22,ROWS(제안사_투자현황),1)=$D19)*1, (OFFSET(제안사_투자현황,0,10,ROWS(제안사_투자현황),1)<>"회수료")*1 ) )) | AB19: =IF(ISBLANK($D19), "", IF(VLOOKUP($D19,참여인력_개요,11,FALSE)="관리인력", "", SUMPRODUCT( (OFFSET(제안사_투자현황,0,22,ROWS(제안사_투자현황),1)=$D19)*1, (OFFSET(제안사_투자현황,0,10,ROWS(제안사_투자현황),1)<>"회수료")*1, OFFSET(제안사_투자현황,0,19,ROWS(제안사_투자현황),1) ) ) ) | AC19: =IF(ISBLANK($D19), "", IF(VLOOKUP($D19,참여인력_개요,11,FALSE)="관리인력", "", SUMPRODUCT( (OFFSET(제안사_투자현황,0,22,ROWS(제안사_투자현황),1)=$D19)*1, (OFFSET(제안사_투자현황,0,10,ROWS(제안사_투자현황),1)<>"회수료")*1, OFFSET(제안사_투자현황,0,20,ROWS(제안사_투자현황),1) ) ) )
R20: =IF(ISBLANK($D20), "", IF(N20="핵심운용인력", SUMPRODUCT((OFFSET(핵심인력_경력,0,0,ROWS(핵심인력_경력),1)=$D20)*1, OFFSET(핵심인력_경력,0,9,ROWS(핵심인력_경력),1), (OFFSET(핵심인력_경력,0,10,ROWS(핵심인력_경력),1)="A")*1)+SUMPRODUCT((OFFSET(핵심인력_경력,0,0,ROWS(핵심인력_경력),1)=$D20)*1, OFFSET(핵심인력_경력,0,9,ROWS(핵심인력_경력),1), (OFFSET(핵심인력_경력,0,10,ROWS(핵심인력_경력),1)="B")*1)*0.7, SUMPRODUCT((OFFSET(일반인력_경력,0,0,ROWS(일반인력_경력),1)=$D20)*1, OFFSET(일반인력_경력,0,9,ROWS(일반인력_경력),1), (OFFSET(일반인력_경력,0,10,ROWS(일반인력_경력),1)="A")*1)+SUMPRODUCT((OFFSET(일반인력_경력,0,0,ROWS(일반인력_경력),1)=$D20)*1, OFFSET(일반인력_경력,0,9,ROWS(일반인력_경력),1), (OFFSET(일반인력_경력,0,10,ROWS(일반인력_경력),1)="B")*1)*0.7 ) ) | S20: =IF(ISBLANK($D20), "", IF(VLOOKUP($D20,참여인력_개요,11,FALSE)="관리인력", "", IF(N20="핵심운용인력", SUMPRODUCT((OFFSET(핵심인력_투자현황,0,0,ROWS(핵심인력_투자현황),1)=$D20)*1, ISTEXT(OFFSET(핵심인력_투자현황,0,11,ROWS(핵심인력_투자현황),1))*1), SUMPRODUCT((OFFSET(일반인력_투자현황,0,0,ROWS(일반인력_투자현황),1)=$D20)*1, ISTEXT(OFFSET(일반인력_투자현황,0,11,ROWS(일반인력_투자현황),1))*1)) ) ) | T20: =IF(ISBLANK($D20), "", IF(VLOOKUP($D20,참여인력_개요,11,FALSE)="관리인력", "", IF(N20="핵심운용인력", SUMPRODUCT((OFFSET(핵심인력_투자현황,0,0,ROWS(핵심인력_투자현황),1)=$D20)*1, (OFFSET(핵심인력_투자현황,0,17,ROWS(핵심인력_투자현황),1)="회수료")*1), SUMPRODUCT((OFFSET(일반인력_투자현황,0,0,ROWS(일반인력_투자현황),1)=$D20)*1, (OFFSET(일반인력_투자현황,0,17,ROWS(일반인력_투자현황),1)="회수료")*1)))) | U20: =IF(ISBLANK($D20), "", IF(VLOOKUP($D20,참여인력_개요,11,FALSE)="관리인력", "", IF(N20="핵심운용인력", SUMPRODUCT((OFFSET(핵심인력_투자현황,0,0,ROWS(핵심인력_투자현황),1)=$D20)*1, OFFSET(핵심인력_투자현황,0,16,ROWS(핵심인력_투자현황),1)), SUMPRODUCT((OFFSET(일반인력_투자현황,0,0,ROWS(일반인력_투자현황),1)=$D20)*1, OFFSET(일반인력_투자현황,0,16,ROWS(일반인력_투자현황),1)) ))) | V20: =IF(ISBLANK($D20), "", IF(VLOOKUP($D20,참여인력_개요,11,FALSE)="관리인력", "", IF(N20="핵심운용인력", SUMPRODUCT((OFFSET(핵심인력_투자현황,0,0,ROWS(핵심인력_투자현황),1)=$D20)*1, OFFSET(핵심인력_투자현황,0,20,ROWS(핵심인력_투자현황),1)), SUMPRODUCT((OFFSET(일반인력_투자현황,0,0,ROWS(일반인력_투자현황),1)=$D20)*1, OFFSET(일반인력_투자현황,0,20,ROWS(일반인력_투자현황),1)) ))) | W20: =IF(ISBLANK($D20), "", IF(VLOOKUP($D20,참여인력_개요,11,FALSE)="관리인력", "", IF(N20="핵심운용인력", SUMPRODUCT((OFFSET(핵심인력_투자현황,0,0,ROWS(핵심인력_투자현황),1)=$D20)*1, OFFSET(핵심인력_투자현황,0,25,ROWS(핵심인력_투자현황),1)), SUMPRODUCT((OFFSET(일반인력_투자현황,0,0,ROWS(일반인력_투자현황),1)=$D20)*1, OFFSET(일반인력_투자현황,0,25,ROWS(일반인력_투자현황),1)) ))) | X20: =IF(ISBLANK($D20), "", IF(VLOOKUP($D20,참여인력_개요,11,FALSE)="관리인력", "", IF(N20="핵심운용인력", SUMPRODUCT((OFFSET(핵심인력_투자현황,0,0,ROWS(핵심인력_투자현황),1)=$D20)*1, OFFSET(핵심인력_투자현황,0,26,ROWS(핵심인력_투자현황),1)), SUMPRODUCT((OFFSET(일반인력_투자현황,0,0,ROWS(일반인력_투자현황),1)=$D20)*1, OFFSET(일반인력_투자현황,0,26,ROWS(일반인력_투자현황),1)) ))) | Y20: =IF(ISBLANK($D20), "", IF(VLOOKUP($D20,참여인력_개요,11,FALSE)="관리인력", "", IF(N20="핵심운용인력", SUMPRODUCT((OFFSET(핵심인력_투자현황,0,0,ROWS(핵심인력_투자현황),1)=$D20)*1, OFFSET(핵심인력_투자현황,0,16,ROWS(핵심인력_투자현황),1), OFFSET(핵심인력_투자현황,0,18,ROWS(핵심인력_투자현황),1))/U20, SUMPRODUCT((OFFSET(일반인력_투자현황,0,0,ROWS(일반인력_투자현황),1)=$D20)*1, OFFSET(일반인력_투자현황,0,16,ROWS(일반인력_투자현황),1), OFFSET(일반인력_투자현황,0,18,ROWS(일반인력_투자현황),1))/U20 ))) | Z20: =IF(ISBLANK($D20), "",IF(VLOOKUP($D20,참여인력_개요,11,FALSE)="관리인력", "", IF(N20="핵심운용인력", IF(SUMPRODUCT( (OFFSET(핵심인력_투자현황,0,0,ROWS(핵심인력_투자현황),1)=$D20)*1, OFFSET(핵심인력_투자현황,0,16,ROWS(핵심인력_투자현황),1), (OFFSET(핵심인력_투자현황,0,17,ROWS(핵심인력_투자현황),1)="회수료")*1 ) = 0, "N/A", SUMPRODUCT( (OFFSET(핵심인력_투자현황,0,0,ROWS(핵심인력_투자현황),1)=$D20)*1, OFFSET(핵심인력_투자현황,0,16,ROWS(핵심인력_투자현황),1), (OFFSET(핵심인력_투자현황,0,17,ROWS(핵심인력_투자현황),1)="회수료")*1, OFFSET(핵심인력_투자현황,0,18,ROWS(핵심인력_투자현황),1) ) / SUMPRODUCT( (OFFSET(핵심인력_투자현황,0,0,ROWS(핵심인력_투자현황),1)=$D20)*1, OFFSET(핵심인력_투자현황,0,16,ROWS(핵심인력_투자현황),1), (OFFSET(핵심인력_투자현황,0,17,ROWS(핵심인력_투자현황),1)="회수료")*1 ) ), IF(SUMPRODUCT( (OFFSET(일반인력_투자현황,0,0,ROWS(일반인력_투자현황),1)=$D20)*1, OFFSET(일반인력_투자현황,0,16,ROWS(일반인력_투자현황),1), (OFFSET(일반인력_투자현황,0,17,ROWS(일반인력_투자현황),1)="회수료")*1 ) = 0, "N/A", SUMPRODUCT( (OFFSET(일반인력_투자현황,0,0,ROWS(일반인력_투자현황),1)=$D20)*1, OFFSET(일반인력_투자현황,0,16,ROWS(일반인력_투자현황),1), (OFFSET(일반인력_투자현황,0,17,ROWS(일반인력_투자현황),1)="회수료")*1, OFFSET(일반인력_투자현황,0,18,ROWS(일반인력_투자현황),1) ) / SUMPRODUCT( (OFFSET(일반인력_투자현황,0,0,ROWS(일반인력_투자현황),1)=$D20)*1, OFFSET(일반인력_투자현황,0,16,ROWS(일반인력_투자현황),1), (OFFSET(일반인력_투자현황,0,17,ROWS(일반인력_투자현황),1)="회수료")*1 ) ) ))) | AA20: =IF(ISBLANK($D20), "", IF(VLOOKUP($D20,참여인력_개요,11,FALSE)="관리인력", "", SUMPRODUCT( (OFFSET(제안사_투자현황,0,22,ROWS(제안사_투자현황),1)=$D20)*1, (OFFSET(제안사_투자현황,0,10,ROWS(제안사_투자현황),1)<>"회수료")*1 ) )) | AB20: =IF(ISBLANK($D20), "", IF(VLOOKUP($D20,참여인력_개요,11,FALSE)="관리인력", "", SUMPRODUCT( (OFFSET(제안사_투자현황,0,22,ROWS(제안사_투자현황),1)=$D20)*1, (OFFSET(제안사_투자현황,0,10,ROWS(제안사_투자현황),1)<>"회수료")*1, OFFSET(제안사_투자현황,0,19,ROWS(제안사_투자현황),1) ) ) ) | AC20: =IF(ISBLANK($D20), "", IF(VLOOKUP($D20,참여인력_개요,11,FALSE)="관리인력", "", SUMPRODUCT( (OFFSET(제안사_투자현황,0,22,ROWS(제안사_투자현황),1)=$D20)*1, (OFFSET(제안사_투자현황,0,10,ROWS(제안사_투자현황),1)<>"회수료")*1, OFFSET(제안사_투자현황,0,20,ROWS(제안사_투자현황),1) ) ) )
R21: =IF(ISBLANK($D21), "", IF(N21="핵심운용인력", SUMPRODUCT((OFFSET(핵심인력_경력,0,0,ROWS(핵심인력_경력),1)=$D21)*1, OFFSET(핵심인력_경력,0,9,ROWS(핵심인력_경력),1), (OFFSET(핵심인력_경력,0,10,ROWS(핵심인력_경력),1)="A")*1)+SUMPRODUCT((OFFSET(핵심인력_경력,0,0,ROWS(핵심인력_경력),1)=$D21)*1, OFFSET(핵심인력_경력,0,9,ROWS(핵심인력_경력),1), (OFFSET(핵심인력_경력,0,10,ROWS(핵심인력_경력),1)="B")*1)*0.7, SUMPRODUCT((OFFSET(일반인력_경력,0,0,ROWS(일반인력_경력),1)=$D21)*1, OFFSET(일반인력_경력,0,9,ROWS(일반인력_경력),1), (OFFSET(일반인력_경력,0,10,ROWS(일반인력_경력),1)="A")*1)+SUMPRODUCT((OFFSET(일반인력_경력,0,0,ROWS(일반인력_경력),1)=$D21)*1, OFFSET(일반인력_경력,0,9,ROWS(일반인력_경력),1), (OFFSET(일반인력_경력,0,10,ROWS(일반인력_경력),1)="B")*1)*0.7 ) ) | S21: =IF(ISBLANK($D21), "", IF(VLOOKUP($D21,참여인력_개요,11,FALSE)="관리인력", "", IF(N21="핵심운용인력", SUMPRODUCT((OFFSET(핵심인력_투자현황,0,0,ROWS(핵심인력_투자현황),1)=$D21)*1, ISTEXT(OFFSET(핵심인력_투자현황,0,11,ROWS(핵심인력_투자현황),1))*1), SUMPRODUCT((OFFSET(일반인력_투자현황,0,0,ROWS(일반인력_투자현황),1)=$D21)*1, ISTEXT(OFFSET(일반인력_투자현황,0,11,ROWS(일반인력_투자현황),1))*1)) ) ) | T21: =IF(ISBLANK($D21), "", IF(VLOOKUP($D21,참여인력_개요,11,FALSE)="관리인력", "", IF(N21="핵심운용인력", SUMPRODUCT((OFFSET(핵심인력_투자현황,0,0,ROWS(핵심인력_투자현황),1)=$D21)*1, (OFFSET(핵심인력_투자현황,0,17,ROWS(핵심인력_투자현황),1)="회수료")*1), SUMPRODUCT((OFFSET(일반인력_투자현황,0,0,ROWS(일반인력_투자현황),1)=$D21)*1, (OFFSET(일반인력_투자현황,0,17,ROWS(일반인력_투자현황),1)="회수료")*1)))) | U21: =IF(ISBLANK($D21), "", IF(VLOOKUP($D21,참여인력_개요,11,FALSE)="관리인력", "", IF(N21="핵심운용인력", SUMPRODUCT((OFFSET(핵심인력_투자현황,0,0,ROWS(핵심인력_투자현황),1)=$D21)*1, OFFSET(핵심인력_투자현황,0,16,ROWS(핵심인력_투자현황),1)), SUMPRODUCT((OFFSET(일반인력_투자현황,0,0,ROWS(일반인력_투자현황),1)=$D21)*1, OFFSET(일반인력_투자현황,0,16,ROWS(일반인력_투자현황),1)) ))) | V21: =IF(ISBLANK($D21), "", IF(VLOOKUP($D21,참여인력_개요,11,FALSE)="관리인력", "", IF(N21="핵심운용인력", SUMPRODUCT((OFFSET(핵심인력_투자현황,0,0,ROWS(핵심인력_투자현황),1)=$D21)*1, OFFSET(핵심인력_투자현황,0,20,ROWS(핵심인력_투자현황),1)), SUMPRODUCT((OFFSET(일반인력_투자현황,0,0,ROWS(일반인력_투자현황),1)=$D21)*1, OFFSET(일반인력_투자현황,0,20,ROWS(일반인력_투자현황),1)) ))) | W21: =IF(ISBLANK($D21), "", IF(VLOOKUP($D21,참여인력_개요,11,FALSE)="관리인력", "", IF(N21="핵심운용인력", SUMPRODUCT((OFFSET(핵심인력_투자현황,0,0,ROWS(핵심인력_투자현황),1)=$D21)*1, OFFSET(핵심인력_투자현황,0,25,ROWS(핵심인력_투자현황),1)), SUMPRODUCT((OFFSET(일반인력_투자현황,0,0,ROWS(일반인력_투자현황),1)=$D21)*1, OFFSET(일반인력_투자현황,0,25,ROWS(일반인력_투자현황),1)) ))) | X21: =IF(ISBLANK($D21), "", IF(VLOOKUP($D21,참여인력_개요,11,FALSE)="관리인력", "", IF(N21="핵심운용인력", SUMPRODUCT((OFFSET(핵심인력_투자현황,0,0,ROWS(핵심인력_투자현황),1)=$D21)*1, OFFSET(핵심인력_투자현황,0,26,ROWS(핵심인력_투자현황),1)), SUMPRODUCT((OFFSET(일반인력_투자현황,0,0,ROWS(일반인력_투자현황),1)=$D21)*1, OFFSET(일반인력_투자현황,0,26,ROWS(일반인력_투자현황),1)) ))) | Y21: =IF(ISBLANK($D21), "", IF(VLOOKUP($D21,참여인력_개요,11,FALSE)="관리인력", "", IF(N21="핵심운용인력", SUMPRODUCT((OFFSET(핵심인력_투자현황,0,0,ROWS(핵심인력_투자현황),1)=$D21)*1, OFFSET(핵심인력_투자현황,0,16,ROWS(핵심인력_투자현황),1), OFFSET(핵심인력_투자현황,0,18,ROWS(핵심인력_투자현황),1))/U21, SUMPRODUCT((OFFSET(일반인력_투자현황,0,0,ROWS(일반인력_투자현황),1)=$D21)*1, OFFSET(일반인력_투자현황,0,16,ROWS(일반인력_투자현황),1), OFFSET(일반인력_투자현황,0,18,ROWS(일반인력_투자현황),1))/U21 ))) | Z21: =IF(ISBLANK($D21), "",IF(VLOOKUP($D21,참여인력_개요,11,FALSE)="관리인력", "", IF(N21="핵심운용인력", IF(SUMPRODUCT( (OFFSET(핵심인력_투자현황,0,0,ROWS(핵심인력_투자현황),1)=$D21)*1, OFFSET(핵심인력_투자현황,0,16,ROWS(핵심인력_투자현황),1), (OFFSET(핵심인력_투자현황,0,17,ROWS(핵심인력_투자현황),1)="회수료")*1 ) = 0, "N/A", SUMPRODUCT( (OFFSET(핵심인력_투자현황,0,0,ROWS(핵심인력_투자현황),1)=$D21)*1, OFFSET(핵심인력_투자현황,0,16,ROWS(핵심인력_투자현황),1), (OFFSET(핵심인력_투자현황,0,17,ROWS(핵심인력_투자현황),1)="회수료")*1, OFFSET(핵심인력_투자현황,0,18,ROWS(핵심인력_투자현황),1) ) / SUMPRODUCT( (OFFSET(핵심인력_투자현황,0,0,ROWS(핵심인력_투자현황),1)=$D21)*1, OFFSET(핵심인력_투자현황,0,16,ROWS(핵심인력_투자현황),1), (OFFSET(핵심인력_투자현황,0,17,ROWS(핵심인력_투자현황),1)="회수료")*1 ) ), IF(SUMPRODUCT( (OFFSET(일반인력_투자현황,0,0,ROWS(일반인력_투자현황),1)=$D21)*1, OFFSET(일반인력_투자현황,0,16,ROWS(일반인력_투자현황),1), (OFFSET(일반인력_투자현황,0,17,ROWS(일반인력_투자현황),1)="회수료")*1 ) = 0, "N/A", SUMPRODUCT( (OFFSET(일반인력_투자현황,0,0,ROWS(일반인력_투자현황),1)=$D21)*1, OFFSET(일반인력_투자현황,0,16,ROWS(일반인력_투자현황),1), (OFFSET(일반인력_투자현황,0,17,ROWS(일반인력_투자현황),1)="회수료")*1, OFFSET(일반인력_투자현황,0,18,ROWS(일반인력_투자현황),1) ) / SUMPRODUCT( (OFFSET(일반인력_투자현황,0,0,ROWS(일반인력_투자현황),1)=$D21)*1, OFFSET(일반인력_투자현황,0,16,ROWS(일반인력_투자현황),1), (OFFSET(일반인력_투자현황,0,17,ROWS(일반인력_투자현황),1)="회수료")*1 ) ) ))) | AA21: =IF(ISBLANK($D21), "", IF(VLOOKUP($D21,참여인력_개요,11,FALSE)="관리인력", "", SUMPRODUCT( (OFFSET(제안사_투자현황,0,22,ROWS(제안사_투자현황),1)=$D21)*1, (OFFSET(제안사_투자현황,0,10,ROWS(제안사_투자현황),1)<>"회수료")*1 ) )) | AB21: =IF(ISBLANK($D21), "", IF(VLOOKUP($D21,참여인력_개요,11,FALSE)="관리인력", "", SUMPRODUCT( (OFFSET(제안사_투자현황,0,22,ROWS(제안사_투자현황),1)=$D21)*1, (OFFSET(제안사_투자현황,0,10,ROWS(제안사_투자현황),1)<>"회수료")*1, OFFSET(제안사_투자현황,0,19,ROWS(제안사_투자현황),1) ) ) ) | AC21: =IF(ISBLANK($D21), "", IF(VLOOKUP($D21,참여인력_개요,11,FALSE)="관리인력", "", SUMPRODUCT( (OFFSET(제안사_투자현황,0,22,ROWS(제안사_투자현황),1)=$D21)*1, (OFFSET(제안사_투자현황,0,10,ROWS(제안사_투자현황),1)<>"회수료")*1, OFFSET(제안사_투자현황,0,20,ROWS(제안사_투자현황),1) ) ) )
R22: =IF(ISBLANK($D22), "", IF(N22="핵심운용인력", SUMPRODUCT((OFFSET(핵심인력_경력,0,0,ROWS(핵심인력_경력),1)=$D22)*1, OFFSET(핵심인력_경력,0,9,ROWS(핵심인력_경력),1), (OFFSET(핵심인력_경력,0,10,ROWS(핵심인력_경력),1)="A")*1)+SUMPRODUCT((OFFSET(핵심인력_경력,0,0,ROWS(핵심인력_경력),1)=$D22)*1, OFFSET(핵심인력_경력,0,9,ROWS(핵심인력_경력),1), (OFFSET(핵심인력_경력,0,10,ROWS(핵심인력_경력),1)="B")*1)*0.7, SUMPRODUCT((OFFSET(일반인력_경력,0,0,ROWS(일반인력_경력),1)=$D22)*1, OFFSET(일반인력_경력,0,9,ROWS(일반인력_경력),1), (OFFSET(일반인력_경력,0,10,ROWS(일반인력_경력),1)="A")*1)+SUMPRODUCT((OFFSET(일반인력_경력,0,0,ROWS(일반인력_경력),1)=$D22)*1, OFFSET(일반인력_경력,0,9,ROWS(일반인력_경력),1), (OFFSET(일반인력_경력,0,10,ROWS(일반인력_경력),1)="B")*1)*0.7 ) ) | S22: =IF(ISBLANK($D22), "", IF(VLOOKUP($D22,참여인력_개요,11,FALSE)="관리인력", "", IF(N22="핵심운용인력", SUMPRODUCT((OFFSET(핵심인력_투자현황,0,0,ROWS(핵심인력_투자현황),1)=$D22)*1, ISTEXT(OFFSET(핵심인력_투자현황,0,11,ROWS(핵심인력_투자현황),1))*1), SUMPRODUCT((OFFSET(일반인력_투자현황,0,0,ROWS(일반인력_투자현황),1)=$D22)*1, ISTEXT(OFFSET(일반인력_투자현황,0,11,ROWS(일반인력_투자현황),1))*1)) ) ) | T22: =IF(ISBLANK($D22), "", IF(VLOOKUP($D22,참여인력_개요,11,FALSE)="관리인력", "", IF(N22="핵심운용인력", SUMPRODUCT((OFFSET(핵심인력_투자현황,0,0,ROWS(핵심인력_투자현황),1)=$D22)*1, (OFFSET(핵심인력_투자현황,0,17,ROWS(핵심인력_투자현황),1)="회수료")*1), SUMPRODUCT((OFFSET(일반인력_투자현황,0,0,ROWS(일반인력_투자현황),1)=$D22)*1, (OFFSET(일반인력_투자현황,0,17,ROWS(일반인력_투자현황),1)="회수료")*1)))) | U22: =IF(ISBLANK($D22), "", IF(VLOOKUP($D22,참여인력_개요,11,FALSE)="관리인력", "", IF(N22="핵심운용인력", SUMPRODUCT((OFFSET(핵심인력_투자현황,0,0,ROWS(핵심인력_투자현황),1)=$D22)*1, OFFSET(핵심인력_투자현황,0,16,ROWS(핵심인력_투자현황),1)), SUMPRODUCT((OFFSET(일반인력_투자현황,0,0,ROWS(일반인력_투자현황),1)=$D22)*1, OFFSET(일반인력_투자현황,0,16,ROWS(일반인력_투자현황),1)) ))) | V22: =IF(ISBLANK($D22), "", IF(VLOOKUP($D22,참여인력_개요,11,FALSE)="관리인력", "", IF(N22="핵심운용인력", SUMPRODUCT((OFFSET(핵심인력_투자현황,0,0,ROWS(핵심인력_투자현황),1)=$D22)*1, OFFSET(핵심인력_투자현황,0,20,ROWS(핵심인력_투자현황),1)), SUMPRODUCT((OFFSET(일반인력_투자현황,0,0,ROWS(일반인력_투자현황),1)=$D22)*1, OFFSET(일반인력_투자현황,0,20,ROWS(일반인력_투자현황),1)) ))) | W22: =IF(ISBLANK($D22), "", IF(VLOOKUP($D22,참여인력_개요,11,FALSE)="관리인력", "", IF(N22="핵심운용인력", SUMPRODUCT((OFFSET(핵심인력_투자현황,0,0,ROWS(핵심인력_투자현황),1)=$D22)*1, OFFSET(핵심인력_투자현황,0,25,ROWS(핵심인력_투자현황),1)), SUMPRODUCT((OFFSET(일반인력_투자현황,0,0,ROWS(일반인력_투자현황),1)=$D22)*1, OFFSET(일반인력_투자현황,0,25,ROWS(일반인력_투자현황),1)) ))) | X22: =IF(ISBLANK($D22), "", IF(VLOOKUP($D22,참여인력_개요,11,FALSE)="관리인력", "", IF(N22="핵심운용인력", SUMPRODUCT((OFFSET(핵심인력_투자현황,0,0,ROWS(핵심인력_투자현황),1)=$D22)*1, OFFSET(핵심인력_투자현황,0,26,ROWS(핵심인력_투자현황),1)), SUMPRODUCT((OFFSET(일반인력_투자현황,0,0,ROWS(일반인력_투자현황),1)=$D22)*1, OFFSET(일반인력_투자현황,0,26,ROWS(일반인력_투자현황),1)) ))) | Y22: =IF(ISBLANK($D22), "", IF(VLOOKUP($D22,참여인력_개요,11,FALSE)="관리인력", "", IF(N22="핵심운용인력", SUMPRODUCT((OFFSET(핵심인력_투자현황,0,0,ROWS(핵심인력_투자현황),1)=$D22)*1, OFFSET(핵심인력_투자현황,0,16,ROWS(핵심인력_투자현황),1), OFFSET(핵심인력_투자현황,0,18,ROWS(핵심인력_투자현황),1))/U22, SUMPRODUCT((OFFSET(일반인력_투자현황,0,0,ROWS(일반인력_투자현황),1)=$D22)*1, OFFSET(일반인력_투자현황,0,16,ROWS(일반인력_투자현황),1), OFFSET(일반인력_투자현황,0,18,ROWS(일반인력_투자현황),1))/U22 ))) | Z22: =IF(ISBLANK($D22), "",IF(VLOOKUP($D22,참여인력_개요,11,FALSE)="관리인력", "", IF(N22="핵심운용인력", IF(SUMPRODUCT( (OFFSET(핵심인력_투자현황,0,0,ROWS(핵심인력_투자현황),1)=$D22)*1, OFFSET(핵심인력_투자현황,0,16,ROWS(핵심인력_투자현황),1), (OFFSET(핵심인력_투자현황,0,17,ROWS(핵심인력_투자현황),1)="회수료")*1 ) = 0, "N/A", SUMPRODUCT( (OFFSET(핵심인력_투자현황,0,0,ROWS(핵심인력_투자현황),1)=$D22)*1, OFFSET(핵심인력_투자현황,0,16,ROWS(핵심인력_투자현황),1), (OFFSET(핵심인력_투자현황,0,17,ROWS(핵심인력_투자현황),1)="회수료")*1, OFFSET(핵심인력_투자현황,0,18,ROWS(핵심인력_투자현황),1) ) / SUMPRODUCT( (OFFSET(핵심인력_투자현황,0,0,ROWS(핵심인력_투자현황),1)=$D22)*1, OFFSET(핵심인력_투자현황,0,16,ROWS(핵심인력_투자현황),1), (OFFSET(핵심인력_투자현황,0,17,ROWS(핵심인력_투자현황),1)="회수료")*1 ) ), IF(SUMPRODUCT( (OFFSET(일반인력_투자현황,0,0,ROWS(일반인력_투자현황),1)=$D22)*1, OFFSET(일반인력_투자현황,0,16,ROWS(일반인력_투자현황),1), (OFFSET(일반인력_투자현황,0,17,ROWS(일반인력_투자현황),1)="회수료")*1 ) = 0, "N/A", SUMPRODUCT( (OFFSET(일반인력_투자현황,0,0,ROWS(일반인력_투자현황),1)=$D22)*1, OFFSET(일반인력_투자현황,0,16,ROWS(일반인력_투자현황),1), (OFFSET(일반인력_투자현황,0,17,ROWS(일반인력_투자현황),1)="회수료")*1, OFFSET(일반인력_투자현황,0,18,ROWS(일반인력_투자현황),1) ) / SUMPRODUCT( (OFFSET(일반인력_투자현황,0,0,ROWS(일반인력_투자현황),1)=$D22)*1, OFFSET(일반인력_투자현황,0,16,ROWS(일반인력_투자현황),1), (OFFSET(일반인력_투자현황,0,17,ROWS(일반인력_투자현황),1)="회수료")*1 ) ) ))) | AA22: =IF(ISBLANK($D22), "", IF(VLOOKUP($D22,참여인력_개요,11,FALSE)="관리인력", "", SUMPRODUCT( (OFFSET(제안사_투자현황,0,22,ROWS(제안사_투자현황),1)=$D22)*1, (OFFSET(제안사_투자현황,0,10,ROWS(제안사_투자현황),1)<>"회수료")*1 ) )) | AB22: =IF(ISBLANK($D22), "", IF(VLOOKUP($D22,참여인력_개요,11,FALSE)="관리인력", "", SUMPRODUCT( (OFFSET(제안사_투자현황,0,22,ROWS(제안사_투자현황),1)=$D22)*1, (OFFSET(제안사_투자현황,0,10,ROWS(제안사_투자현황),1)<>"회수료")*1, OFFSET(제안사_투자현황,0,19,ROWS(제안사_투자현황),1) ) ) ) | AC22: =IF(ISBLANK($D22), "", IF(VLOOKUP($D22,참여인력_개요,11,FALSE)="관리인력", "", SUMPRODUCT( (OFFSET(제안사_투자현황,0,22,ROWS(제안사_투자현황),1)=$D22)*1, (OFFSET(제안사_투자현황,0,10,ROWS(제안사_투자현황),1)<>"회수료")*1, OFFSET(제안사_투자현황,0,20,ROWS(제안사_투자현황),1) ) ) )
R23: =IF(ISBLANK($D23), "", IF(N23="핵심운용인력", SUMPRODUCT((OFFSET(핵심인력_경력,0,0,ROWS(핵심인력_경력),1)=$D23)*1, OFFSET(핵심인력_경력,0,9,ROWS(핵심인력_경력),1), (OFFSET(핵심인력_경력,0,10,ROWS(핵심인력_경력),1)="A")*1)+SUMPRODUCT((OFFSET(핵심인력_경력,0,0,ROWS(핵심인력_경력),1)=$D23)*1, OFFSET(핵심인력_경력,0,9,ROWS(핵심인력_경력),1), (OFFSET(핵심인력_경력,0,10,ROWS(핵심인력_경력),1)="B")*1)*0.7, SUMPRODUCT((OFFSET(일반인력_경력,0,0,ROWS(일반인력_경력),1)=$D23)*1, OFFSET(일반인력_경력,0,9,ROWS(일반인력_경력),1), (OFFSET(일반인력_경력,0,10,ROWS(일반인력_경력),1)="A")*1)+SUMPRODUCT((OFFSET(일반인력_경력,0,0,ROWS(일반인력_경력),1)=$D23)*1, OFFSET(일반인력_경력,0,9,ROWS(일반인력_경력),1), (OFFSET(일반인력_경력,0,10,ROWS(일반인력_경력),1)="B")*1)*0.7 ) ) | S23: =IF(ISBLANK($D23), "", IF(VLOOKUP($D23,참여인력_개요,11,FALSE)="관리인력", "", IF(N23="핵심운용인력", SUMPRODUCT((OFFSET(핵심인력_투자현황,0,0,ROWS(핵심인력_투자현황),1)=$D23)*1, ISTEXT(OFFSET(핵심인력_투자현황,0,11,ROWS(핵심인력_투자현황),1))*1), SUMPRODUCT((OFFSET(일반인력_투자현황,0,0,ROWS(일반인력_투자현황),1)=$D23)*1, ISTEXT(OFFSET(일반인력_투자현황,0,11,ROWS(일반인력_투자현황),1))*1)) ) ) | T23: =IF(ISBLANK($D23), "", IF(VLOOKUP($D23,참여인력_개요,11,FALSE)="관리인력", "", IF(N23="핵심운용인력", SUMPRODUCT((OFFSET(핵심인력_투자현황,0,0,ROWS(핵심인력_투자현황),1)=$D23)*1, (OFFSET(핵심인력_투자현황,0,17,ROWS(핵심인력_투자현황),1)="회수료")*1), SUMPRODUCT((OFFSET(일반인력_투자현황,0,0,ROWS(일반인력_투자현황),1)=$D23)*1, (OFFSET(일반인력_투자현황,0,17,ROWS(일반인력_투자현황),1)="회수료")*1)))) | U23: =IF(ISBLANK($D23), "", IF(VLOOKUP($D23,참여인력_개요,11,FALSE)="관리인력", "", IF(N23="핵심운용인력", SUMPRODUCT((OFFSET(핵심인력_투자현황,0,0,ROWS(핵심인력_투자현황),1)=$D23)*1, OFFSET(핵심인력_투자현황,0,16,ROWS(핵심인력_투자현황),1)), SUMPRODUCT((OFFSET(일반인력_투자현황,0,0,ROWS(일반인력_투자현황),1)=$D23)*1, OFFSET(일반인력_투자현황,0,16,ROWS(일반인력_투자현황),1)) ))) | V23: =IF(ISBLANK($D23), "", IF(VLOOKUP($D23,참여인력_개요,11,FALSE)="관리인력", "", IF(N23="핵심운용인력", SUMPRODUCT((OFFSET(핵심인력_투자현황,0,0,ROWS(핵심인력_투자현황),1)=$D23)*1, OFFSET(핵심인력_투자현황,0,20,ROWS(핵심인력_투자현황),1)), SUMPRODUCT((OFFSET(일반인력_투자현황,0,0,ROWS(일반인력_투자현황),1)=$D23)*1, OFFSET(일반인력_투자현황,0,20,ROWS(일반인력_투자현황),1)) ))) | W23: =IF(ISBLANK($D23), "", IF(VLOOKUP($D23,참여인력_개요,11,FALSE)="관리인력", "", IF(N23="핵심운용인력", SUMPRODUCT((OFFSET(핵심인력_투자현황,0,0,ROWS(핵심인력_투자현황),1)=$D23)*1, OFFSET(핵심인력_투자현황,0,25,ROWS(핵심인력_투자현황),1)), SUMPRODUCT((OFFSET(일반인력_투자현황,0,0,ROWS(일반인력_투자현황),1)=$D23)*1, OFFSET(일반인력_투자현황,0,25,ROWS(일반인력_투자현황),1)) ))) | X23: =IF(ISBLANK($D23), "", IF(VLOOKUP($D23,참여인력_개요,11,FALSE)="관리인력", "", IF(N23="핵심운용인력", SUMPRODUCT((OFFSET(핵심인력_투자현황,0,0,ROWS(핵심인력_투자현황),1)=$D23)*1, OFFSET(핵심인력_투자현황,0,26,ROWS(핵심인력_투자현황),1)), SUMPRODUCT((OFFSET(일반인력_투자현황,0,0,ROWS(일반인력_투자현황),1)=$D23)*1, OFFSET(일반인력_투자현황,0,26,ROWS(일반인력_투자현황),1)) ))) | Y23: =IF(ISBLANK($D23), "", IF(VLOOKUP($D23,참여인력_개요,11,FALSE)="관리인력", "", IF(N23="핵심운용인력", SUMPRODUCT((OFFSET(핵심인력_투자현황,0,0,ROWS(핵심인력_투자현황),1)=$D23)*1, OFFSET(핵심인력_투자현황,0,16,ROWS(핵심인력_투자현황),1), OFFSET(핵심인력_투자현황,0,18,ROWS(핵심인력_투자현황),1))/U23, SUMPRODUCT((OFFSET(일반인력_투자현황,0,0,ROWS(일반인력_투자현황),1)=$D23)*1, OFFSET(일반인력_투자현황,0,16,ROWS(일반인력_투자현황),1), OFFSET(일반인력_투자현황,0,18,ROWS(일반인력_투자현황),1))/U23 ))) | Z23: =IF(ISBLANK($D23), "",IF(VLOOKUP($D23,참여인력_개요,11,FALSE)="관리인력", "", IF(N23="핵심운용인력", IF(SUMPRODUCT( (OFFSET(핵심인력_투자현황,0,0,ROWS(핵심인력_투자현황),1)=$D23)*1, OFFSET(핵심인력_투자현황,0,16,ROWS(핵심인력_투자현황),1), (OFFSET(핵심인력_투자현황,0,17,ROWS(핵심인력_투자현황),1)="회수료")*1 ) = 0, "N/A", SUMPRODUCT( (OFFSET(핵심인력_투자현황,0,0,ROWS(핵심인력_투자현황),1)=$D23)*1, OFFSET(핵심인력_투자현황,0,16,ROWS(핵심인력_투자현황),1), (OFFSET(핵심인력_투자현황,0,17,ROWS(핵심인력_투자현황),1)="회수료")*1, OFFSET(핵심인력_투자현황,0,18,ROWS(핵심인력_투자현황),1) ) / SUMPRODUCT( (OFFSET(핵심인력_투자현황,0,0,ROWS(핵심인력_투자현황),1)=$D23)*1, OFFSET(핵심인력_투자현황,0,16,ROWS(핵심인력_투자현황),1), (OFFSET(핵심인력_투자현황,0,17,ROWS(핵심인력_투자현황),1)="회수료")*1 ) ), IF(SUMPRODUCT( (OFFSET(일반인력_투자현황,0,0,ROWS(일반인력_투자현황),1)=$D23)*1, OFFSET(일반인력_투자현황,0,16,ROWS(일반인력_투자현황),1), (OFFSET(일반인력_투자현황,0,17,ROWS(일반인력_투자현황),1)="회수료")*1 ) = 0, "N/A", SUMPRODUCT( (OFFSET(일반인력_투자현황,0,0,ROWS(일반인력_투자현황),1)=$D23)*1, OFFSET(일반인력_투자현황,0,16,ROWS(일반인력_투자현황),1), (OFFSET(일반인력_투자현황,0,17,ROWS(일반인력_투자현황),1)="회수료")*1, OFFSET(일반인력_투자현황,0,18,ROWS(일반인력_투자현황),1) ) / SUMPRODUCT( (OFFSET(일반인력_투자현황,0,0,ROWS(일반인력_투자현황),1)=$D23)*1, OFFSET(일반인력_투자현황,0,16,ROWS(일반인력_투자현황),1), (OFFSET(일반인력_투자현황,0,17,ROWS(일반인력_투자현황),1)="회수료")*1 ) ) ))) | AA23: =IF(ISBLANK($D23), "", IF(VLOOKUP($D23,참여인력_개요,11,FALSE)="관리인력", "", SUMPRODUCT( (OFFSET(제안사_투자현황,0,22,ROWS(제안사_투자현황),1)=$D23)*1, (OFFSET(제안사_투자현황,0,10,ROWS(제안사_투자현황),1)<>"회수료")*1 ) )) | AB23: =IF(ISBLANK($D23), "", IF(VLOOKUP($D23,참여인력_개요,11,FALSE)="관리인력", "", SUMPRODUCT( (OFFSET(제안사_투자현황,0,22,ROWS(제안사_투자현황),1)=$D23)*1, (OFFSET(제안사_투자현황,0,10,ROWS(제안사_투자현황),1)<>"회수료")*1, OFFSET(제안사_투자현황,0,19,ROWS(제안사_투자현황),1) ) ) ) | AC23: =IF(ISBLANK($D23), "", IF(VLOOKUP($D23,참여인력_개요,11,FALSE)="관리인력", "", SUMPRODUCT( (OFFSET(제안사_투자현황,0,22,ROWS(제안사_투자현황),1)=$D23)*1, (OFFSET(제안사_투자현황,0,10,ROWS(제안사_투자현황),1)<>"회수료")*1, OFFSET(제안사_투자현황,0,20,ROWS(제안사_투자현황),1) ) ) )
R24: =IF(ISBLANK($D24), "", IF(N24="핵심운용인력", SUMPRODUCT((OFFSET(핵심인력_경력,0,0,ROWS(핵심인력_경력),1)=$D24)*1, OFFSET(핵심인력_경력,0,9,ROWS(핵심인력_경력),1), (OFFSET(핵심인력_경력,0,10,ROWS(핵심인력_경력),1)="A")*1)+SUMPRODUCT((OFFSET(핵심인력_경력,0,0,ROWS(핵심인력_경력),1)=$D24)*1, OFFSET(핵심인력_경력,0,9,ROWS(핵심인력_경력),1), (OFFSET(핵심인력_경력,0,10,ROWS(핵심인력_경력),1)="B")*1)*0.7, SUMPRODUCT((OFFSET(일반인력_경력,0,0,ROWS(일반인력_경력),1)=$D24)*1, OFFSET(일반인력_경력,0,9,ROWS(일반인력_경력),1), (OFFSET(일반인력_경력,0,10,ROWS(일반인력_경력),1)="A")*1)+SUMPRODUCT((OFFSET(일반인력_경력,0,0,ROWS(일반인력_경력),1)=$D24)*1, OFFSET(일반인력_경력,0,9,ROWS(일반인력_경력),1), (OFFSET(일반인력_경력,0,10,ROWS(일반인력_경력),1)="B")*1)*0.7 ) ) | S24: =IF(ISBLANK($D24), "", IF(VLOOKUP($D24,참여인력_개요,11,FALSE)="관리인력", "", IF(N24="핵심운용인력", SUMPRODUCT((OFFSET(핵심인력_투자현황,0,0,ROWS(핵심인력_투자현황),1)=$D24)*1, ISTEXT(OFFSET(핵심인력_투자현황,0,11,ROWS(핵심인력_투자현황),1))*1), SUMPRODUCT((OFFSET(일반인력_투자현황,0,0,ROWS(일반인력_투자현황),1)=$D24)*1, ISTEXT(OFFSET(일반인력_투자현황,0,11,ROWS(일반인력_투자현황),1))*1)) ) ) | T24: =IF(ISBLANK($D24), "", IF(VLOOKUP($D24,참여인력_개요,11,FALSE)="관리인력", "", IF(N24="핵심운용인력", SUMPRODUCT((OFFSET(핵심인력_투자현황,0,0,ROWS(핵심인력_투자현황),1)=$D24)*1, (OFFSET(핵심인력_투자현황,0,17,ROWS(핵심인력_투자현황),1)="회수료")*1), SUMPRODUCT((OFFSET(일반인력_투자현황,0,0,ROWS(일반인력_투자현황),1)=$D24)*1, (OFFSET(일반인력_투자현황,0,17,ROWS(일반인력_투자현황),1)="회수료")*1)))) | U24: =IF(ISBLANK($D24), "", IF(VLOOKUP($D24,참여인력_개요,11,FALSE)="관리인력", "", IF(N24="핵심운용인력", SUMPRODUCT((OFFSET(핵심인력_투자현황,0,0,ROWS(핵심인력_투자현황),1)=$D24)*1, OFFSET(핵심인력_투자현황,0,16,ROWS(핵심인력_투자현황),1)), SUMPRODUCT((OFFSET(일반인력_투자현황,0,0,ROWS(일반인력_투자현황),1)=$D24)*1, OFFSET(일반인력_투자현황,0,16,ROWS(일반인력_투자현황),1)) ))) | V24: =IF(ISBLANK($D24), "", IF(VLOOKUP($D24,참여인력_개요,11,FALSE)="관리인력", "", IF(N24="핵심운용인력", SUMPRODUCT((OFFSET(핵심인력_투자현황,0,0,ROWS(핵심인력_투자현황),1)=$D24)*1, OFFSET(핵심인력_투자현황,0,20,ROWS(핵심인력_투자현황),1)), SUMPRODUCT((OFFSET(일반인력_투자현황,0,0,ROWS(일반인력_투자현황),1)=$D24)*1, OFFSET(일반인력_투자현황,0,20,ROWS(일반인력_투자현황),1)) ))) | W24: =IF(ISBLANK($D24), "", IF(VLOOKUP($D24,참여인력_개요,11,FALSE)="관리인력", "", IF(N24="핵심운용인력", SUMPRODUCT((OFFSET(핵심인력_투자현황,0,0,ROWS(핵심인력_투자현황),1)=$D24)*1, OFFSET(핵심인력_투자현황,0,25,ROWS(핵심인력_투자현황),1)), SUMPRODUCT((OFFSET(일반인력_투자현황,0,0,ROWS(일반인력_투자현황),1)=$D24)*1, OFFSET(일반인력_투자현황,0,25,ROWS(일반인력_투자현황),1)) ))) | X24: =IF(ISBLANK($D24), "", IF(VLOOKUP($D24,참여인력_개요,11,FALSE)="관리인력", "", IF(N24="핵심운용인력", SUMPRODUCT((OFFSET(핵심인력_투자현황,0,0,ROWS(핵심인력_투자현황),1)=$D24)*1, OFFSET(핵심인력_투자현황,0,26,ROWS(핵심인력_투자현황),1)), SUMPRODUCT((OFFSET(일반인력_투자현황,0,0,ROWS(일반인력_투자현황),1)=$D24)*1, OFFSET(일반인력_투자현황,0,26,ROWS(일반인력_투자현황),1)) ))) | Y24: =IF(ISBLANK($D24), "", IF(VLOOKUP($D24,참여인력_개요,11,FALSE)="관리인력", "", IF(N24="핵심운용인력", SUMPRODUCT((OFFSET(핵심인력_투자현황,0,0,ROWS(핵심인력_투자현황),1)=$D24)*1, OFFSET(핵심인력_투자현황,0,16,ROWS(핵심인력_투자현황),1), OFFSET(핵심인력_투자현황,0,18,ROWS(핵심인력_투자현황),1))/U24, SUMPRODUCT((OFFSET(일반인력_투자현황,0,0,ROWS(일반인력_투자현황),1)=$D24)*1, OFFSET(일반인력_투자현황,0,16,ROWS(일반인력_투자현황),1), OFFSET(일반인력_투자현황,0,18,ROWS(일반인력_투자현황),1))/U24 ))) | Z24: =IF(ISBLANK($D24), "",IF(VLOOKUP($D24,참여인력_개요,11,FALSE)="관리인력", "", IF(N24="핵심운용인력", IF(SUMPRODUCT( (OFFSET(핵심인력_투자현황,0,0,ROWS(핵심인력_투자현황),1)=$D24)*1, OFFSET(핵심인력_투자현황,0,16,ROWS(핵심인력_투자현황),1), (OFFSET(핵심인력_투자현황,0,17,ROWS(핵심인력_투자현황),1)="회수료")*1 ) = 0, "N/A", SUMPRODUCT( (OFFSET(핵심인력_투자현황,0,0,ROWS(핵심인력_투자현황),1)=$D24)*1, OFFSET(핵심인력_투자현황,0,16,ROWS(핵심인력_투자현황),1), (OFFSET(핵심인력_투자현황,0,17,ROWS(핵심인력_투자현황),1)="회수료")*1, OFFSET(핵심인력_투자현황,0,18,ROWS(핵심인력_투자현황),1) ) / SUMPRODUCT( (OFFSET(핵심인력_투자현황,0,0,ROWS(핵심인력_투자현황),1)=$D24)*1, OFFSET(핵심인력_투자현황,0,16,ROWS(핵심인력_투자현황),1), (OFFSET(핵심인력_투자현황,0,17,ROWS(핵심인력_투자현황),1)="회수료")*1 ) ), IF(SUMPRODUCT( (OFFSET(일반인력_투자현황,0,0,ROWS(일반인력_투자현황),1)=$D24)*1, OFFSET(일반인력_투자현황,0,16,ROWS(일반인력_투자현황),1), (OFFSET(일반인력_투자현황,0,17,ROWS(일반인력_투자현황),1)="회수료")*1 ) = 0, "N/A", SUMPRODUCT( (OFFSET(일반인력_투자현황,0,0,ROWS(일반인력_투자현황),1)=$D24)*1, OFFSET(일반인력_투자현황,0,16,ROWS(일반인력_투자현황),1), (OFFSET(일반인력_투자현황,0,17,ROWS(일반인력_투자현황),1)="회수료")*1, OFFSET(일반인력_투자현황,0,18,ROWS(일반인력_투자현황),1) ) / SUMPRODUCT( (OFFSET(일반인력_투자현황,0,0,ROWS(일반인력_투자현황),1)=$D24)*1, OFFSET(일반인력_투자현황,0,16,ROWS(일반인력_투자현황),1), (OFFSET(일반인력_투자현황,0,17,ROWS(일반인력_투자현황),1)="회수료")*1 ) ) ))) | AA24: =IF(ISBLANK($D24), "", IF(VLOOKUP($D24,참여인력_개요,11,FALSE)="관리인력", "", SUMPRODUCT( (OFFSET(제안사_투자현황,0,22,ROWS(제안사_투자현황),1)=$D24)*1, (OFFSET(제안사_투자현황,0,10,ROWS(제안사_투자현황),1)<>"회수료")*1 ) )) | AB24: =IF(ISBLANK($D24), "", IF(VLOOKUP($D24,참여인력_개요,11,FALSE)="관리인력", "", SUMPRODUCT( (OFFSET(제안사_투자현황,0,22,ROWS(제안사_투자현황),1)=$D24)*1, (OFFSET(제안사_투자현황,0,10,ROWS(제안사_투자현황),1)<>"회수료")*1, OFFSET(제안사_투자현황,0,19,ROWS(제안사_투자현황),1) ) ) ) | AC24: =IF(ISBLANK($D24), "", IF(VLOOKUP($D24,참여인력_개요,11,FALSE)="관리인력", "", SUMPRODUCT( (OFFSET(제안사_투자현황,0,22,ROWS(제안사_투자현황),1)=$D24)*1, (OFFSET(제안사_투자현황,0,10,ROWS(제안사_투자현황),1)<>"회수료")*1, OFFSET(제안사_투자현황,0,20,ROWS(제안사_투자현황),1) ) ) )
R25: =IF(ISBLANK($D25), "", IF(N25="핵심운용인력", SUMPRODUCT((OFFSET(핵심인력_경력,0,0,ROWS(핵심인력_경력),1)=$D25)*1, OFFSET(핵심인력_경력,0,9,ROWS(핵심인력_경력),1), (OFFSET(핵심인력_경력,0,10,ROWS(핵심인력_경력),1)="A")*1)+SUMPRODUCT((OFFSET(핵심인력_경력,0,0,ROWS(핵심인력_경력),1)=$D25)*1, OFFSET(핵심인력_경력,0,9,ROWS(핵심인력_경력),1), (OFFSET(핵심인력_경력,0,10,ROWS(핵심인력_경력),1)="B")*1)*0.7, SUMPRODUCT((OFFSET(일반인력_경력,0,0,ROWS(일반인력_경력),1)=$D25)*1, OFFSET(일반인력_경력,0,9,ROWS(일반인력_경력),1), (OFFSET(일반인력_경력,0,10,ROWS(일반인력_경력),1)="A")*1)+SUMPRODUCT((OFFSET(일반인력_경력,0,0,ROWS(일반인력_경력),1)=$D25)*1, OFFSET(일반인력_경력,0,9,ROWS(일반인력_경력),1), (OFFSET(일반인력_경력,0,10,ROWS(일반인력_경력),1)="B")*1)*0.7 ) ) | S25: =IF(ISBLANK($D25), "", IF(VLOOKUP($D25,참여인력_개요,11,FALSE)="관리인력", "", IF(N25="핵심운용인력", SUMPRODUCT((OFFSET(핵심인력_투자현황,0,0,ROWS(핵심인력_투자현황),1)=$D25)*1, ISTEXT(OFFSET(핵심인력_투자현황,0,11,ROWS(핵심인력_투자현황),1))*1), SUMPRODUCT((OFFSET(일반인력_투자현황,0,0,ROWS(일반인력_투자현황),1)=$D25)*1, ISTEXT(OFFSET(일반인력_투자현황,0,11,ROWS(일반인력_투자현황),1))*1)) ) ) | T25: =IF(ISBLANK($D25), "", IF(VLOOKUP($D25,참여인력_개요,11,FALSE)="관리인력", "", IF(N25="핵심운용인력", SUMPRODUCT((OFFSET(핵심인력_투자현황,0,0,ROWS(핵심인력_투자현황),1)=$D25)*1, (OFFSET(핵심인력_투자현황,0,17,ROWS(핵심인력_투자현황),1)="회수료")*1), SUMPRODUCT((OFFSET(일반인력_투자현황,0,0,ROWS(일반인력_투자현황),1)=$D25)*1, (OFFSET(일반인력_투자현황,0,17,ROWS(일반인력_투자현황),1)="회수료")*1)))) | U25: =IF(ISBLANK($D25), "", IF(VLOOKUP($D25,참여인력_개요,11,FALSE)="관리인력", "", IF(N25="핵심운용인력", SUMPRODUCT((OFFSET(핵심인력_투자현황,0,0,ROWS(핵심인력_투자현황),1)=$D25)*1, OFFSET(핵심인력_투자현황,0,16,ROWS(핵심인력_투자현황),1)), SUMPRODUCT((OFFSET(일반인력_투자현황,0,0,ROWS(일반인력_투자현황),1)=$D25)*1, OFFSET(일반인력_투자현황,0,16,ROWS(일반인력_투자현황),1)) ))) | V25: =IF(ISBLANK($D25), "", IF(VLOOKUP($D25,참여인력_개요,11,FALSE)="관리인력", "", IF(N25="핵심운용인력", SUMPRODUCT((OFFSET(핵심인력_투자현황,0,0,ROWS(핵심인력_투자현황),1)=$D25)*1, OFFSET(핵심인력_투자현황,0,20,ROWS(핵심인력_투자현황),1)), SUMPRODUCT((OFFSET(일반인력_투자현황,0,0,ROWS(일반인력_투자현황),1)=$D25)*1, OFFSET(일반인력_투자현황,0,20,ROWS(일반인력_투자현황),1)) ))) | W25: =IF(ISBLANK($D25), "", IF(VLOOKUP($D25,참여인력_개요,11,FALSE)="관리인력", "", IF(N25="핵심운용인력", SUMPRODUCT((OFFSET(핵심인력_투자현황,0,0,ROWS(핵심인력_투자현황),1)=$D25)*1, OFFSET(핵심인력_투자현황,0,25,ROWS(핵심인력_투자현황),1)), SUMPRODUCT((OFFSET(일반인력_투자현황,0,0,ROWS(일반인력_투자현황),1)=$D25)*1, OFFSET(일반인력_투자현황,0,25,ROWS(일반인력_투자현황),1)) ))) | X25: =IF(ISBLANK($D25), "", IF(VLOOKUP($D25,참여인력_개요,11,FALSE)="관리인력", "", IF(N25="핵심운용인력", SUMPRODUCT((OFFSET(핵심인력_투자현황,0,0,ROWS(핵심인력_투자현황),1)=$D25)*1, OFFSET(핵심인력_투자현황,0,26,ROWS(핵심인력_투자현황),1)), SUMPRODUCT((OFFSET(일반인력_투자현황,0,0,ROWS(일반인력_투자현황),1)=$D25)*1, OFFSET(일반인력_투자현황,0,26,ROWS(일반인력_투자현황),1)) ))) | Y25: =IF(ISBLANK($D25), "", IF(VLOOKUP($D25,참여인력_개요,11,FALSE)="관리인력", "", IF(N25="핵심운용인력", SUMPRODUCT((OFFSET(핵심인력_투자현황,0,0,ROWS(핵심인력_투자현황),1)=$D25)*1, OFFSET(핵심인력_투자현황,0,16,ROWS(핵심인력_투자현황),1), OFFSET(핵심인력_투자현황,0,18,ROWS(핵심인력_투자현황),1))/U25, SUMPRODUCT((OFFSET(일반인력_투자현황,0,0,ROWS(일반인력_투자현황),1)=$D25)*1, OFFSET(일반인력_투자현황,0,16,ROWS(일반인력_투자현황),1), OFFSET(일반인력_투자현황,0,18,ROWS(일반인력_투자현황),1))/U25 ))) | Z25: =IF(ISBLANK($D25), "",IF(VLOOKUP($D25,참여인력_개요,11,FALSE)="관리인력", "", IF(N25="핵심운용인력", IF(SUMPRODUCT( (OFFSET(핵심인력_투자현황,0,0,ROWS(핵심인력_투자현황),1)=$D25)*1, OFFSET(핵심인력_투자현황,0,16,ROWS(핵심인력_투자현황),1), (OFFSET(핵심인력_투자현황,0,17,ROWS(핵심인력_투자현황),1)="회수료")*1 ) = 0, "N/A", SUMPRODUCT( (OFFSET(핵심인력_투자현황,0,0,ROWS(핵심인력_투자현황),1)=$D25)*1, OFFSET(핵심인력_투자현황,0,16,ROWS(핵심인력_투자현황),1), (OFFSET(핵심인력_투자현황,0,17,ROWS(핵심인력_투자현황),1)="회수료")*1, OFFSET(핵심인력_투자현황,0,18,ROWS(핵심인력_투자현황),1) ) / SUMPRODUCT( (OFFSET(핵심인력_투자현황,0,0,ROWS(핵심인력_투자현황),1)=$D25)*1, OFFSET(핵심인력_투자현황,0,16,ROWS(핵심인력_투자현황),1), (OFFSET(핵심인력_투자현황,0,17,ROWS(핵심인력_투자현황),1)="회수료")*1 ) ), IF(SUMPRODUCT( (OFFSET(일반인력_투자현황,0,0,ROWS(일반인력_투자현황),1)=$D25)*1, OFFSET(일반인력_투자현황,0,16,ROWS(일반인력_투자현황),1), (OFFSET(일반인력_투자현황,0,17,ROWS(일반인력_투자현황),1)="회수료")*1 ) = 0, "N/A", SUMPRODUCT( (OFFSET(일반인력_투자현황,0,0,ROWS(일반인력_투자현황),1)=$D25)*1, OFFSET(일반인력_투자현황,0,16,ROWS(일반인력_투자현황),1), (OFFSET(일반인력_투자현황,0,17,ROWS(일반인력_투자현황),1)="회수료")*1, OFFSET(일반인력_투자현황,0,18,ROWS(일반인력_투자현황),1) ) / SUMPRODUCT( (OFFSET(일반인력_투자현황,0,0,ROWS(일반인력_투자현황),1)=$D25)*1, OFFSET(일반인력_투자현황,0,16,ROWS(일반인력_투자현황),1), (OFFSET(일반인력_투자현황,0,17,ROWS(일반인력_투자현황),1)="회수료")*1 ) ) ))) | AA25: =IF(ISBLANK($D25), "", IF(VLOOKUP($D25,참여인력_개요,11,FALSE)="관리인력", "", SUMPRODUCT( (OFFSET(제안사_투자현황,0,22,ROWS(제안사_투자현황),1)=$D25)*1, (OFFSET(제안사_투자현황,0,10,ROWS(제안사_투자현황),1)<>"회수료")*1 ) )) | AB25: =IF(ISBLANK($D25), "", IF(VLOOKUP($D25,참여인력_개요,11,FALSE)="관리인력", "", SUMPRODUCT( (OFFSET(제안사_투자현황,0,22,ROWS(제안사_투자현황),1)=$D25)*1, (OFFSET(제안사_투자현황,0,10,ROWS(제안사_투자현황),1)<>"회수료")*1, OFFSET(제안사_투자현황,0,19,ROWS(제안사_투자현황),1) ) ) ) | AC25: =IF(ISBLANK($D25), "", IF(VLOOKUP($D25,참여인력_개요,11,FALSE)="관리인력", "", SUMPRODUCT( (OFFSET(제안사_투자현황,0,22,ROWS(제안사_투자현황),1)=$D25)*1, (OFFSET(제안사_투자현황,0,10,ROWS(제안사_투자현황),1)<>"회수료")*1, OFFSET(제안사_투자현황,0,20,ROWS(제안사_투자현황),1) ) ) )
R26: =IF(ISBLANK($D26), "", IF(N26="핵심운용인력", SUMPRODUCT((OFFSET(핵심인력_경력,0,0,ROWS(핵심인력_경력),1)=$D26)*1, OFFSET(핵심인력_경력,0,9,ROWS(핵심인력_경력),1), (OFFSET(핵심인력_경력,0,10,ROWS(핵심인력_경력),1)="A")*1)+SUMPRODUCT((OFFSET(핵심인력_경력,0,0,ROWS(핵심인력_경력),1)=$D26)*1, OFFSET(핵심인력_경력,0,9,ROWS(핵심인력_경력),1), (OFFSET(핵심인력_경력,0,10,ROWS(핵심인력_경력),1)="B")*1)*0.7, SUMPRODUCT((OFFSET(일반인력_경력,0,0,ROWS(일반인력_경력),1)=$D26)*1, OFFSET(일반인력_경력,0,9,ROWS(일반인력_경력),1), (OFFSET(일반인력_경력,0,10,ROWS(일반인력_경력),1)="A")*1)+SUMPRODUCT((OFFSET(일반인력_경력,0,0,ROWS(일반인력_경력),1)=$D26)*1, OFFSET(일반인력_경력,0,9,ROWS(일반인력_경력),1), (OFFSET(일반인력_경력,0,10,ROWS(일반인력_경력),1)="B")*1)*0.7 ) ) | S26: =IF(ISBLANK($D26), "", IF(VLOOKUP($D26,참여인력_개요,11,FALSE)="관리인력", "", IF(N26="핵심운용인력", SUMPRODUCT((OFFSET(핵심인력_투자현황,0,0,ROWS(핵심인력_투자현황),1)=$D26)*1, ISTEXT(OFFSET(핵심인력_투자현황,0,11,ROWS(핵심인력_투자현황),1))*1), SUMPRODUCT((OFFSET(일반인력_투자현황,0,0,ROWS(일반인력_투자현황),1)=$D26)*1, ISTEXT(OFFSET(일반인력_투자현황,0,11,ROWS(일반인력_투자현황),1))*1)) ) ) | T26: =IF(ISBLANK($D26), "", IF(VLOOKUP($D26,참여인력_개요,11,FALSE)="관리인력", "", IF(N26="핵심운용인력", SUMPRODUCT((OFFSET(핵심인력_투자현황,0,0,ROWS(핵심인력_투자현황),1)=$D26)*1, (OFFSET(핵심인력_투자현황,0,17,ROWS(핵심인력_투자현황),1)="회수료")*1), SUMPRODUCT((OFFSET(일반인력_투자현황,0,0,ROWS(일반인력_투자현황),1)=$D26)*1, (OFFSET(일반인력_투자현황,0,17,ROWS(일반인력_투자현황),1)="회수료")*1)))) | U26: =IF(ISBLANK($D26), "", IF(VLOOKUP($D26,참여인력_개요,11,FALSE)="관리인력", "", IF(N26="핵심운용인력", SUMPRODUCT((OFFSET(핵심인력_투자현황,0,0,ROWS(핵심인력_투자현황),1)=$D26)*1, OFFSET(핵심인력_투자현황,0,16,ROWS(핵심인력_투자현황),1)), SUMPRODUCT((OFFSET(일반인력_투자현황,0,0,ROWS(일반인력_투자현황),1)=$D26)*1, OFFSET(일반인력_투자현황,0,16,ROWS(일반인력_투자현황),1)) ))) | V26: =IF(ISBLANK($D26), "", IF(VLOOKUP($D26,참여인력_개요,11,FALSE)="관리인력", "", IF(N26="핵심운용인력", SUMPRODUCT((OFFSET(핵심인력_투자현황,0,0,ROWS(핵심인력_투자현황),1)=$D26)*1, OFFSET(핵심인력_투자현황,0,20,ROWS(핵심인력_투자현황),1)), SUMPRODUCT((OFFSET(일반인력_투자현황,0,0,ROWS(일반인력_투자현황),1)=$D26)*1, OFFSET(일반인력_투자현황,0,20,ROWS(일반인력_투자현황),1)) ))) | W26: =IF(ISBLANK($D26), "", IF(VLOOKUP($D26,참여인력_개요,11,FALSE)="관리인력", "", IF(N26="핵심운용인력", SUMPRODUCT((OFFSET(핵심인력_투자현황,0,0,ROWS(핵심인력_투자현황),1)=$D26)*1, OFFSET(핵심인력_투자현황,0,25,ROWS(핵심인력_투자현황),1)), SUMPRODUCT((OFFSET(일반인력_투자현황,0,0,ROWS(일반인력_투자현황),1)=$D26)*1, OFFSET(일반인력_투자현황,0,25,ROWS(일반인력_투자현황),1)) ))) | X26: =IF(ISBLANK($D26), "", IF(VLOOKUP($D26,참여인력_개요,11,FALSE)="관리인력", "", IF(N26="핵심운용인력", SUMPRODUCT((OFFSET(핵심인력_투자현황,0,0,ROWS(핵심인력_투자현황),1)=$D26)*1, OFFSET(핵심인력_투자현황,0,26,ROWS(핵심인력_투자현황),1)), SUMPRODUCT((OFFSET(일반인력_투자현황,0,0,ROWS(일반인력_투자현황),1)=$D26)*1, OFFSET(일반인력_투자현황,0,26,ROWS(일반인력_투자현황),1)) ))) | Y26: =IF(ISBLANK($D26), "", IF(VLOOKUP($D26,참여인력_개요,11,FALSE)="관리인력", "", IF(N26="핵심운용인력", SUMPRODUCT((OFFSET(핵심인력_투자현황,0,0,ROWS(핵심인력_투자현황),1)=$D26)*1, OFFSET(핵심인력_투자현황,0,16,ROWS(핵심인력_투자현황),1), OFFSET(핵심인력_투자현황,0,18,ROWS(핵심인력_투자현황),1))/U26, SUMPRODUCT((OFFSET(일반인력_투자현황,0,0,ROWS(일반인력_투자현황),1)=$D26)*1, OFFSET(일반인력_투자현황,0,16,ROWS(일반인력_투자현황),1), OFFSET(일반인력_투자현황,0,18,ROWS(일반인력_투자현황),1))/U26 ))) | Z26: =IF(ISBLANK($D26), "",IF(VLOOKUP($D26,참여인력_개요,11,FALSE)="관리인력", "", IF(N26="핵심운용인력", IF(SUMPRODUCT( (OFFSET(핵심인력_투자현황,0,0,ROWS(핵심인력_투자현황),1)=$D26)*1, OFFSET(핵심인력_투자현황,0,16,ROWS(핵심인력_투자현황),1), (OFFSET(핵심인력_투자현황,0,17,ROWS(핵심인력_투자현황),1)="회수료")*1 ) = 0, "N/A", SUMPRODUCT( (OFFSET(핵심인력_투자현황,0,0,ROWS(핵심인력_투자현황),1)=$D26)*1, OFFSET(핵심인력_투자현황,0,16,ROWS(핵심인력_투자현황),1), (OFFSET(핵심인력_투자현황,0,17,ROWS(핵심인력_투자현황),1)="회수료")*1, OFFSET(핵심인력_투자현황,0,18,ROWS(핵심인력_투자현황),1) ) / SUMPRODUCT( (OFFSET(핵심인력_투자현황,0,0,ROWS(핵심인력_투자현황),1)=$D26)*1, OFFSET(핵심인력_투자현황,0,16,ROWS(핵심인력_투자현황),1), (OFFSET(핵심인력_투자현황,0,17,ROWS(핵심인력_투자현황),1)="회수료")*1 ) ), IF(SUMPRODUCT( (OFFSET(일반인력_투자현황,0,0,ROWS(일반인력_투자현황),1)=$D26)*1, OFFSET(일반인력_투자현황,0,16,ROWS(일반인력_투자현황),1), (OFFSET(일반인력_투자현황,0,17,ROWS(일반인력_투자현황),1)="회수료")*1 ) = 0, "N/A", SUMPRODUCT( (OFFSET(일반인력_투자현황,0,0,ROWS(일반인력_투자현황),1)=$D26)*1, OFFSET(일반인력_투자현황,0,16,ROWS(일반인력_투자현황),1), (OFFSET(일반인력_투자현황,0,17,ROWS(일반인력_투자현황),1)="회수료")*1, OFFSET(일반인력_투자현황,0,18,ROWS(일반인력_투자현황),1) ) / SUMPRODUCT( (OFFSET(일반인력_투자현황,0,0,ROWS(일반인력_투자현황),1)=$D26)*1, OFFSET(일반인력_투자현황,0,16,ROWS(일반인력_투자현황),1), (OFFSET(일반인력_투자현황,0,17,ROWS(일반인력_투자현황),1)="회수료")*1 ) ) ))) | AA26: =IF(ISBLANK($D26), "", IF(VLOOKUP($D26,참여인력_개요,11,FALSE)="관리인력", "", SUMPRODUCT( (OFFSET(제안사_투자현황,0,22,ROWS(제안사_투자현황),1)=$D26)*1, (OFFSET(제안사_투자현황,0,10,ROWS(제안사_투자현황),1)<>"회수료")*1 ) )) | AB26: =IF(ISBLANK($D26), "", IF(VLOOKUP($D26,참여인력_개요,11,FALSE)="관리인력", "", SUMPRODUCT( (OFFSET(제안사_투자현황,0,22,ROWS(제안사_투자현황),1)=$D26)*1, (OFFSET(제안사_투자현황,0,10,ROWS(제안사_투자현황),1)<>"회수료")*1, OFFSET(제안사_투자현황,0,19,ROWS(제안사_투자현황),1) ) ) ) | AC26: =IF(ISBLANK($D26), "", IF(VLOOKUP($D26,참여인력_개요,11,FALSE)="관리인력", "", SUMPRODUCT( (OFFSET(제안사_투자현황,0,22,ROWS(제안사_투자현황),1)=$D26)*1, (OFFSET(제안사_투자현황,0,10,ROWS(제안사_투자현황),1)<>"회수료")*1, OFFSET(제안사_투자현황,0,20,ROWS(제안사_투자현황),1) ) ) )
R27: =IF(ISBLANK($D27), "", IF(N27="핵심운용인력", SUMPRODUCT((OFFSET(핵심인력_경력,0,0,ROWS(핵심인력_경력),1)=$D27)*1, OFFSET(핵심인력_경력,0,9,ROWS(핵심인력_경력),1), (OFFSET(핵심인력_경력,0,10,ROWS(핵심인력_경력),1)="A")*1)+SUMPRODUCT((OFFSET(핵심인력_경력,0,0,ROWS(핵심인력_경력),1)=$D27)*1, OFFSET(핵심인력_경력,0,9,ROWS(핵심인력_경력),1), (OFFSET(핵심인력_경력,0,10,ROWS(핵심인력_경력),1)="B")*1)*0.7, SUMPRODUCT((OFFSET(일반인력_경력,0,0,ROWS(일반인력_경력),1)=$D27)*1, OFFSET(일반인력_경력,0,9,ROWS(일반인력_경력),1), (OFFSET(일반인력_경력,0,10,ROWS(일반인력_경력),1)="A")*1)+SUMPRODUCT((OFFSET(일반인력_경력,0,0,ROWS(일반인력_경력),1)=$D27)*1, OFFSET(일반인력_경력,0,9,ROWS(일반인력_경력),1), (OFFSET(일반인력_경력,0,10,ROWS(일반인력_경력),1)="B")*1)*0.7 ) ) | S27: =IF(ISBLANK($D27), "", IF(VLOOKUP($D27,참여인력_개요,11,FALSE)="관리인력", "", IF(N27="핵심운용인력", SUMPRODUCT((OFFSET(핵심인력_투자현황,0,0,ROWS(핵심인력_투자현황),1)=$D27)*1, ISTEXT(OFFSET(핵심인력_투자현황,0,11,ROWS(핵심인력_투자현황),1))*1), SUMPRODUCT((OFFSET(일반인력_투자현황,0,0,ROWS(일반인력_투자현황),1)=$D27)*1, ISTEXT(OFFSET(일반인력_투자현황,0,11,ROWS(일반인력_투자현황),1))*1)) ) ) | T27: =IF(ISBLANK($D27), "", IF(VLOOKUP($D27,참여인력_개요,11,FALSE)="관리인력", "", IF(N27="핵심운용인력", SUMPRODUCT((OFFSET(핵심인력_투자현황,0,0,ROWS(핵심인력_투자현황),1)=$D27)*1, (OFFSET(핵심인력_투자현황,0,17,ROWS(핵심인력_투자현황),1)="회수료")*1), SUMPRODUCT((OFFSET(일반인력_투자현황,0,0,ROWS(일반인력_투자현황),1)=$D27)*1, (OFFSET(일반인력_투자현황,0,17,ROWS(일반인력_투자현황),1)="회수료")*1)))) | U27: =IF(ISBLANK($D27), "", IF(VLOOKUP($D27,참여인력_개요,11,FALSE)="관리인력", "", IF(N27="핵심운용인력", SUMPRODUCT((OFFSET(핵심인력_투자현황,0,0,ROWS(핵심인력_투자현황),1)=$D27)*1, OFFSET(핵심인력_투자현황,0,16,ROWS(핵심인력_투자현황),1)), SUMPRODUCT((OFFSET(일반인력_투자현황,0,0,ROWS(일반인력_투자현황),1)=$D27)*1, OFFSET(일반인력_투자현황,0,16,ROWS(일반인력_투자현황),1)) ))) | V27: =IF(ISBLANK($D27), "", IF(VLOOKUP($D27,참여인력_개요,11,FALSE)="관리인력", "", IF(N27="핵심운용인력", SUMPRODUCT((OFFSET(핵심인력_투자현황,0,0,ROWS(핵심인력_투자현황),1)=$D27)*1, OFFSET(핵심인력_투자현황,0,20,ROWS(핵심인력_투자현황),1)), SUMPRODUCT((OFFSET(일반인력_투자현황,0,0,ROWS(일반인력_투자현황),1)=$D27)*1, OFFSET(일반인력_투자현황,0,20,ROWS(일반인력_투자현황),1)) ))) | W27: =IF(ISBLANK($D27), "", IF(VLOOKUP($D27,참여인력_개요,11,FALSE)="관리인력", "", IF(N27="핵심운용인력", SUMPRODUCT((OFFSET(핵심인력_투자현황,0,0,ROWS(핵심인력_투자현황),1)=$D27)*1, OFFSET(핵심인력_투자현황,0,25,ROWS(핵심인력_투자현황),1)), SUMPRODUCT((OFFSET(일반인력_투자현황,0,0,ROWS(일반인력_투자현황),1)=$D27)*1, OFFSET(일반인력_투자현황,0,25,ROWS(일반인력_투자현황),1)) ))) | X27: =IF(ISBLANK($D27), "", IF(VLOOKUP($D27,참여인력_개요,11,FALSE)="관리인력", "", IF(N27="핵심운용인력", SUMPRODUCT((OFFSET(핵심인력_투자현황,0,0,ROWS(핵심인력_투자현황),1)=$D27)*1, OFFSET(핵심인력_투자현황,0,26,ROWS(핵심인력_투자현황),1)), SUMPRODUCT((OFFSET(일반인력_투자현황,0,0,ROWS(일반인력_투자현황),1)=$D27)*1, OFFSET(일반인력_투자현황,0,26,ROWS(일반인력_투자현황),1)) ))) | Y27: =IF(ISBLANK($D27), "", IF(VLOOKUP($D27,참여인력_개요,11,FALSE)="관리인력", "", IF(N27="핵심운용인력", SUMPRODUCT((OFFSET(핵심인력_투자현황,0,0,ROWS(핵심인력_투자현황),1)=$D27)*1, OFFSET(핵심인력_투자현황,0,16,ROWS(핵심인력_투자현황),1), OFFSET(핵심인력_투자현황,0,18,ROWS(핵심인력_투자현황),1))/U27, SUMPRODUCT((OFFSET(일반인력_투자현황,0,0,ROWS(일반인력_투자현황),1)=$D27)*1, OFFSET(일반인력_투자현황,0,16,ROWS(일반인력_투자현황),1), OFFSET(일반인력_투자현황,0,18,ROWS(일반인력_투자현황),1))/U27 ))) | Z27: =IF(ISBLANK($D27), "",IF(VLOOKUP($D27,참여인력_개요,11,FALSE)="관리인력", "", IF(N27="핵심운용인력", IF(SUMPRODUCT( (OFFSET(핵심인력_투자현황,0,0,ROWS(핵심인력_투자현황),1)=$D27)*1, OFFSET(핵심인력_투자현황,0,16,ROWS(핵심인력_투자현황),1), (OFFSET(핵심인력_투자현황,0,17,ROWS(핵심인력_투자현황),1)="회수료")*1 ) = 0, "N/A", SUMPRODUCT( (OFFSET(핵심인력_투자현황,0,0,ROWS(핵심인력_투자현황),1)=$D27)*1, OFFSET(핵심인력_투자현황,0,16,ROWS(핵심인력_투자현황),1), (OFFSET(핵심인력_투자현황,0,17,ROWS(핵심인력_투자현황),1)="회수료")*1, OFFSET(핵심인력_투자현황,0,18,ROWS(핵심인력_투자현황),1) ) / SUMPRODUCT( (OFFSET(핵심인력_투자현황,0,0,ROWS(핵심인력_투자현황),1)=$D27)*1, OFFSET(핵심인력_투자현황,0,16,ROWS(핵심인력_투자현황),1), (OFFSET(핵심인력_투자현황,0,17,ROWS(핵심인력_투자현황),1)="회수료")*1 ) ), IF(SUMPRODUCT( (OFFSET(일반인력_투자현황,0,0,ROWS(일반인력_투자현황),1)=$D27)*1, OFFSET(일반인력_투자현황,0,16,ROWS(일반인력_투자현황),1), (OFFSET(일반인력_투자현황,0,17,ROWS(일반인력_투자현황),1)="회수료")*1 ) = 0, "N/A", SUMPRODUCT( (OFFSET(일반인력_투자현황,0,0,ROWS(일반인력_투자현황),1)=$D27)*1, OFFSET(일반인력_투자현황,0,16,ROWS(일반인력_투자현황),1), (OFFSET(일반인력_투자현황,0,17,ROWS(일반인력_투자현황),1)="회수료")*1, OFFSET(일반인력_투자현황,0,18,ROWS(일반인력_투자현황),1) ) / SUMPRODUCT( (OFFSET(일반인력_투자현황,0,0,ROWS(일반인력_투자현황),1)=$D27)*1, OFFSET(일반인력_투자현황,0,16,ROWS(일반인력_투자현황),1), (OFFSET(일반인력_투자현황,0,17,ROWS(일반인력_투자현황),1)="회수료")*1 ) ) ))) | AA27: =IF(ISBLANK($D27), "", IF(VLOOKUP($D27,참여인력_개요,11,FALSE)="관리인력", "", SUMPRODUCT( (OFFSET(제안사_투자현황,0,22,ROWS(제안사_투자현황),1)=$D27)*1, (OFFSET(제안사_투자현황,0,10,ROWS(제안사_투자현황),1)<>"회수료")*1 ) )) | AB27: =IF(ISBLANK($D27), "", IF(VLOOKUP($D27,참여인력_개요,11,FALSE)="관리인력", "", SUMPRODUCT( (OFFSET(제안사_투자현황,0,22,ROWS(제안사_투자현황),1)=$D27)*1, (OFFSET(제안사_투자현황,0,10,ROWS(제안사_투자현황),1)<>"회수료")*1, OFFSET(제안사_투자현황,0,19,ROWS(제안사_투자현황),1) ) ) ) | AC27: =IF(ISBLANK($D27), "", IF(VLOOKUP($D27,참여인력_개요,11,FALSE)="관리인력", "", SUMPRODUCT( (OFFSET(제안사_투자현황,0,22,ROWS(제안사_투자현황),1)=$D27)*1, (OFFSET(제안사_투자현황,0,10,ROWS(제안사_투자현황),1)<>"회수료")*1, OFFSET(제안사_투자현황,0,20,ROWS(제안사_투자현황),1) ) ) )
... R200: =IF(ISBLANK($D200), "", IF(N200="핵심운용인력", SUMPRODUCT((OFFSET(핵심인력_경력,0,0,ROWS(핵심인력_경력),1)=$D200)*1, OFFSET(핵심인력_경력,0,9,ROWS(핵심인력_경력),1), (OFFSET(핵심인력_경력,0,10,ROWS(핵심인력_경력),1)="A")*1)+SUMPRODUCT((OFFSET(핵심인력_경력,0,0,ROWS(핵심인력_경력),1)=$D200)*1, OFFSET(핵심인력_경력,0,9,ROWS(핵심인력_경력),1), (OFFSET(핵심인력_경력,0,10,ROWS(핵심인력_경력),1)="B")*1)*0.7, SUMPRODUCT((OFFSET(일반인력_경력,0,0,ROWS(일반인력_경력),1)=$D200)*1, OFFSET(일반인력_경력,0,9,ROWS(일반인력_경력),1), (OFFSET(일반인력_경력,0,10,ROWS(일반인력_경력),1)="A")*1)+SUMPRODUCT((OFFSET(일반인력_경력,0,0,ROWS(일반인력_경력),1)=$D200)*1, OFFSET(일반인력_경력,0,9,ROWS(일반인력_경력),1), (OFFSET(일반인력_경력,0,10,ROWS(일반인력_경력),1)="B")*1)*0.7 ) ) | S200: =IF(ISBLANK($D200), "", IF(VLOOKUP($D200,참여인력_개요,11,FALSE)="관리인력", "", IF(N200="핵심운용인력", SUMPRODUCT((OFFSET(핵심인력_투자현황,0,0,ROWS(핵심인력_투자현황),1)=$D200)*1, ISTEXT(OFFSET(핵심인력_투자현황,0,11,ROWS(핵심인력_투자현황),1))*1), SUMPRODUCT((OFFSET(일반인력_투자현황,0,0,ROWS(일반인력_투자현황),1)=$D200)*1, ISTEXT(OFFSET(일반인력_투자현황,0,11,ROWS(일반인력_투자현황),1))*1)) ) ) | T200: =IF(ISBLANK($D200), "", IF(VLOOKUP($D200,참여인력_개요,11,FALSE)="관리인력", "", IF(N200="핵심운용인력", SUMPRODUCT((OFFSET(핵심인력_투자현황,0,0,ROWS(핵심인력_투자현황),1)=$D200)*1, (OFFSET(핵심인력_투자현황,0,17,ROWS(핵심인력_투자현황),1)="회수료")*1), SUMPRODUCT((OFFSET(일반인력_투자현황,0,0,ROWS(일반인력_투자현황),1)=$D200)*1, (OFFSET(일반인력_투자현황,0,17,ROWS(일반인력_투자현황),1)="회수료")*1)))) | U200: =IF(ISBLANK($D200), "", IF(VLOOKUP($D200,참여인력_개요,11,FALSE)="관리인력", "", IF(N200="핵심운용인력", SUMPRODUCT((OFFSET(핵심인력_투자현황,0,0,ROWS(핵심인력_투자현황),1)=$D200)*1, OFFSET(핵심인력_투자현황,0,16,ROWS(핵심인력_투자현황),1)), SUMPRODUCT((OFFSET(일반인력_투자현황,0,0,ROWS(일반인력_투자현황),1)=$D200)*1, OFFSET(일반인력_투자현황,0,16,ROWS(일반인력_투자현황),1)) ))) | V200: =IF(ISBLANK($D200), "", IF(VLOOKUP($D200,참여인력_개요,11,FALSE)="관리인력", "", IF(N200="핵심운용인력", SUMPRODUCT((OFFSET(핵심인력_투자현황,0,0,ROWS(핵심인력_투자현황),1)=$D200)*1, OFFSET(핵심인력_투자현황,0,20,ROWS(핵심인력_투자현황),1)), SUMPRODUCT((OFFSET(일반인력_투자현황,0,0,ROWS(일반인력_투자현황),1)=$D200)*1, OFFSET(일반인력_투자현황,0,20,ROWS(일반인력_투자현황),1)) ))) | W200: =IF(ISBLANK($D200), "", IF(VLOOKUP($D200,참여인력_개요,11,FALSE)="관리인력", "", IF(N200="핵심운용인력", SUMPRODUCT((OFFSET(핵심인력_투자현황,0,0,ROWS(핵심인력_투자현황),1)=$D200)*1, OFFSET(핵심인력_투자현황,0,25,ROWS(핵심인력_투자현황),1)), SUMPRODUCT((OFFSET(일반인력_투자현황,0,0,ROWS(일반인력_투자현황),1)=$D200)*1, OFFSET(일반인력_투자현황,0,25,ROWS(일반인력_투자현황),1)) ))) | X200: =IF(ISBLANK($D200), "", IF(VLOOKUP($D200,참여인력_개요,11,FALSE)="관리인력", "", IF(N200="핵심운용인력", SUMPRODUCT((OFFSET(핵심인력_투자현황,0,0,ROWS(핵심인력_투자현황),1)=$D200)*1, OFFSET(핵심인력_투자현황,0,26,ROWS(핵심인력_투자현황),1)), SUMPRODUCT((OFFSET(일반인력_투자현황,0,0,ROWS(일반인력_투자현황),1)=$D200)*1, OFFSET(일반인력_투자현황,0,26,ROWS(일반인력_투자현황),1)) ))) | Y200: =IF(ISBLANK($D200), "", IF(VLOOKUP($D200,참여인력_개요,11,FALSE)="관리인력", "", IF(N200="핵심운용인력", SUMPRODUCT((OFFSET(핵심인력_투자현황,0,0,ROWS(핵심인력_투자현황),1)=$D200)*1, OFFSET(핵심인력_투자현황,0,16,ROWS(핵심인력_투자현황),1), OFFSET(핵심인력_투자현황,0,18,ROWS(핵심인력_투자현황),1))/U200, SUMPRODUCT((OFFSET(일반인력_투자현황,0,0,ROWS(일반인력_투자현황),1)=$D200)*1, OFFSET(일반인력_투자현황,0,16,ROWS(일반인력_투자현황),1), OFFSET(일반인력_투자현황,0,18,ROWS(일반인력_투자현황),1))/U200 ))) | Z200: =IF(ISBLANK($D200), "",IF(VLOOKUP($D200,참여인력_개요,11,FALSE)="관리인력", "", IF(N200="핵심운용인력", IF(SUMPRODUCT( (OFFSET(핵심인력_투자현황,0,0,ROWS(핵심인력_투자현황),1)=$D200)*1, OFFSET(핵심인력_투자현황,0,16,ROWS(핵심인력_투자현황),1), (OFFSET(핵심인력_투자현황,0,17,ROWS(핵심인력_투자현황),1)="회수료")*1 ) = 0, "N/A", SUMPRODUCT( (OFFSET(핵심인력_투자현황,0,0,ROWS(핵심인력_투자현황),1)=$D200)*1, OFFSET(핵심인력_투자현황,0,16,ROWS(핵심인력_투자현황),1), (OFFSET(핵심인력_투자현황,0,17,ROWS(핵심인력_투자현황),1)="회수료")*1, OFFSET(핵심인력_투자현황,0,18,ROWS(핵심인력_투자현황),1) ) / SUMPRODUCT( (OFFSET(핵심인력_투자현황,0,0,ROWS(핵심인력_투자현황),1)=$D200)*1, OFFSET(핵심인력_투자현황,0,16,ROWS(핵심인력_투자현황),1), (OFFSET(핵심인력_투자현황,0,17,ROWS(핵심인력_투자현황),1)="회수료")*1 ) ), IF(SUMPRODUCT( (OFFSET(일반인력_투자현황,0,0,ROWS(일반인력_투자현황),1)=$D200)*1, OFFSET(일반인력_투자현황,0,16,ROWS(일반인력_투자현황),1), (OFFSET(일반인력_투자현황,0,17,ROWS(일반인력_투자현황),1)="회수료")*1 ) = 0, "N/A", SUMPRODUCT( (OFFSET(일반인력_투자현황,0,0,ROWS(일반인력_투자현황),1)=$D200)*1, OFFSET(일반인력_투자현황,0,16,ROWS(일반인력_투자현황),1), (OFFSET(일반인력_투자현황,0,17,ROWS(일반인력_투자현황),1)="회수료")*1, OFFSET(일반인력_투자현황,0,18,ROWS(일반인력_투자현황),1) ) / SUMPRODUCT( (OFFSET(일반인력_투자현황,0,0,ROWS(일반인력_투자현황),1)=$D200)*1, OFFSET(일반인력_투자현황,0,16,ROWS(일반인력_투자현황),1), (OFFSET(일반인력_투자현황,0,17,ROWS(일반인력_투자현황),1)="회수료")*1 ) ) ))) | AA200: =IF(ISBLANK($D200), "", IF(VLOOKUP($D200,참여인력_개요,11,FALSE)="관리인력", "", SUMPRODUCT( (OFFSET(제안사_투자현황,0,22,ROWS(제안사_투자현황),1)=$D200)*1, (OFFSET(제안사_투자현황,0,10,ROWS(제안사_투자현황),1)<>"회수료")*1 ) )) | AB200: =IF(ISBLANK($D200), "", IF(VLOOKUP($D200,참여인력_개요,11,FALSE)="관리인력", "", SUMPRODUCT( (OFFSET(제안사_투자현황,0,22,ROWS(제안사_투자현황),1)=$D200)*1, (OFFSET(제안사_투자현황,0,10,ROWS(제안사_투자현황),1)<>"회수료")*1, OFFSET(제안사_투자현황,0,19,ROWS(제안사_투자현황),1) ) ) ) | AC200: =IF(ISBLANK($D200), "", IF(VLOOKUP($D200,참여인력_개요,11,FALSE)="관리인력", "", SUMPRODUCT( (OFFSET(제안사_투자현황,0,22,ROWS(제안사_투자현황),1)=$D200)*1, (OFFSET(제안사_투자현황,0,10,ROWS(제안사_투자현황),1)<>"회수료")*1, OFFSET(제안사_투자현황,0,20,ROWS(제안사_투자현황),1) ) ) )

Sheet 3.2.1.핵심운용인력 투자현황
A1: RFPID | B1: GPID | C1: FundMgrID | D1: LineNum | E1: FundMgrName | F1: BirthYMDS | G1: CompanyName | H1: WorkBegYMD | I1: WorkEndYMD | J1: JobTypeDesc | K1: IsFinder | L1: IsPostInvestMgr | M1: IsExitMgr | N1: FinancialResource | O1: InvtComName | R1: MainIndustryDesc | S1: InvestYMD | T1: TujaTypeDesc | U1: InvestAmt | V1: IsCollectedDesc | W1: PropInvtComIRR | X1: CollectYMD | Y1: CollectAmt | Z1: CollectBV | AA1: CollectMethodDesc | AC1: IsMarketableDesc | AD1: AmtBal | AE1: AmtBalValue | AF1: AmtBalValueDesc | AI1: OtherRemark | AJ1: CurrentFundMgrName | AK1: CurrentFundMgrBuName | AL1: CurrentFundMgrTelNo | AM1: InvComDate | AN1: StartComConf | AO1: StartInvYMD
F2: 1 | G2: 2 | H2: 3 | I2: 4 | J2: 5 | K2: 6 | L2: 7 | M2: 8 | N2: 9 | O2: 10 | P2: 11 | Q2: 12 | R2: 13 | S2: 14 | T2: 15 | U2: 16 | V2: 17 | W2: 18 | X2: 19 | Y2: 20 | Z2: 21 | AA2: 22 | AB2: 23 | AC2: 24 | AD2: 25 | AE2: 26 | AF2: 27 | AG2: 28 | AH2: 29 | AI2: 30 | AJ2: 31 | AK2: 32 | AL2: 33 | AM2: 34 | AN2: 35 | AO2: 36 | AQ2: 38 | AR2: 39
E3: 핵심 운용인력 | G3: 담당 기간 및 역할 | N3: 투자 | X3: 회수투자자산 | AC3: 미회수투자자산 | AG3: 손상차손인식 | AI3: 기타사항 | AJ3: 검증사 | AM3: 피투자기업 설립일 | AO3: 설립 ~ 투자 | AP3: 주요 제품 및 서비스 | AQ3: 투자펀드 내역(펀드계정일 경우) | AS3: 주목적분야 해당 여부 | AT3: 주목적분야 세부분류 | AU3: 투자원금 검증
A4: 모집단위ID | B4: 운용사ID | C4: 운용인력ID | D4: 순번 | E4: 성명 | F4: 생년월일 | G4: 재직회사명 | H4: 시작일 | I4: 종료일 | J4: 직무구분 | K4: 발굴및 투자검토 | L4: 사후 관리 | M4: 회수 | N4: 투자계정구분 | O4: 피투자기업명 | P4: 피투자기업 법인유형 | Q4: 기업규모 | R4: 피투자기업 주요산업분야 | S4: 투자일 | T4: 투자형태 | U4: 투자금액 | V4: 회수여부 | W4: 투자 수익률 (IRR) | X4: 최종회수일 | Y4: 회수총액 | Z4: 투자원금 | AA4: 회수방법 | AB4: 투자기간 | AC4: 시장성유무 | AD4: 투자원금 | AE4: 가치 | AF4: 가치산출근거 | AG4: 손상차손 인식여부 | AH4: 투자원금 | AJ4: 사명 | AL4: 연락처 | AQ4: 펀드명 | AR4: 법적유형
E11: 이00 | F11: =IF(ISBLANK($E11), "", VLOOKUP($E11,참여인력_개요,2,FALSE)) -> 25569 | G11: 가인베스트먼트㈜ | H11: 39448 | I11: 40179 | J11: 의사결정 | K11: YES | L11: NO | M11: NO | N11: 펀드계정 | O11: A기업 | P11: 국내설립법인 또는 해외현지법인 | Q11: 중소(벤처) | R11: 전자/반도체 | S11: 39448 | T11: CB | U11: 1000 | V11: 회수료 | W11: 0.146 | X11: 40725 | Y11: 1146 | Z11: 1000 | AA11: 코스닥 | AB11: =IF(ISBLANK(X11),"",DATEDIF(S11,X11,"d")/365) -> 3.4986301 | AC11: YES | AG11: 해당사항 없음 | AJ11: 가인베스트먼트㈜ | AL11: 0000-0000 | AM11: 36330 | AO11: =IF(AN11="YES",(S11-AM11)/365,"") | AQ11: 펀드1호 | AS11: 방산기업 | AT11: 방위산업물자 등 연구개발 또는 생산 | AU11: =ROUND(U11,)=ROUND(Z11,)+ROUND(AH11,)+ROUND(AD11,) -> TRUE
E12: 이00 | F12: =IF(ISBLANK($E12), "", VLOOKUP($E12,참여인력_개요,2,FALSE)) -> 25569 | G12: 다인베스트먼트㈜ | H12: 39448 | I12: 39082 | J12: 투자실무 | K12: NO | L12: YES | M12: NO | N12: 펀드계정 | O12: B기업 | P12: 국내설립법인 또는 해외현지법인 | Q12: 중견 | R12: 통신/IT서비스 | S12: 39448 | T12: 우선주 | U12: 510 | V12: 미회수 | X12: 39927 | Y12: 100 | Z12: 0 | AA12: 기타 | AB12: =IF(ISBLANK(X12),"",DATEDIF(S12,X12,"d")/365) -> 1.3123288 | AC12: YES | AD12: 510 | AE12: 510 | AG12: 해당사항 없음 | AJ12: 나인베스트먼트㈜ | AL12: 0000-0000 | AM12: 37622 | AO12: =IF(AN12="YES",(S12-AM12)/365,"") | AQ12: 펀드2호 | AS12: 방산기업 | AT12: 방산 육성 사업 선정 | AU12: =ROUND(U12,)=ROUND(Z12,)+ROUND(AH12,)+ROUND(AD12,) -> TRUE
E13: 이00 | F13: =IF(ISBLANK($E13), "", VLOOKUP($E13,참여인력_개요,2,FALSE)) -> 25569 | G13: 다인베스트먼트㈜ | H13: 39448 | I13: 37986 | J13: 투자실무 | K13: NO | L13: NO | M13: YES | N13: 펀드계정 | O13: C기업 | P13: 프로젝트 투자시 특수목적법인 | Q13: 중견 | R13: 통신/IT서비스 | S13: 39448 | T13: 우선주 | U13: 390 | V13: 회수료 | W13: 0.146 | X13: 39927 | Y13: 200 | Z13: 150 | AA13: 상환 | AB13: =IF(ISBLANK(X13),"",DATEDIF(S13,X13,"d")/365) -> 1.3123288 | AC13: YES | AD13: 240 | AE13: 300 | AF13: 000주*@000원=000백만원(25.06.30종가기준) | AG13: 해당사항 없음 | AJ13: 다인베스트먼트㈜ | AL13: 0000-0000 | AM13: 37987 | AO13: =IF(AN13="YES",(S13-AM13)/365,"") | AQ13: 펀드3호 | AS13: 미해당 | AT13: 미보유 | AU13: =ROUND(U13,)=ROUND(Z13,)+ROUND(AH13,)+ROUND(AD13,) -> TRUE
E14: 정00 | F14: =IF(ISBLANK($E14), "", VLOOKUP($E14,참여인력_개요,2,FALSE)) -> 31705 | G14: 다인베스트먼트㈜ | H14: 39448 | I14: 37986 | J14: 투자실무 | K14: NO | L14: NO | M14: YES | N14: 펀드계정 | O14: C기업 | P14: 외국법인 | Q14: 기타 | R14: 통신/IT서비스 | S14: 39448 | T14: 우선주 | U14: 390 | V14: 회수료 | W14: 0.146 | X14: 40657 | Y14: 200 | Z14: 150 | AA14: 상환 | AB14: =IF(ISBLANK(X14),"",DATEDIF(S14,X14,"d")/365) -> 3.3123288 | AC14: YES | AD14: 240 | AE14: 300 | AF14: 000주*@000원=000백만원(25.06.30종가기준) | AG14: 해당사항 없음 | AJ14: 다인베스트먼트㈜ | AL14: 0000-0000 | AM14: 37623 | AO14: =IF(AN14="YES",(S14-AM14)/365,"") | AQ14: 펀드3호 | AS14: 방산기업 | AT14: 해외 수출 실적 보유 | AU14: =ROUND(U14,)=ROUND(Z14,)+ROUND(AH14,)+ROUND(AD14,) -> TRUE
F15: =IF(ISBLANK($E15), "", VLOOKUP($E15,참여인력_개요,2,FALSE)) | AB15: =IF(ISBLANK(X15),"",DATEDIF(S15,X15,"d")/365) | AO15: =IF(AN15="YES",(S15-AM15)/365,"") | AU15: =ROUND(U15,)=ROUND(Z15,)+ROUND(AH15,)+ROUND(AD15,) -> TRUE
F16: =IF(ISBLANK($E16), "", VLOOKUP($E16,참여인력_개요,2,FALSE)) | AB16: =IF(ISBLANK(X16),"",DATEDIF(S16,X16,"d")/365) | AO16: =IF(AN16="YES",(S16-AM16)/365,"") | AU16: =ROUND(U16,)=ROUND(Z16,)+ROUND(AH16,)+ROUND(AD16,) -> TRUE
F17: =IF(ISBLANK($E17), "", VLOOKUP($E17,참여인력_개요,2,FALSE)) | AB17: =IF(ISBLANK(X17),"",DATEDIF(S17,X17,"d")/365) | AO17: =IF(AN17="YES",(S17-AM17)/365,"") | AU17: =ROUND(U17,)=ROUND(Z17,)+ROUND(AH17,)+ROUND(AD17,) -> TRUE
F18: =IF(ISBLANK($E18), "", VLOOKUP($E18,참여인력_개요,2,FALSE)) | AB18: =IF(ISBLANK(X18),"",DATEDIF(S18,X18,"d")/365) | AO18: =IF(AN18="YES",(S18-AM18)/365,"") | AU18: =ROUND(U18,)=ROUND(Z18,)+ROUND(AH18,)+ROUND(AD18,) -> TRUE
F19: =IF(ISBLANK($E19), "", VLOOKUP($E19,참여인력_개요,2,FALSE)) | AB19: =IF(ISBLANK(X19),"",DATEDIF(S19,X19,"d")/365) | AO19: =IF(AN19="YES",(S19-AM19)/365,"") | AU19: =ROUND(U19,)=ROUND(Z19,)+ROUND(AH19,)+ROUND(AD19,) -> TRUE
F20: =IF(ISBLANK($E20), "", VLOOKUP($E20,참여인력_개요,2,FALSE)) | AB20: =IF(ISBLANK(X20),"",DATEDIF(S20,X20,"d")/365) | AO20: =IF(AN20="YES",(S20-AM20)/365,"") | AU20: =ROUND(U20,)=ROUND(Z20,)+ROUND(AH20,)+ROUND(AD20,) -> TRUE
F21: =IF(ISBLANK($E21), "", VLOOKUP($E21,참여인력_개요,2,FALSE)) | AB21: =IF(ISBLANK(X21),"",DATEDIF(S21,X21,"d")/365) | AO21: =IF(AN21="YES",(S21-AM21)/365,"") | AU21: =ROUND(U21,)=ROUND(Z21,)+ROUND(AH21,)+ROUND(AD21,) -> TRUE
F22: =IF(ISBLANK($E22), "", VLOOKUP($E22,참여인력_개요,2,FALSE)) | AB22: =IF(ISBLANK(X22),"",DATEDIF(S22,X22,"d")/365) | AO22: =IF(AN22="YES",(S22-AM22)/365,"") | AU22: =ROUND(U22,)=ROUND(Z22,)+ROUND(AH22,)+ROUND(AD22,) -> TRUE
F23: =IF(ISBLANK($E23), "", VLOOKUP($E23,참여인력_개요,2,FALSE)) | AB23: =IF(ISBLANK(X23),"",DATEDIF(S23,X23,"d")/365) | AO23: =IF(AN23="YES",(S23-AM23)/365,"") | AU23: =ROUND(U23,)=ROUND(Z23,)+ROUND(AH23,)+ROUND(AD23,) -> TRUE
F24: =IF(ISBLANK($E24), "", VLOOKUP($E24,참여인력_개요,2,FALSE)) | AB24: =IF(ISBLANK(X24),"",DATEDIF(S24,X24,"d")/365) | AO24: =IF(AN24="YES",(S24-AM24)/365,"") | AU24: =ROUND(U24,)=ROUND(Z24,)+ROUND(AH24,)+ROUND(AD24,) -> TRUE
F25: =IF(ISBLANK($E25), "", VLOOKUP($E25,참여인력_개요,2,FALSE)) | AB25: =IF(ISBLANK(X25),"",DATEDIF(S25,X25,"d")/365) | AO25: =IF(AN25="YES",(S25-AM25)/365,"") | AU25: =ROUND(U25,)=ROUND(Z25,)+ROUND(AH25,)+ROUND(AD25,) -> TRUE
F26: =IF(ISBLANK($E26), "", VLOOKUP($E26,참여인력_개요,2,FALSE)) | AB26: =IF(ISBLANK(X26),"",DATEDIF(S26,X26,"d")/365) | AO26: =IF(AN26="YES",(S26-AM26)/365,"") | AU26: =ROUND(U26,)=ROUND(Z26,)+ROUND(AH26,)+ROUND(AD26,) -> TRUE
... F500: =IF(ISBLANK($E500), "", VLOOKUP($E500,참여인력_개요,2,FALSE)) | AB500: =IF(ISBLANK(X500),"",DATEDIF(S500,X500,"d")/365) | AO500: =IF(AN500="YES",(S500-AM500)/365,"") | AU500: =ROUND(U500,)=ROUND(Z500,)+ROUND(AH500,)+ROUND(AD500,) -> TRUE

Sheet 3.2.2.일반운용인력 투자현황
A1: RFPID | B1: GPID | C1: FundMgrID | D1: LineNum | E1: FundMgrName | F1: BirthYMDS | G1: CompanyName | H1: WorkBegYMD | I1: WorkEndYMD | J1: JobTypeDesc | K1: IsFinder | L1: IsPostInvestMgr | M1: IsExitMgr | N1: FinancialResource | O1: InvtComName | R1: MainIndustryDesc | S1: InvestYMD | T1: TujaTypeDesc | U1: InvestAmt | V1: IsCollectedDesc | W1: PropInvtComIRR | X1: CollectYMD | Y1: CollectAmt | Z1: CollectBV | AA1: CollectMethodDesc | AC1: IsMarketableDesc | AD1: AmtBal | AE1: AmtBalValue | AF1: AmtBalValueDesc | AI1: OtherRemark | AJ1: CurrentFundMgrName | AK1: CurrentFundMgrBuName | AL1: CurrentFundMgrTelNo | AM1: InvComDate | AN1: StartComConf | AO1: StartInvYMD | AP1: StartComConf
F2: 1 | G2: 2 | H2: 3 | I2: 4 | J2: 5 | K2: 6 | L2: 7 | M2: 8 | N2: 9 | O2: 10 | P2: 11 | Q2: 12 | R2: 13 | S2: 14 | T2: 15 | U2: 16 | V2: 17 | W2: 18 | X2: 19 | Y2: 20 | Z2: 21 | AA2: 22 | AB2: 23 | AC2: 24 | AD2: 25 | AE2: 26 | AF2: 27 | AG2: 28 | AH2: 29 | AI2: 30 | AJ2: 31 | AK2: 32 | AL2: 33 | AM2: 34 | AN2: 35 | AO2: 36 | AP2: 37 | AQ2: 38 | AR2: 39
E3: 일반 운용인력 | G3: 담당 기간 및 역할 | N3: 투자 | X3: 회수투자자산 | AC3: 미회수투자자산 | AG3: 손상차손인식 | AI3: 기타사항 | AJ3: 검증사 | AM3: 피투자기업 설립일 | AO3: 설립 ~ 투자 | AP3: 주요 제품 및 서비스 | AQ3: 투자펀드 내역(펀드계정일 경우) | AS3: 주목적분야 해당 여부 | AT3: 주목적분야 세부분류 | AU3: 투자원금 검증
A4: 모집단위ID | B4: 운용사ID | C4: 운용인력ID | D4: 순번 | E4: 성명 | F4: 생년월일 | G4: 재직회사명 | H4: 시작일 | I4: 종료일 | J4: 직무구분 | K4: 발굴및 투자검토 | L4: 사후 관리 | M4: 회수 | N4: 투자계정구분 | O4: 피투자기업명 | P4: 피투자기업 법인유형 | Q4: 기업규모 | R4: 피투자기업 주요산업분야 | S4: 투자일 | T4: 투자형태 | U4: 투자금액 | V4: 회수여부 | W4: 투자 수익률 (IRR) | X4: 최종회수일 | Y4: 회수총액 | Z4: 투자원금 | AA4: 회수방법 | AB4: 투자기간 | AC4: 시장성유무 | AD4: 투자원금 | AE4: 가치 | AF4: 가치산출근거 | AG4: 손상차손 인식여부 | AH4: 투자원금 | AJ4: 사명 | AL4: 연락처 | AQ4: 펀드명 | AR4: 법적유형
E11: 박00 | F11: =IF(ISBLANK($E11), "", VLOOKUP($E11,참여인력_개요,2,FALSE)) -> 28773 | G11: 마인베스트먼트㈜ | H11: 39630 | I11: 40179 | J11: 투자실무 | K11: YES | L11: NO | M11: NO | N11: 펀드계정 | O11: A기업 | P11: 국내설립법인 또는 해외현지법인 | Q11: 중견 | R11: 전자/반도체 | S11: 39007 | T11: CB | U11: 500 | V11: 회수료 | W11: 0.12 | X11: 40725 | Y11: 400 | Z11: 500 | AA11: 코스닥 | AB11: =IF(ISBLANK(X11),"",DATEDIF(S11,X11,"d")/365) -> 4.7068493 | AC11: YES | AG11: 해당사항 없음 | AJ11: 가인베스트먼트㈜ | AL11: 0000-0000 | AM11: 36330 | AO11: =IF(AN11="YES",(S11-AM11)/365,"") | AQ11: 펀드1호 | AS11: 방산기업 | AT11: 해외 수출 실적 보유 | AU11: =ROUND(U11,)=ROUND(Z11,)+ROUND(AH11,)+ROUND(AD11,) -> TRUE
E12: 최00 | F12: =IF(ISBLANK($E12), "", VLOOKUP($E12,참여인력_개요,2,FALSE)) -> 27677 | G12: 바인베스트먼트㈜ | H12: 38169 | I12: 37986 | J12: 투자실무 | K12: NO | L12: NO | M12: YES | N12: 펀드계정 | O12: C기업 | P12: 외국법인 | Q12: 대기업 | R12: 통신/IT서비스 | S12: 41457 | T12: 기타 주식연계채권 | U12: 700 | V12: 회수료 | W12: 0.08 | X12: 41906 | Y12: 300 | Z12: 300 | AA12: 상환 | AB12: =IF(ISBLANK(X12),"",DATEDIF(S12,X12,"d")/365) -> 1.230137 | AC12: YES | AD12: 400 | AE12: 300 | AF12: 000주*@000원=000백만원(10.02.23종가기준) | AJ12: 다인베스트먼트㈜ | AL12: 0000-0000 | AM12: 40544 | AO12: =IF(AN12="YES",(S12-AM12)/365,"") | AQ12: 펀드2호 | AS12: 미해당 | AT12: 미보유 | AU12: =ROUND(U12,)=ROUND(Z12,)+ROUND(AH12,)+ROUND(AD12,) -> TRUE
F13: =IF(ISBLANK($E13), "", VLOOKUP($E13,참여인력_개요,2,FALSE)) | AB13: =IF(ISBLANK(X13),"",DATEDIF(S13,X13,"d")/365) | AO13: =IF(AN13="YES",(S13-AM13)/365,"") | AQ13: 펀드3호 | AU13: =ROUND(U13,)=ROUND(Z13,)+ROUND(AH13,)+ROUND(AD13,) -> TRUE
F14: =IF(ISBLANK($E14), "", VLOOKUP($E14,참여인력_개요,2,FALSE)) | AB14: =IF(ISBLANK(X14),"",DATEDIF(S14,X14,"d")/365) | AO14: =IF(AN14="YES",(S14-AM14)/365,"") | AQ14: 펀드3호 | AU14: =ROUND(U14,)=ROUND(Z14,)+ROUND(AH14,)+ROUND(AD14,) -> TRUE
F15: =IF(ISBLANK($E15), "", VLOOKUP($E15,참여인력_개요,2,FALSE)) | AB15: =IF(ISBLANK(X15),"",DATEDIF(S15,X15,"d")/365) | AO15: =IF(AN15="YES",(S15-AM15)/365,"") | AU15: =ROUND(U15,)=ROUND(Z15,)+ROUND(AH15,)+ROUND(AD15,) -> TRUE
F16: =IF(ISBLANK($E16), "", VLOOKUP($E16,참여인력_개요,2,FALSE)) | AB16: =IF(ISBLANK(X16),"",DATEDIF(S16,X16,"d")/365) | AO16: =IF(AN16="YES",(S16-AM16)/365,"") | AU16: =ROUND(U16,)=ROUND(Z16,)+ROUND(AH16,)+ROUND(AD16,) -> TRUE
F17: =IF(ISBLANK($E17), "", VLOOKUP($E17,참여인력_개요,2,FALSE)) | AB17: =IF(ISBLANK(X17),"",DATEDIF(S17,X17,"d")/365) | AO17: =IF(AN17="YES",(S17-AM17)/365,"") | AU17: =ROUND(U17,)=ROUND(Z17,)+ROUND(AH17,)+ROUND(AD17,) -> TRUE
F18: =IF(ISBLANK($E18), "", VLOOKUP($E18,참여인력_개요,2,FALSE)) | AB18: =IF(ISBLANK(X18),"",DATEDIF(S18,X18,"d")/365) | AO18: =IF(AN18="YES",(S18-AM18)/365,"") | AU18: =ROUND(U18,)=ROUND(Z18,)+ROUND(AH18,)+ROUND(AD18,) -> TRUE
F19: =IF(ISBLANK($E19), "", VLOOKUP($E19,참여인력_개요,2,FALSE)) | AB19: =IF(ISBLANK(X19),"",DATEDIF(S19,X19,"d")/365) | AO19: =IF(AN19="YES",(S19-AM19)/365,"") | AU19: =ROUND(U19,)=ROUND(Z19,)+ROUND(AH19,)+ROUND(AD19,) -> TRUE
F20: =IF(ISBLANK($E20), "", VLOOKUP($E20,참여인력_개요,2,FALSE)) | AB20: =IF(ISBLANK(X20),"",DATEDIF(S20,X20,"d")/365) | AO20: =IF(AN20="YES",(S20-AM20)/365,"") | AU20: =ROUND(U20,)=ROUND(Z20,)+ROUND(AH20,)+ROUND(AD20,) -> TRUE
F21: =IF(ISBLANK($E21), "", VLOOKUP($E21,참여인력_개요,2,FALSE)) | AB21: =IF(ISBLANK(X21),"",DATEDIF(S21,X21,"d")/365) | AO21: =IF(AN21="YES",(S21-AM21)/365,"") | AU21: =ROUND(U21,)=ROUND(Z21,)+ROUND(AH21,)+ROUND(AD21,) -> TRUE
F22: =IF(ISBLANK($E22), "", VLOOKUP($E22,참여인력_개요,2,FALSE)) | AB22: =IF(ISBLANK(X22),"",DATEDIF(S22,X22,"d")/365) | AO22: =IF(AN22="YES",(S22-AM22)/365,"") | AU22: =ROUND(U22,)=ROUND(Z22,)+ROUND(AH22,)+ROUND(AD22,) -> TRUE
F23: =IF(ISBLANK($E23), "", VLOOKUP($E23,참여인력_개요,2,FALSE)) | AB23: =IF(ISBLANK(X23),"",DATEDIF(S23,X23,"d")/365) | AO23: =IF(AN23="YES",(S23-AM23)/365,"") | AU23: =ROUND(U23,)=ROUND(Z23,)+ROUND(AH23,)+ROUND(AD23,) -> TRUE
F24: =IF(ISBLANK($E24), "", VLOOKUP($E24,참여인력_개요,2,FALSE)) | AB24: =IF(ISBLANK(X24),"",DATEDIF(S24,X24,"d")/365) | AO24: =IF(AN24="YES",(S24-AM24)/365,"") | AU24: =ROUND(U24,)=ROUND(Z24,)+ROUND(AH24,)+ROUND(AD24,) -> TRUE
F25: =IF(ISBLANK($E25), "", VLOOKUP($E25,참여인력_개요,2,FALSE)) | AB25: =IF(ISBLANK(X25),"",DATEDIF(S25,X25,"d")/365) | AO25: =IF(AN25="YES",(S25-AM25)/365,"") | AU25: =ROUND(U25,)=ROUND(Z25,)+ROUND(AH25,)+ROUND(AD25,) -> TRUE
F26: =IF(ISBLANK($E26), "", VLOOKUP($E26,참여인력_개요,2,FALSE)) | AB26: =IF(ISBLANK(X26),"",DATEDIF(S26,X26,"d")/365) | AO26: =IF(AN26="YES",(S26-AM26)/365,"") | AU26: =ROUND(U26,)=ROUND(Z26,)+ROUND(AH26,)+ROUND(AD26,) -> TRUE
... F500: =IF(ISBLANK($E500), "", VLOOKUP($E500,참여인력_개요,2,FALSE)) | AB500: =IF(ISBLANK(X500),"",DATEDIF(S500,X500,"d")/365) | AO500: =IF(AN500="YES",(S500-AM500)/365,"") | AU500: =ROUND(U500,)=ROUND(Z500,)+ROUND(AH500,)+ROUND(AD500,) -> TRUE

Sheet 3.3.참여인력 학력
A1: RFPID | B1: GPID | C1: FundMgrID | D1: LineNum | E1: FundMgrName | F1: BirthYMDS | G1: GraduationYMD | H1: SchoolName | I1: SchoolMajor | J1: SchoolDegree | K1: SchoolCountry
E3: 참여인력 | G3: 학력사항
A4: 모집단위ID | B4: 운용사ID | C4: 운용인력ID | D4: 순번 | E4: 성명 | F4: 생년월일 | G4: 졸업일/수료일 | H4: 졸업/수료 학교명 | I4: 학과(전공)명 | J4: 학위명 | K4: 취득국명
E11: 이00 | F11: =IF(ISBLANK($E11),"",VLOOKUP($E11,참여인력_개요,2,FALSE)) -> 25569 | G11: 36892 | H11: 00대학교 | I11: 경영학 | J11: 학사 | K11: 대한민국
E12: 이00 | F12: =IF(ISBLANK($E12),"",VLOOKUP($E12,참여인력_개요,2,FALSE)) -> 25569 | G12: 35065 | H12: 00고등학교 | K12: 대한민국
F13: =IF(ISBLANK($E13),"",VLOOKUP($E13,참여인력_개요,2,FALSE))
F14: =IF(ISBLANK($E14),"",VLOOKUP($E14,참여인력_개요,2,FALSE))
F15: =IF(ISBLANK($E15),"",VLOOKUP($E15,참여인력_개요,2,FALSE))
F16: =IF(ISBLANK($E16),"",VLOOKUP($E16,참여인력_개요,2,FALSE))
F17: =IF(ISBLANK($E17),"",VLOOKUP($E17,참여인력_개요,2,FALSE))
F18: =IF(ISBLANK($E18),"",VLOOKUP($E18,참여인력_개요,2,FALSE))
F19: =IF(ISBLANK($E19),"",VLOOKUP($E19,참여인력_개요,2,FALSE))
F20: =IF(ISBLANK($E20),"",VLOOKUP($E20,참여인력_개요,2,FALSE))
F21: =IF(ISBLANK($E21),"",VLOOKUP($E21,참여인력_개요,2,FALSE))
F22: =IF(ISBLANK($E22),"",VLOOKUP($E22,참여인력_개요,2,FALSE))
F23: =IF(ISBLANK($E23),"",VLOOKUP($E23,참여인력_개요,2,FALSE))
F24: =IF(ISBLANK($E24),"",VLOOKUP($E24,참여인력_개요,2,FALSE))
... F500: =IF(ISBLANK($E500),"",VLOOKUP($E500,참여인력_개요,2,FALSE))

Sheet 3.4.1.핵심운용인력 경력
A1: RFPID | B1: GPID | C1: FundMgrID | D1: LineNum | E1: FundMgrName | F1: BirthYMDS | H1: CompanyName | I1: BuName | J1: JobTitleName | K1: JobDesc | L1: WorkBegYMD | M1: WorkEndYMD | N1: WorkYears | O1: IsInvestCareer
E3: 핵심운용인력 | G3: 재직회사 및 담당업무 | L3: 담당기간 | O3: 투자관련 경력구분
A4: 모집단위ID | B4: 운용사ID | C4: 운용인력ID | D4: 순번 | E4: 성명 | F4: 생년월일 | G4: 재직회사 법인유형 | H4: 회사명 | I4: 부서명 | J4: 직위 | K4: 담당업무 | L4: 시작일 | M4: 종료일 | N4: 기간(년수)
E11: 이00 | F11: =IF(ISBLANK($E11),"",VLOOKUP($E11,참여인력_개요,2,FALSE)) -> 25569 | G11: 국내설립법인 | H11: 가인베스트먼트 | I11: 투자1본부 | J11: 팀장 | K11: 투자심사 | L11: 39448 | M11: =제안서작성기준일 -> 46022 | N11: =DATEDIF(L11,M11,"d")/365 -> 18.010959 | O11: A
E12: 이00 | F12: =IF(ISBLANK($E12),"",VLOOKUP($E12,참여인력_개요,2,FALSE)) -> 25569 | G12: 국내설립법인 | H12: 나회계법인 | I12: 금융본부 | J12: 팀장 | K12: FAS | L12: 38353 | M12: 39447 | N12: =DATEDIF(L12,M12,"d")/365 -> 2.9972603 | O12: B
E13: 이00 | F13: =IF(ISBLANK($E13),"",VLOOKUP($E13,참여인력_개요,2,FALSE)) -> 25569 | G13: 해외현지법인 | H13: 다인베스트먼트 | I13: 투자2본부 | J13: 팀장 | K13: 투자심사 | L13: 37622 | M13: 38352 | N13: =DATEDIF(L13,M13,"d")/365 -> 2 | O13: A
E14: 정00 | F14: =IF(ISBLANK($E14),"",VLOOKUP($E14,참여인력_개요,2,FALSE)) -> 31705 | G14: 국내설립법인 | H14: 가인베스트먼트 | I14: 경영지원팀 | J14: 팀장 | K14: 인사총무 | L14: 39814 | M14: =제안서작성기준일 -> 46022 | N14: =DATEDIF(L14,M14,"d")/365 -> 17.008219 | O14: C
E15: 인00 | F15: =IF(ISBLANK($E15),"",VLOOKUP($E15,참여인력_개요,2,FALSE)) -> 25518 | G15: 국내설립법인 | H15: S전자 | I15: 반도체 사업부 | J15: 팀장 | K15: 생산기술 | L15: 39814 | M15: =제안서작성기준일 -> 46022 | N15: =DATEDIF(L15,M15,"d")/365 -> 17.008219 | O15: B
E16: 최00 | F16: =IF(ISBLANK($E16),"",VLOOKUP($E16,참여인력_개요,2,FALSE)) -> 27677 | G16: 국내설립법인 | H16: PPPPP철강 | I16: 파이낵스 사업부 | J16: 팀장 | K16: 신소재 구매 | L16: 39814 | M16: =제안서작성기준일 -> 46022 | N16: =DATEDIF(L16,M16,"d")/365 -> 17.008219 | O16: B
E17: 박00 | F17: =IF(ISBLANK($E17),"",VLOOKUP($E17,참여인력_개요,2,FALSE)) -> 28773 | G17: 국내설립법인 | H17: H게임 | I17: 슈팅 게임 사업부 | J17: 팀장 | K17: 마케팅 전략 | L17: 39814 | M17: =제안서작성기준일 -> 46022 | N17: =DATEDIF(L17,M17,"d")/365 -> 17.008219 | O17: B
F18: =IF(ISBLANK($E18),"",VLOOKUP($E18,참여인력_개요,2,FALSE)) | N18: =DATEDIF(L18,M18,"d")/365 -> 0
F19: =IF(ISBLANK($E19),"",VLOOKUP($E19,참여인력_개요,2,FALSE)) | N19: =DATEDIF(L19,M19,"d")/365 -> 0
F20: =IF(ISBLANK($E20),"",VLOOKUP($E20,참여인력_개요,2,FALSE)) | N20: =DATEDIF(L20,M20,"d")/365 -> 0
F21: =IF(ISBLANK($E21),"",VLOOKUP($E21,참여인력_개요,2,FALSE)) | N21: =DATEDIF(L21,M21,"d")/365 -> 0
F22: =IF(ISBLANK($E22),"",VLOOKUP($E22,참여인력_개요,2,FALSE)) | N22: =DATEDIF(L22,M22,"d")/365 -> 0
F23: =IF(ISBLANK($E23),"",VLOOKUP($E23,참여인력_개요,2,FALSE)) | N23: =DATEDIF(L23,M23,"d")/365 -> 0
F24: =IF(ISBLANK($E24),"",VLOOKUP($E24,참여인력_개요,2,FALSE)) | N24: =DATEDIF(L24,M24,"d")/365 -> 0
F25: =IF(ISBLANK($E25),"",VLOOKUP($E25,참여인력_개요,2,FALSE)) | N25: =DATEDIF(L25,M25,"d")/365 -> 0
F26: =IF(ISBLANK($E26),"",VLOOKUP($E26,참여인력_개요,2,FALSE)) | N26: =DATEDIF(L26,M26,"d")/365 -> 0
F27: =IF(ISBLANK($E27),"",VLOOKUP($E27,참여인력_개요,2,FALSE)) | N27: =DATEDIF(L27,M27,"d")/365 -> 0
F28: =IF(ISBLANK($E28),"",VLOOKUP($E28,참여인력_개요,2,FALSE)) | N28: =DATEDIF(L28,M28,"d")/365 -> 0
F29: =IF(ISBLANK($E29),"",VLOOKUP($E29,참여인력_개요,2,FALSE)) | N29: =DATEDIF(L29,M29,"d")/365 -> 0
... F500: =IF(ISBLANK($E500),"",VLOOKUP($E500,참여인력_개요,2,FALSE)) | N500: =DATEDIF(L500,M500,"d")/365 -> 0

Sheet 3.4.2.일반운용인력 경력
A1: RFPID | B1: GPID | C1: FundMgrID | D1: LineNum | E1: FundMgrName | F1: BirthYMDS | H1: CompanyName | I1: BuName | J1: JobTitleName | K1: JobDesc | L1: WorkBegYMD | M1: WorkEndYMD | N1: WorkYears | O1: IsInvestCareer
E3: 일반운용인력 | G3: 재직회사 및 담당업무 | L3: 담당기간 | O3: 투자관련 경력구분
A4: 모집단위ID | B4: 운용사ID | C4: 운용인력ID | D4: 순번 | E4: 성명 | F4: 생년월일 | G4: 재직회사 법인유형 | H4: 회사명 | I4: 부서명 | J4: 직위 | K4: 담당업무 | L4: 시작일 | M4: 종료일 | N4: 기간(년수)
E11: 박00 | F11: =IF(ISBLANK($E11),"",VLOOKUP($E11,참여인력_개요,2,FALSE)) -> 28773 | G11: 국내설립법인 | H11: 가인베스트먼트㈜ | I11: 투자1본부 | J11: 팀장 | K11: 투자심사 | L11: 39448 | M11: =제안서작성기준일 -> 46022 | N11: =DATEDIF(L11,M11,"d")/365 -> 18.010959 | O11: A
E12: 최00 | F12: =IF(ISBLANK($E12),"",VLOOKUP($E12,참여인력_개요,2,FALSE)) -> 27677 | G12: 국내설립법인 | H12: 라기업㈜ | I12: 경영지원팀 | J12: 팀장 | K12: 인사총무 | L12: 39965 | M12: =제안서작성기준일 -> 46022 | N12: =DATEDIF(L12,M12,"d")/365 -> 16.594521 | O12: C
E13: 이00 | F13: =IF(ISBLANK($E13),"",VLOOKUP($E13,참여인력_개요,2,FALSE)) -> 25569 | G13: 해외현지법인 | H13: 다인베스트먼트 | I13: 투자2본부 | J13: 팀장 | K13: 투자심사 | L13: 37622 | M13: 38352 | N13: =DATEDIF(L13,M13,"d")/365 -> 2 | O13: A
E14: 정00 | F14: =IF(ISBLANK($E14),"",VLOOKUP($E14,참여인력_개요,2,FALSE)) -> 31705 | G14: 국내설립법인 | H14: 가인베스트먼트 | I14: 경영지원팀 | J14: 팀장 | K14: 인사총무 | L14: 39814 | M14: =제안서작성기준일 -> 46022 | N14: =DATEDIF(L14,M14,"d")/365 -> 17.008219 | O14: C
E15: 정00 | F15: =IF(ISBLANK($E15),"",VLOOKUP($E15,참여인력_개요,2,FALSE)) -> 31705 | G15: 국내설립법인 | H15: S전자 | I15: 반도체 사업부 | J15: 팀장 | K15: 생산기술 | L15: 39814 | M15: =제안서작성기준일 -> 46022 | N15: =DATEDIF(L15,M15,"d")/365 -> 17.008219 | O15: B
E16: 이00 | F16: =IF(ISBLANK($E16),"",VLOOKUP($E16,참여인력_개요,2,FALSE)) -> 25569 | G16: 국내설립법인 | H16: PPPPP철강 | I16: 파이낵스 사업부 | J16: 팀장 | K16: 신소재 구매 | L16: 39814 | M16: =제안서작성기준일 -> 46022 | N16: =DATEDIF(L16,M16,"d")/365 -> 17.008219 | O16: B
E17: 박00 | F17: =IF(ISBLANK($E17),"",VLOOKUP($E17,참여인력_개요,2,FALSE)) -> 28773 | G17: 국내설립법인 | H17: H게임 | I17: 슈팅 게임 사업부 | J17: 팀장 | K17: 마케팅 전략 | L17: 39814 | M17: =제안서작성기준일 -> 46022 | N17: =DATEDIF(L17,M17,"d")/365 -> 17.008219 | O17: B
F18: =IF(ISBLANK($E18),"",VLOOKUP($E18,참여인력_개요,2,FALSE)) | N18: =DATEDIF(L18,M18,"d")/365 -> 0
F19: =IF(ISBLANK($E19),"",VLOOKUP($E19,참여인력_개요,2,FALSE)) | N19: =DATEDIF(L19,M19,"d")/365 -> 0
F20: =IF(ISBLANK($E20),"",VLOOKUP($E20,참여인력_개요,2,FALSE)) | N20: =DATEDIF(L20,M20,"d")/365 -> 0
F21: =IF(ISBLANK($E21),"",VLOOKUP($E21,참여인력_개요,2,FALSE)) | N21: =DATEDIF(L21,M21,"d")/365 -> 0
F22: =IF(ISBLANK($E22),"",VLOOKUP($E22,참여인력_개요,2,FALSE)) | N22: =DATEDIF(L22,M22,"d")/365 -> 0
F23: =IF(ISBLANK($E23),"",VLOOKUP($E23,참여인력_개요,2,FALSE)) | N23: =DATEDIF(L23,M23,"d")/365 -> 0
F24: =IF(ISBLANK($E24),"",VLOOKUP($E24,참여인력_개요,2,FALSE)) | N24: =DATEDIF(L24,M24,"d")/365 -> 0
F25: =IF(ISBLANK($E25),"",VLOOKUP($E25,참여인력_개요,2,FALSE)) | N25: =DATEDIF(L25,M25,"d")/365 -> 0
F26: =IF(ISBLANK($E26),"",VLOOKUP($E26,참여인력_개요,2,FALSE)) | N26: =DATEDIF(L26,M26,"d")/365 -> 0
F27: =IF(ISBLANK($E27),"",VLOOKUP($E27,참여인력_개요,2,FALSE)) | N27: =DATEDIF(L27,M27,"d")/365 -> 0
F28: =IF(ISBLANK($E28),"",VLOOKUP($E28,참여인력_개요,2,FALSE)) | N28: =DATEDIF(L28,M28,"d")/365 -> 0
F29: =IF(ISBLANK($E29),"",VLOOKUP($E29,참여인력_개요,2,FALSE)) | N29: =DATEDIF(L29,M29,"d")/365 -> 0
... F500: =IF(ISBLANK($E500),"",VLOOKUP($E500,참여인력_개요,2,FALSE)) | N500: =DATEDIF(L500,M500,"d")/365 -> 0

Sheet 4.1.펀드 거래
A1: 펀드명 | B1: 거래구분 | C1: 거래금액 (단위 : 원) | D1: 거래일
A2: 펀드1호 | B2: 납입 | C2: -10000000000 | D2: 38777
A3: 펀드1호 | B3: 현금분배 | C3: 2700000000 | D3: 39813
A4: 펀드1호 | B4: 현금분배 | C4: 14000000000 | D4: 39814
A5: 펀드2호 | B5: 납입 | C5: -3000000000 | D5: 38803
A6: 펀드2호 | B6: 현금분배 | C6: 300000000 | D6: 39114
A7: 펀드2호 | B7: 현금분배 | C7: 350000000 | D7: 39207
A8: 펀드2호 | B8: 현금분배 | C8: 400000000 | D8: 39239
A9: 펀드2호 | B9: 현금분배 | C9: 150000000 | D9: 39629
A10: 펀드2호 | B10: 현금분배 | C10: 130000000 | D10: 39660
A11: 펀드2호 | B11: 현금분배 | C11: 60000000 | D11: 39670
A12: 펀드2호 | B12: 현금분배 | C12: 1800000000 | D12: 39814
A13: 펀드2호 | B13: 현금분배 | C13: 400000000 | D13: 39965
A14: 펀드3호 | B14: 납입 | C14: -10000000000 | D14: 40633
A15: 펀드3호 | B15: 현금분배 | C15: ='2.3.제안사 펀드현황'!AJ11*10^6 -> 3.0750434e+09 | D15: 40909
A16: 펀드3호 | B16: 현금분배 | C16: ='2.3.제안사 펀드현황'!AJ12*10^6 -> 8344525651 | D16: 41791
A17: 펀드3호 | B17: 가상분배 | C17: ='2.3.제안사 펀드현황'!AJ13*10^6 -> 2020000000 | D17: =제안서작성기준일 -> 46022

Sheet 4.2.펀드 인력변경 이력
A1: 펀드명 | B1: 기재대상핵심인력 변경구분 | C1: 이름 | D1: 변경일자 | E1: 비고 | F1: 설립 | G1: 유출
A2: 펀드1호 | B2: 설립 | C2: 홍길동 | D2: 40909 | E2: 설립시(대표펀드매니저) | F2: =IF(B2="설립",1,0) -> 1 | G2: =IF(B2="유출",1,0) -> 0
A3: 펀드1호 | B3: 설립 | C3: 김영희 | D3: 40909 | E3: 설립시(핵심운용인력) | F3: =IF(B3="설립",1,0) -> 1 | G3: =IF(B3="유출",1,0) -> 0
A4: 펀드1호 | B4: 설립 | C4: 김영철 | D4: 40909 | E4: 설립시(핵심운용인력) | F4: =IF(B4="설립",1,0) -> 1 | G4: =IF(B4="유출",1,0) -> 0
A5: 펀드1호 | B5: 유출 | C5: 홍길동 | D5: 41275 | E5: 퇴사 | F5: =IF(B5="설립",1,0) -> 0 | G5: =IF(B5="유출",1,0) -> 1
A6: 펀드1호 | B6: 유입 | C6: 홍영희 | D6: 41275 | E6: 변경선임 | F6: =IF(B6="설립",1,0) -> 0 | G6: =IF(B6="유출",1,0) -> 0
A7: 펀드1호 | B7: 유출 | C7: 김영희 | D7: 41640 | E7: 퇴사 | F7: =IF(B7="설립",1,0) -> 0 | G7: =IF(B7="유출",1,0) -> 1
A8: 펀드1호 | B8: 유입 | C8: 김철수 | D8: 41640 | E8: 변경선임 | F8: =IF(B8="설립",1,0) -> 0 | G8: =IF(B8="유출",1,0) -> 0
A9: 펀드1호 | B9: 유출 | C9: 김영철 | D9: 42005 | E9: 퇴사 | F9: =IF(B9="설립",1,0) -> 0 | G9: =IF(B9="유출",1,0) -> 1
A10: 펀드1호 | B10: 유입 | C10: 홍영철 | D10: 42005 | E10: 변경선임 | F10: =IF(B10="설립",1,0) -> 0 | G10: =IF(B10="유출",1,0) -> 0
A11: 펀드1호 | B11: 유입 | C11: 이수지 | D11: 42370 | E11: 추가선임 | F11: =IF(B11="설립",1,0) -> 0 | G11: =IF(B11="유출",1,0) -> 0
A12: 펀드1호 | B12: 기타 | C12: 홍영희 | D12: 42370 | E12: 펀드내 변경(일반인력->대표펀드매니저) | F12: =IF(B12="설립",1,0) -> 0 | G12: =IF(B12="유출",1,0) -> 0
A13: 펀드1호 | B13: 청산시 또는 제안서기준일 | C13: 홍영희 | D13: 44196 | E13: 청산일 현재 | F13: =IF(B13="설립",1,0) -> 0 | G13: =IF(B13="유출",1,0) -> 0
... A19: 펀드2호 | B19: 설립 | C19: 김영철 | D19: 40909 | E19: 설립시(핵심운용인력) | F19: =IF(B19="설립",1,0) -> 1 | G19: =IF(B19="유출",1,0) -> 0
A20: 펀드2호 | B20: 청산시 또는 제안서기준일 | C20: 홍길동 | D20: 43100 | F20: =IF(B20="설립",1,0) -> 0 | G20: =IF(B20="유출",1,0) -> 0
A21: 펀드2호 | B21: 청산시 또는 제안서기준일 | C21: 김영희 | D21: 43100 | F21: =IF(B21="설립",1,0) -> 0 | G21: =IF(B21="유출",1,0) -> 0
A22: 펀드2호 | B22: 청산시 또는 제안서기준일 | C22: 김영철 | D22: 43100 | F22: =IF(B22="설립",1,0) -> 0 | G22: =IF(B22="유출",1,0) -> 0
A23: 펀드3호 | B23: 설립 | C23: 홍길동 | D23: 40909 | E23: 설립시(대표펀드매니저) | F23: =IF(B23="설립",1,0) -> 1 | G23: =IF(B23="유출",1,0) -> 0
A24: 펀드3호 | B24: 설립 | C24: 김영희 | D24: 40909 | E24: 설립시(핵심운용인력) | F24: =IF(B24="설립",1,0) -> 1 | G24: =IF(B24="유출",1,0) -> 0
A25: 펀드3호 | B25: 설립 | C25: 김영철 | D25: 40909 | E25: 설립시(핵심운용인력) | F25: =IF(B25="설립",1,0) -> 1 | G25: =IF(B25="유출",1,0) -> 0
A26: 펀드3호 | B26: 유출 | C26: 홍길동 | D26: 41275 | E26: 퇴사 | F26: =IF(B26="설립",1,0) -> 0 | G26: =IF(B26="유출",1,0) -> 1
A27: 펀드3호 | B27: 유입 | C27: 홍영희 | D27: 41275 | E27: 변경선임 | F27: =IF(B27="설립",1,0) -> 0 | G27: =IF(B27="유출",1,0) -> 0
A28: 펀드3호 | B28: 청산시 또는 제안서기준일 | C28: 홍영희 | D28: 44196 | F28: =IF(B28="설립",1,0) -> 0 | G28: =IF(B28="유출",1,0) -> 0
A29: 펀드3호 | B29: 청산시 또는 제안서기준일 | C29: 김영희 | D29: 44196 | F29: =IF(B29="설립",1,0) -> 0 | G29: =IF(B29="유출",1,0) -> 0
A30: 펀드3호 | B30: 청산시 또는 제안서기준일 | C30: 김영철 | D30: 44196 | F30: =IF(B30="설립",1,0) -> 0 | G30: =IF(B30="유출",1,0) -> 0
F31: =IF(B31="설립",1,0) -> 0 | G31: =IF(B31="유출",1,0) -> 0
F32: =IF(B32="설립",1,0) -> 0 | G32: =IF(B32="유출",1,0) -> 0
F33: =IF(B33="설립",1,0) -> 0 | G33: =IF(B33="유출",1,0) -> 0
F34: =IF(B34="설립",1,0) -> 0 | G34: =IF(B34="유출",1,0) -> 0
F35: =IF(B35="설립",1,0) -> 0 | G35: =IF(B35="유출",1,0) -> 0
F36: =IF(B36="설립",1,0) -> 0 | G36: =IF(B36="유출",1,0) -> 0
F37: =IF(B37="설립",1,0) -> 0 | G37: =IF(B37="유출",1,0) -> 0
F38: =IF(B38="설립",1,0) -> 0 | G38: =IF(B38="유출",1,0) -> 0
F39: =IF(B39="설립",1,0) -> 0 | G39: =IF(B39="유출",1,0) -> 0
F40: =IF(B40="설립",1,0) -> 0 | G40: =IF(B40="유출",1,0) -> 0
F41: =IF(B41="설립",1,0) -> 0 | G41: =IF(B41="유출",1,0) -> 0
F42: =IF(B42="설립",1,0) -> 0 | G42: =IF(B42="유출",1,0) -> 0
... F165: =IF(B165="설립",1,0) -> 0 | G165: =IF(B165="유출",1,0) -> 0
